Workbook
Name a: #REF!
Name a: #REF!
Name b: #REF!
Name b: #REF!
Name d: #REF!
Name d: #REF!
Name 栄養士: #REF!
Name 栄養士: 【様式５】職員数算出表!$BF$7:$BF$108
Name 家庭的保育: #REF!
Name 家庭的保育: #REF!
Name 概算交付申出書: #REF!
Name 概算交付申出書: #REF!
Name 学校医: #REF!
Name 学校医: [1]【様式５】職員数算出表!#REF!
Name 学校医: 【様式５】職員数算出表!#REF!
Name 教諭: #REF!
Name 教諭: #REF!
Name 教諭: #REF!
Name 業務委託: #REF!
Name 業務委託: 【様式５】職員数算出表!$BN$7:$BN$11
Name 区分１: #REF!
Name 区分１: #REF!
Name 区分２: #REF!
Name 区分２: #REF!
Name 区分３: #REF!
Name 区分３: #REF!
Name 公設民営: #REF!
Name 厚別区01私立01保育所: '施設状況(要更新)'!$AC$4:$AC$64
Name 厚別区01私立02幼稚園: '施設状況(要更新)'!$AZ$4:$AZ$64
Name 厚別区01私立03認定こども園: '施設状況(要更新)'!$BT$4:$BT$64
Name 厚別区01保育所: '施設状況(要更新)'!$AC$4:$AC$64
Name 厚別区03公立01保育所: '施設状況(要更新)'!$AO$4:$AO$64
Name 厚別区03公立02幼稚園: '施設状況(要更新)'!$BK$4:$BK$64
Name 厚別区04小規模A・B・C: '施設状況(要更新)'!$AC$4:$AC$10
Name 札幌市あけぼの保育園: '施設状況(要更新)'!$Z$4:$CY$4
Name 札幌市外01私立01保育所: '施設状況(要更新)'!$AI$4:$AI$64
Name 札幌市外01私立02幼稚園: '施設状況(要更新)'!$BF$4:$BF$64
Name 札幌市外01私立03認定こども園: '施設状況(要更新)'!$BZ$4:$BZ$64
Name 札幌市外01私立04小規模A・B・C: '施設状況(要更新)'!$CL$4:$CL$64
Name 札幌市外01私立06事業所内: '施設状況(要更新)'!$CZ$4:$CZ$64
Name 札幌市外02公設民営01保育所: '施設状況(要更新)'!$AL$4:$AL$64
Name 札幌市外03公立01保育所: '施設状況(要更新)'!$AU$4:$AU$64
Name 札幌市外03公立03認定こども園: '施設状況(要更新)'!$CB$4:$CB$64
Name 施設C: #REF!
Name 施設C: #REF!
Name 施設C: #REF!
Name 施設C: #REF!
Name 施設C: #REF!
Name 施設種別: #REF!
Name 施設長: #REF!
Name 施設長: 【様式５】職員数算出表!$AZ$7:$AZ$107
Name 事業所内保育: #REF!
Name 事業所内保育: #REF!
Name 事務員: #REF!
Name 事務員: 【様式５】職員数算出表!$BJ$7:$BJ$107
Name 手稲区01私立01保育所: '施設状況(要更新)'!$AH$4:$AH$64
Name 手稲区01私立02幼稚園: '施設状況(要更新)'!$BE$4:$BE$64
Name 手稲区01私立03認定こども園: '施設状況(要更新)'!$BY$4:$BY$64
Name 手稲区01私立04小規模A・B・C: '施設状況(要更新)'!$CK$4:$CK$64
Name 手稲区01私立05家庭的: '施設状況(要更新)'!$CT$4:$CT$64

Sheet 施設状況(要更新)
A1: 施設C | B1: 公私 | C1: 種別 | E1: 区 | F1: 施設・事業所名 | G1: 認定こども園認可定員内訳 | J1: 認可定員 | K1: 利用定員 | P1: 分園(内数)/従業員枠（外数） | S1: 施設C
C2: 1 | D2: 2 | G2: 1号 | H2: 2号 | I2: 3号 | K2: 1号 | L2: 2号 | M2: 3号（0歳） | N2: 3号（1･2歳） | O2: 3号合計 | P2: 合計 | Q2: （うち２号） | R2: 合計 | Y2: 1 | Z2: 2 | AA2: 3 | AB2: 4 | AC2: 5 | AD2: 6 | AE2: 7 | AF2: 8 | AG2: 9 | AH2: 10 | AI2: 11 | AJ2: 12 | AK2: 13 | AL2: 14 | AM2: 15 | AN2: 16 | AO2: 17 | AP2: 18 | AQ2: 19 | AR2: 20 | AS2: 21 | AT2: 22 | AU2: 23 | AV2: 24 | AW2: 25 | AX2: 26 | AY2: 27 | AZ2: 28 | BA2: 29 | BB2: 30 | BC2: 31 | BD2: 32 | BE2: 33 | BF2: 34 | BG2: 35 | BH2: 36 | BI2: 37 | BJ2: 38 | BK2: 39 | BL2: 40 | BM2: 41 | BN2: 42 | BO2: 43 | BP2: 44 | BQ2: 45 | BR2: 46 | BS2: 47 | BT2: 48 | BU2: 49 | BV2: 50 | BW2: 51 | BX2: 52 | BY2: 53 | BZ2: 54 | CA2: 55 | CB2: 56 | CC2: 57 | CD2: 58 | CE2: 59 | CF2: 60 | CG2: 61 | CH2: 62 | CI2: 63 | CJ2: 64 | CK2: 65 | CL2: 66 | CM2: 67 | CN2: 68 | CO2: 69 | CP2: 70 | CQ2: 71 | CR2: 72 | CS2: 73 | CT2: 74 | CU2: 75 | CV2: 76 | CW2: 77 | CX2: 78 | CY2: 79 | CZ2: 80 | DA2: 81 | DB2: 82 | DC2: 83 | DD2: 84 | DE2: 85 | DF2: 86 | DG2: 87 | DH2: 88 | DI2: 89 | DJ2: 90
A3: ソート① | B3: 列1 | C3: ソート② | D3: 列2 | E3: 列3 | F3: 列4 | G3: 列5 | H3: 列6 | I3: 列7 | J3: 列8 | K3: 列9 | L3: 列10 | M3: 列11 | N3: 列12 | O3: 列13 | P3: 列132 | Q3: 列133 | R3: 列14 | W3: 施設名 | Y3: =VLOOKUP(Y2,$U$4:$V$700,2,FALSE) -> 中央区04小規模A・B・C | Z3: =VLOOKUP(Z2,$U$4:$V$700,2,FALSE) -> 北区04小規模A・B・C | AA3: =VLOOKUP(AA2,$U$4:$V$700,2,FALSE) -> 東区04小規模A・B・C | AB3: =VLOOKUP(AB2,$U$4:$V$700,2,FALSE) -> 白石区04小規模A・B・C | AC3: =VLOOKUP(AC2,$U$4:$V$700,2,FALSE) -> 厚別区04小規模A・B・C | AD3: =VLOOKUP(AD2,$U$4:$V$700,2,FALSE) -> 豊平区04小規模A・B・C | AE3: =VLOOKUP(AE2,$U$4:$V$700,2,FALSE) -> 清田区04小規模A・B・C | AF3: =VLOOKUP(AF2,$U$4:$V$700,2,FALSE) -> 南区04小規模A・B・C | ... AN3: =VLOOKUP(AN2,$U$4:$V$700,2,FALSE)
A4: 0 | B4: 01私立 | C4: 04小規模A・B・C | D4: Ａ | E4: 中央区 | F4: 札幌市未来局保育園【例】 | G4: 0 | H4: 0 | I4: 0 | J4: 19 | K4: 0 | L4: 0 | M4: 6 | N4: 13 | O4: =SUM(テーブル1[[#This Row],[列11]:[列12]]) -> 19 | P4: 0 | R4: =SUM(K4,L4,O4,P4) -> 19 | S4: =A4 -> 0 | T4: =COUNTIF($V$4:V4,V4) -> 1 | U4: =IF(T4=1,COUNTIF($T$4:T4,1),"") -> 1 | V4: ='施設状況(要更新)'!$E4&'施設状況(要更新)'!$C4 -> 中央区04小規模A・B・C | W4: ='施設状況(要更新)'!$F4 -> 札幌市未来局保育園【例】
A5: 100039 | B5: 01私立 | C5: 04小規模A・B・C | D5: Ａ | E5: 中央区 | F5: たからの杜円山保育園 | J5: 19 | K5: 0 | L5: 0 | M5: 3 | N5: 9 | O5: =SUM(テーブル1[[#This Row],[列11]:[列12]]) -> 12 | R5: =SUM(K5,L5,O5,P5) -> 12 | S5: =A5 -> 100039 | T5: =COUNTIF($V$4:V5,V5) -> 2 | U5: =IF(T5=1,COUNTIF($T$4:T5,1),"") | V5: ='施設状況(要更新)'!$E5&'施設状況(要更新)'!$C5 -> 中央区04小規模A・B・C | W5: ='施設状況(要更新)'!$F5 -> たからの杜円山保育園 | X5: 1 | Y5: =IFERROR(INDEX($T$4:$W$700,MATCH($X5&Y$3,INDEX($T$4:$T$700&$V$4:$V$700,),0),MATCH("施設名",$T$3:$W$3,0)),"") -> 札幌市未来局保育園【例】 | Z5: =IFERROR(INDEX($T$4:$W$700,MATCH($X5&Z$3,INDEX($T$4:$T$700&$V$4:$V$700,),0),MATCH("施設名",$T$3:$W$3,0)),"") -> アンジェロ保育園 | AA5: =IFERROR(INDEX($T$4:$W$700,MATCH($X5&AA$3,INDEX($T$4:$T$700&$V$4:$V$700,),0),MATCH("施設名",$T$3:$W$3,0)),"") -> あいあい保育園 | AB5: =IFERROR(INDEX($T$4:$W$700,MATCH($X5&AB$3,INDEX($T$4:$T$700&$V$4:$V$700,),0),MATCH("施設名",$T$3:$W$3,0)),"") -> ぴっころきっず白石駅前 | AC5: =IFERROR(INDEX($T$4:$W$700,MATCH($X5&AC$3,INDEX($T$4:$T$700&$V$4:$V$700,),0),MATCH("施設名",$T$3:$W$3,0)),"") -> サクラ保育園厚別西 | AD5: =IFERROR(INDEX($T$4:$W$700,MATCH($X5&AD$3,INDEX($T$4:$T$700&$V$4:$V$700,),0),MATCH("施設名",$T$3:$W$3,0)),"") -> ちびっこ保育るーむ札幌ドーム前園 | AE5: =IFERROR(INDEX($T$4:$W$700,MATCH($X5&AE$3,INDEX($T$4:$T$700&$V$4:$V$700,),0),MATCH("施設名",$T$3:$W$3,0)),"") -> さくら乳児保育園 | AF5: =IFERROR(INDEX($T$4:$W$700,MATCH($X5&AF$3,INDEX($T$4:$T$700&$V$4:$V$700,),0),MATCH("施設名",$T$3:$W$3,0)),"") -> 札幌市南区保育・子育て支援センター | ... AN5: =IFERROR(INDEX($T$4:$W$700,MATCH($X5&AN$3,INDEX($T$4:$T$700&$V$4:$V$700,),0),MATCH("施設名",$T$3:$W$3,0)),"") -> 0
A6: 100043 | B6: 01私立 | C6: 04小規模A・B・C | D6: Ａ | E6: 中央区 | F6: さら～れ保育園 | J6: 18 | K6: 0 | L6: 0 | M6: 3 | N6: 15 | O6: =SUM(テーブル1[[#This Row],[列11]:[列12]]) -> 18 | R6: =SUM(K6,L6,O6,P6) -> 18 | S6: =A6 -> 100043 | T6: =COUNTIF($V$4:V6,V6) -> 3 | U6: =IF(T6=1,COUNTIF($T$4:T6,1),"") | V6: ='施設状況(要更新)'!$E6&'施設状況(要更新)'!$C6 -> 中央区04小規模A・B・C | W6: ='施設状況(要更新)'!$F6 -> さら～れ保育園 | X6: 2 | Y6: =IFERROR(INDEX($T$4:$W$700,MATCH($X6&Y$3,INDEX($T$4:$T$700&$V$4:$V$700,),0),MATCH("施設名",$T$3:$W$3,0)),"") -> たからの杜円山保育園 | Z6: =IFERROR(INDEX($T$4:$W$700,MATCH($X6&Z$3,INDEX($T$4:$T$700&$V$4:$V$700,),0),MATCH("施設名",$T$3:$W$3,0)),"") -> おーるまいてぃ屯田保育室 | AA6: =IFERROR(INDEX($T$4:$W$700,MATCH($X6&AA$3,INDEX($T$4:$T$700&$V$4:$V$700,),0),MATCH("施設名",$T$3:$W$3,0)),"") -> ぴっころきっず元町 | AB6: =IFERROR(INDEX($T$4:$W$700,MATCH($X6&AB$3,INDEX($T$4:$T$700&$V$4:$V$700,),0),MATCH("施設名",$T$3:$W$3,0)),"") -> 保育室すまいる | AC6: =IFERROR(INDEX($T$4:$W$700,MATCH($X6&AC$3,INDEX($T$4:$T$700&$V$4:$V$700,),0),MATCH("施設名",$T$3:$W$3,0)),"") -> はぐくみ園厚別 | AD6: =IFERROR(INDEX($T$4:$W$700,MATCH($X6&AD$3,INDEX($T$4:$T$700&$V$4:$V$700,),0),MATCH("施設名",$T$3:$W$3,0)),"") -> ちびっこ保育ルーム平岸ひまわり園 | AE6: =IFERROR(INDEX($T$4:$W$700,MATCH($X6&AE$3,INDEX($T$4:$T$700&$V$4:$V$700,),0),MATCH("施設名",$T$3:$W$3,0)),"") -> よつば保育園 | AF6: =IFERROR(INDEX($T$4:$W$700,MATCH($X6&AF$3,INDEX($T$4:$T$700&$V$4:$V$700,),0),MATCH("施設名",$T$3:$W$3,0)),"") -> ひろのぶ乳児保育園 | ... AN6: =IFERROR(INDEX($T$4:$W$700,MATCH($X6&AN$3,INDEX($T$4:$T$700&$V$4:$V$700,),0),MATCH("施設名",$T$3:$W$3,0)),"") -> 0
A7: 100100 | B7: 01私立 | C7: 04小規模A・B・C | D7: Ａ | E7: 中央区 | F7: 保育園こころん | J7: 11 | K7: 0 | L7: 0 | M7: 3 | N7: 8 | O7: =SUM(テーブル1[[#This Row],[列11]:[列12]]) -> 11 | R7: =SUM(K7,L7,O7,P7) -> 11 | S7: =A7 -> 100100 | T7: =COUNTIF($V$4:V7,V7) -> 4 | U7: =IF(T7=1,COUNTIF($T$4:T7,1),"") | V7: ='施設状況(要更新)'!$E7&'施設状況(要更新)'!$C7 -> 中央区04小規模A・B・C | W7: ='施設状況(要更新)'!$F7 -> 保育園こころん | X7: 3 | Y7: =IFERROR(INDEX($T$4:$W$700,MATCH($X7&Y$3,INDEX($T$4:$T$700&$V$4:$V$700,),0),MATCH("施設名",$T$3:$W$3,0)),"") -> さら～れ保育園 | Z7: =IFERROR(INDEX($T$4:$W$700,MATCH($X7&Z$3,INDEX($T$4:$T$700&$V$4:$V$700,),0),MATCH("施設名",$T$3:$W$3,0)),"") -> 新琴似にじのいろ保育園 | AA7: =IFERROR(INDEX($T$4:$W$700,MATCH($X7&AA$3,INDEX($T$4:$T$700&$V$4:$V$700,),0),MATCH("施設名",$T$3:$W$3,0)),"") -> びくとりー保育園 | AB7: =IFERROR(INDEX($T$4:$W$700,MATCH($X7&AB$3,INDEX($T$4:$T$700&$V$4:$V$700,),0),MATCH("施設名",$T$3:$W$3,0)),"") -> ぴっころきっず東札幌 | AC7: =IFERROR(INDEX($T$4:$W$700,MATCH($X7&AC$3,INDEX($T$4:$T$700&$V$4:$V$700,),0),MATCH("施設名",$T$3:$W$3,0)),"") -> みんなのナーサリー | AD7: =IFERROR(INDEX($T$4:$W$700,MATCH($X7&AD$3,INDEX($T$4:$T$700&$V$4:$V$700,),0),MATCH("施設名",$T$3:$W$3,0)),"") -> 太陽こころナーサリー平岸 | AE7: =IFERROR(INDEX($T$4:$W$700,MATCH($X7&AE$3,INDEX($T$4:$T$700&$V$4:$V$700,),0),MATCH("施設名",$T$3:$W$3,0)),"") -> いちご乳児保育園 | AF7: =IFERROR(INDEX($T$4:$W$700,MATCH($X7&AF$3,INDEX($T$4:$T$700&$V$4:$V$700,),0),MATCH("施設名",$T$3:$W$3,0)),"") -> ふじのバンビーニ保育園 | ... AN7: =IFERROR(INDEX($T$4:$W$700,MATCH($X7&AN$3,INDEX($T$4:$T$700&$V$4:$V$700,),0),MATCH("施設名",$T$3:$W$3,0)),"") -> 0
A8: 100057 | B8: 01私立 | C8: 04小規模A・B・C | D8: Ａ | E8: 中央区 | F8: こどもプラザ青い鳥円山園 | J8: 19 | K8: 0 | L8: 0 | M8: 6 | N8: 13 | O8: =SUM(テーブル1[[#This Row],[列11]:[列12]]) -> 19 | R8: =SUM(K8,L8,O8,P8) -> 19 | S8: =A8 -> 100057 | T8: =COUNTIF($V$4:V8,V8) -> 5 | U8: =IF(T8=1,COUNTIF($T$4:T8,1),"") | V8: ='施設状況(要更新)'!$E8&'施設状況(要更新)'!$C8 -> 中央区04小規模A・B・C | W8: ='施設状況(要更新)'!$F8 -> こどもプラザ青い鳥円山園 | X8: 4 | Y8: =IFERROR(INDEX($T$4:$W$700,MATCH($X8&Y$3,INDEX($T$4:$T$700&$V$4:$V$700,),0),MATCH("施設名",$T$3:$W$3,0)),"") -> 保育園こころん | Z8: =IFERROR(INDEX($T$4:$W$700,MATCH($X8&Z$3,INDEX($T$4:$T$700&$V$4:$V$700,),0),MATCH("施設名",$T$3:$W$3,0)),"") -> 美友希保育園 | AA8: =IFERROR(INDEX($T$4:$W$700,MATCH($X8&AA$3,INDEX($T$4:$T$700&$V$4:$V$700,),0),MATCH("施設名",$T$3:$W$3,0)),"") -> あうら乳児保育園 | AB8: =IFERROR(INDEX($T$4:$W$700,MATCH($X8&AB$3,INDEX($T$4:$T$700&$V$4:$V$700,),0),MATCH("施設名",$T$3:$W$3,0)),"") -> 大藤子ども園ほんごう館 | AC8: =IFERROR(INDEX($T$4:$W$700,MATCH($X8&AC$3,INDEX($T$4:$T$700&$V$4:$V$700,),0),MATCH("施設名",$T$3:$W$3,0)),"") -> サクラ保育園上野幌 | AD8: =IFERROR(INDEX($T$4:$W$700,MATCH($X8&AD$3,INDEX($T$4:$T$700&$V$4:$V$700,),0),MATCH("施設名",$T$3:$W$3,0)),"") -> あんあん保育園平岸ルーム | AE8: =IFERROR(INDEX($T$4:$W$700,MATCH($X8&AE$3,INDEX($T$4:$T$700&$V$4:$V$700,),0),MATCH("施設名",$T$3:$W$3,0)),"") -> くるみ乳児保育園 | AF8: =IFERROR(INDEX($T$4:$W$700,MATCH($X8&AF$3,INDEX($T$4:$T$700&$V$4:$V$700,),0),MATCH("施設名",$T$3:$W$3,0)),"") -> りとるkid'sクラブ自衛隊前ルーム | ... AN8: =IFERROR(INDEX($T$4:$W$700,MATCH($X8&AN$3,INDEX($T$4:$T$700&$V$4:$V$700,),0),MATCH("施設名",$T$3:$W$3,0)),"") -> 0
A9: 100058 | B9: 01私立 | C9: 04小規模A・B・C | D9: Ａ | E9: 中央区 | F9: ぴっころきっず円山公園 | J9: 19 | K9: 0 | L9: 0 | M9: 2 | N9: 10 | O9: =SUM(テーブル1[[#This Row],[列11]:[列12]]) -> 12 | R9: =SUM(K9,L9,O9,P9) -> 12 | S9: =A9 -> 100058 | T9: =COUNTIF($V$4:V9,V9) -> 6 | U9: =IF(T9=1,COUNTIF($T$4:T9,1),"") | V9: ='施設状況(要更新)'!$E9&'施設状況(要更新)'!$C9 -> 中央区04小規模A・B・C | W9: ='施設状況(要更新)'!$F9 -> ぴっころきっず円山公園 | X9: 5 | Y9: =IFERROR(INDEX($T$4:$W$700,MATCH($X9&Y$3,INDEX($T$4:$T$700&$V$4:$V$700,),0),MATCH("施設名",$T$3:$W$3,0)),"") -> こどもプラザ青い鳥円山園 | Z9: =IFERROR(INDEX($T$4:$W$700,MATCH($X9&Z$3,INDEX($T$4:$T$700&$V$4:$V$700,),0),MATCH("施設名",$T$3:$W$3,0)),"") -> バンビ保育園 | AA9: =IFERROR(INDEX($T$4:$W$700,MATCH($X9&AA$3,INDEX($T$4:$T$700&$V$4:$V$700,),0),MATCH("施設名",$T$3:$W$3,0)),"") -> すこやか保育園北海道 | AB9: =IFERROR(INDEX($T$4:$W$700,MATCH($X9&AB$3,INDEX($T$4:$T$700&$V$4:$V$700,),0),MATCH("施設名",$T$3:$W$3,0)),"") -> 大藤子ども園しらかば館 | AC9: =IFERROR(INDEX($T$4:$W$700,MATCH($X9&AC$3,INDEX($T$4:$T$700&$V$4:$V$700,),0),MATCH("施設名",$T$3:$W$3,0)),"") -> ひばりが丘あんさんぶる保育園 | AD9: =IFERROR(INDEX($T$4:$W$700,MATCH($X9&AD$3,INDEX($T$4:$T$700&$V$4:$V$700,),0),MATCH("施設名",$T$3:$W$3,0)),"") -> 美晴の家保育園 | AE9: =IFERROR(INDEX($T$4:$W$700,MATCH($X9&AE$3,INDEX($T$4:$T$700&$V$4:$V$700,),0),MATCH("施設名",$T$3:$W$3,0)),"") -> まんまる保育園 | AF9: =IFERROR(INDEX($T$4:$W$700,MATCH($X9&AF$3,INDEX($T$4:$T$700&$V$4:$V$700,),0),MATCH("施設名",$T$3:$W$3,0)),"") -> ふれ愛澄川南保育園 | ... AN9: =IFERROR(INDEX($T$4:$W$700,MATCH($X9&AN$3,INDEX($T$4:$T$700&$V$4:$V$700,),0),MATCH("施設名",$T$3:$W$3,0)),"") -> 0
A10: 100059 | B10: 01私立 | C10: 04小規模A・B・C | D10: Ａ | E10: 中央区 | F10: ぴっころきっず円山裏参道 | J10: 19 | K10: 0 | L10: 0 | M10: 1 | N10: 11 | O10: =SUM(テーブル1[[#This Row],[列11]:[列12]]) -> 12 | R10: =SUM(K10,L10,O10,P10) -> 12 | S10: =A10 -> 100059 | T10: =COUNTIF($V$4:V10,V10) -> 7 | U10: =IF(T10=1,COUNTIF($T$4:T10,1),"") | V10: ='施設状況(要更新)'!$E10&'施設状況(要更新)'!$C10 -> 中央区04小規模A・B・C | W10: ='施設状況(要更新)'!$F10 -> ぴっころきっず円山裏参道 | X10: 6 | Y10: =IFERROR(INDEX($T$4:$W$700,MATCH($X10&Y$3,INDEX($T$4:$T$700&$V$4:$V$700,),0),MATCH("施設名",$T$3:$W$3,0)),"") -> ぴっころきっず円山公園 | Z10: =IFERROR(INDEX($T$4:$W$700,MATCH($X10&Z$3,INDEX($T$4:$T$700&$V$4:$V$700,),0),MATCH("施設名",$T$3:$W$3,0)),"") -> 北２４条はぐはぐ乳児保育園 | AA10: =IFERROR(INDEX($T$4:$W$700,MATCH($X10&AA$3,INDEX($T$4:$T$700&$V$4:$V$700,),0),MATCH("施設名",$T$3:$W$3,0)),"") -> おりーぶべりー保育園 | AB10: =IFERROR(INDEX($T$4:$W$700,MATCH($X10&AB$3,INDEX($T$4:$T$700&$V$4:$V$700,),0),MATCH("施設名",$T$3:$W$3,0)),"") -> にこまるえん東白石 | AC10: =IFERROR(INDEX($T$4:$W$700,MATCH($X10&AC$3,INDEX($T$4:$T$700&$V$4:$V$700,),0),MATCH("施設名",$T$3:$W$3,0)),"") -> 厚別西クレヨン保育園 | AD10: =IFERROR(INDEX($T$4:$W$700,MATCH($X10&AD$3,INDEX($T$4:$T$700&$V$4:$V$700,),0),MATCH("施設名",$T$3:$W$3,0)),"") -> ナーサリーゆめの木 | AE10: =IFERROR(INDEX($T$4:$W$700,MATCH($X10&AE$3,INDEX($T$4:$T$700&$V$4:$V$700,),0),MATCH("施設名",$T$3:$W$3,0)),"") -> 小規模保育園mirea | AF10: =IFERROR(INDEX($T$4:$W$700,MATCH($X10&AF$3,INDEX($T$4:$T$700&$V$4:$V$700,),0),MATCH("施設名",$T$3:$W$3,0)),"") -> 木育こどもの家藤野園 | ... AN10: =IFERROR(INDEX($T$4:$W$700,MATCH($X10&AN$3,INDEX($T$4:$T$700&$V$4:$V$700,),0),MATCH("施設名",$T$3:$W$3,0)),"") -> 0
A11: 100061 | B11: 01私立 | C11: 04小規模A・B・C | D11: Ａ | E11: 中央区 | F11: 伏見すみれ保育園 | J11: 19 | K11: 0 | L11: 0 | M11: 3 | N11: 16 | O11: =SUM(テーブル1[[#This Row],[列11]:[列12]]) -> 19 | R11: =SUM(K11,L11,O11,P11) -> 19 | S11: =A11 -> 100061 | T11: =COUNTIF($V$4:V11,V11) -> 8 | U11: =IF(T11=1,COUNTIF($T$4:T11,1),"") | V11: ='施設状況(要更新)'!$E11&'施設状況(要更新)'!$C11 -> 中央区04小規模A・B・C | W11: ='施設状況(要更新)'!$F11 -> 伏見すみれ保育園 | X11: 7 | Y11: =IFERROR(INDEX($T$4:$W$700,MATCH($X11&Y$3,INDEX($T$4:$T$700&$V$4:$V$700,),0),MATCH("施設名",$T$3:$W$3,0)),"") -> ぴっころきっず円山裏参道 | Z11: =IFERROR(INDEX($T$4:$W$700,MATCH($X11&Z$3,INDEX($T$4:$T$700&$V$4:$V$700,),0),MATCH("施設名",$T$3:$W$3,0)),"") -> 太平桜の花保育園 | AA11: =IFERROR(INDEX($T$4:$W$700,MATCH($X11&AA$3,INDEX($T$4:$T$700&$V$4:$V$700,),0),MATCH("施設名",$T$3:$W$3,0)),"") -> 栄町みつばち保育園 | AB11: =IFERROR(INDEX($T$4:$W$700,MATCH($X11&AB$3,INDEX($T$4:$T$700&$V$4:$V$700,),0),MATCH("施設名",$T$3:$W$3,0)),"") -> 保育ママだんだん | AC11: =IFERROR(INDEX($T$4:$W$700,MATCH($X11&AC$3,INDEX($T$4:$T$700&$V$4:$V$700,),0),MATCH("施設名",$T$3:$W$3,0)),"") | AD11: =IFERROR(INDEX($T$4:$W$700,MATCH($X11&AD$3,INDEX($T$4:$T$700&$V$4:$V$700,),0),MATCH("施設名",$T$3:$W$3,0)),"") -> ペガサス | AE11: =IFERROR(INDEX($T$4:$W$700,MATCH($X11&AE$3,INDEX($T$4:$T$700&$V$4:$V$700,),0),MATCH("施設名",$T$3:$W$3,0)),"") | AF11: =IFERROR(INDEX($T$4:$W$700,MATCH($X11&AF$3,INDEX($T$4:$T$700&$V$4:$V$700,),0),MATCH("施設名",$T$3:$W$3,0)),"") -> 澄川いちご保育園 | ... AN11: =IFERROR(INDEX($T$4:$W$700,MATCH($X11&AN$3,INDEX($T$4:$T$700&$V$4:$V$700,),0),MATCH("施設名",$T$3:$W$3,0)),"") -> 0
A12: 100076 | B12: 01私立 | C12: 04小規模A・B・C | D12: Ａ | E12: 中央区 | F12: カトリック聖園てんしのおうち | J12: 19 | K12: 0 | L12: 0 | M12: 3 | N12: 16 | O12: =SUM(テーブル1[[#This Row],[列11]:[列12]]) -> 19 | R12: =SUM(K12,L12,O12,P12) -> 19 | S12: =A12 -> 100076 | T12: =COUNTIF($V$4:V12,V12) -> 9 | U12: =IF(T12=1,COUNTIF($T$4:T12,1),"") | V12: ='施設状況(要更新)'!$E12&'施設状況(要更新)'!$C12 -> 中央区04小規模A・B・C | W12: ='施設状況(要更新)'!$F12 -> カトリック聖園てんしのおうち | X12: 8 | Y12: =IFERROR(INDEX($T$4:$W$700,MATCH($X12&Y$3,INDEX($T$4:$T$700&$V$4:$V$700,),0),MATCH("施設名",$T$3:$W$3,0)),"") -> 伏見すみれ保育園 | Z12: =IFERROR(INDEX($T$4:$W$700,MATCH($X12&Z$3,INDEX($T$4:$T$700&$V$4:$V$700,),0),MATCH("施設名",$T$3:$W$3,0)),"") -> 麻生アンジェロ保育園 | AA12: =IFERROR(INDEX($T$4:$W$700,MATCH($X12&AA$3,INDEX($T$4:$T$700&$V$4:$V$700,),0),MATCH("施設名",$T$3:$W$3,0)),"") -> あうら元町乳児保育園 | AB12: =IFERROR(INDEX($T$4:$W$700,MATCH($X12&AB$3,INDEX($T$4:$T$700&$V$4:$V$700,),0),MATCH("施設名",$T$3:$W$3,0)),"") -> 白石よつば保育園 | AC12: =IFERROR(INDEX($T$4:$W$700,MATCH($X12&AC$3,INDEX($T$4:$T$700&$V$4:$V$700,),0),MATCH("施設名",$T$3:$W$3,0)),"") | AD12: =IFERROR(INDEX($T$4:$W$700,MATCH($X12&AD$3,INDEX($T$4:$T$700&$V$4:$V$700,),0),MATCH("施設名",$T$3:$W$3,0)),"") -> 札幌じけい保育園 | AE12: =IFERROR(INDEX($T$4:$W$700,MATCH($X12&AE$3,INDEX($T$4:$T$700&$V$4:$V$700,),0),MATCH("施設名",$T$3:$W$3,0)),"") | AF12: =IFERROR(INDEX($T$4:$W$700,MATCH($X12&AF$3,INDEX($T$4:$T$700&$V$4:$V$700,),0),MATCH("施設名",$T$3:$W$3,0)),"") -> 澄川まんまる保育園 | ... AN12: =IFERROR(INDEX($T$4:$W$700,MATCH($X12&AN$3,INDEX($T$4:$T$700&$V$4:$V$700,),0),MATCH("施設名",$T$3:$W$3,0)),"") -> 0
A13: 100060 | B13: 01私立 | C13: 04小規模A・B・C | D13: Ａ | E13: 中央区 | F13: おーるまいてぃ円山保育室 | J13: 12 | K13: 0 | L13: 0 | M13: 4 | N13: 8 | O13: =SUM(テーブル1[[#This Row],[列11]:[列12]]) -> 12 | R13: =SUM(K13,L13,O13,P13) -> 12 | S13: =A13 -> 100060 | T13: =COUNTIF($V$4:V13,V13) -> 10 | U13: =IF(T13=1,COUNTIF($T$4:T13,1),"") | V13: ='施設状況(要更新)'!$E13&'施設状況(要更新)'!$C13 -> 中央区04小規模A・B・C | W13: ='施設状況(要更新)'!$F13 -> おーるまいてぃ円山保育室 | X13: 9 | Y13: =IFERROR(INDEX($T$4:$W$700,MATCH($X13&Y$3,INDEX($T$4:$T$700&$V$4:$V$700,),0),MATCH("施設名",$T$3:$W$3,0)),"") -> カトリック聖園てんしのおうち | Z13: =IFERROR(INDEX($T$4:$W$700,MATCH($X13&Z$3,INDEX($T$4:$T$700&$V$4:$V$700,),0),MATCH("施設名",$T$3:$W$3,0)),"") -> プチトマト保育室 | AA13: =IFERROR(INDEX($T$4:$W$700,MATCH($X13&AA$3,INDEX($T$4:$T$700&$V$4:$V$700,),0),MATCH("施設名",$T$3:$W$3,0)),"") -> 苗穂みらいのたね | AB13: =IFERROR(INDEX($T$4:$W$700,MATCH($X13&AB$3,INDEX($T$4:$T$700&$V$4:$V$700,),0),MATCH("施設名",$T$3:$W$3,0)),"") -> にこまるえん南郷 | AC13: =IFERROR(INDEX($T$4:$W$700,MATCH($X13&AC$3,INDEX($T$4:$T$700&$V$4:$V$700,),0),MATCH("施設名",$T$3:$W$3,0)),"") | AD13: =IFERROR(INDEX($T$4:$W$700,MATCH($X13&AD$3,INDEX($T$4:$T$700&$V$4:$V$700,),0),MATCH("施設名",$T$3:$W$3,0)),"") -> 美園よつば保育園 | AE13: =IFERROR(INDEX($T$4:$W$700,MATCH($X13&AE$3,INDEX($T$4:$T$700&$V$4:$V$700,),0),MATCH("施設名",$T$3:$W$3,0)),"") | AF13: =IFERROR(INDEX($T$4:$W$700,MATCH($X13&AF$3,INDEX($T$4:$T$700&$V$4:$V$700,),0),MATCH("施設名",$T$3:$W$3,0)),"") -> ちゅうわ南保育園 | ... AN13: =IFERROR(INDEX($T$4:$W$700,MATCH($X13&AN$3,INDEX($T$4:$T$700&$V$4:$V$700,),0),MATCH("施設名",$T$3:$W$3,0)),"") -> 0
A14: 100072 | B14: 01私立 | C14: 04小規模A・B・C | D14: Ａ | E14: 中央区 | F14: 札幌モンテッソーリこどもの家 | J14: 14 | K14: 0 | L14: 0 | M14: 2 | N14: 10 | O14: =SUM(テーブル1[[#This Row],[列11]:[列12]]) -> 12 | R14: =SUM(K14,L14,O14,P14) -> 12 | S14: =A14 -> 100072 | T14: =COUNTIF($V$4:V14,V14) -> 11 | U14: =IF(T14=1,COUNTIF($T$4:T14,1),"") | V14: ='施設状況(要更新)'!$E14&'施設状況(要更新)'!$C14 -> 中央区04小規模A・B・C | W14: ='施設状況(要更新)'!$F14 -> 札幌モンテッソーリこどもの家 | X14: 10 | Y14: =IFERROR(INDEX($T$4:$W$700,MATCH($X14&Y$3,INDEX($T$4:$T$700&$V$4:$V$700,),0),MATCH("施設名",$T$3:$W$3,0)),"") -> おーるまいてぃ円山保育室 | Z14: =IFERROR(INDEX($T$4:$W$700,MATCH($X14&Z$3,INDEX($T$4:$T$700&$V$4:$V$700,),0),MATCH("施設名",$T$3:$W$3,0)),"") -> オリオン | AA14: =IFERROR(INDEX($T$4:$W$700,MATCH($X14&AA$3,INDEX($T$4:$T$700&$V$4:$V$700,),0),MATCH("施設名",$T$3:$W$3,0)),"") -> こくあの彩保育園 | AB14: =IFERROR(INDEX($T$4:$W$700,MATCH($X14&AB$3,INDEX($T$4:$T$700&$V$4:$V$700,),0),MATCH("施設名",$T$3:$W$3,0)),"") -> もりのなかま保育園菊水元町園 | AC14: =IFERROR(INDEX($T$4:$W$700,MATCH($X14&AC$3,INDEX($T$4:$T$700&$V$4:$V$700,),0),MATCH("施設名",$T$3:$W$3,0)),"") | AD14: =IFERROR(INDEX($T$4:$W$700,MATCH($X14&AD$3,INDEX($T$4:$T$700&$V$4:$V$700,),0),MATCH("施設名",$T$3:$W$3,0)),"") -> 平岸オレンジ保育園 | AE14: =IFERROR(INDEX($T$4:$W$700,MATCH($X14&AE$3,INDEX($T$4:$T$700&$V$4:$V$700,),0),MATCH("施設名",$T$3:$W$3,0)),"") | AF14: =IFERROR(INDEX($T$4:$W$700,MATCH($X14&AF$3,INDEX($T$4:$T$700&$V$4:$V$700,),0),MATCH("施設名",$T$3:$W$3,0)),"") -> Ｓ．Ｔ．ナーサリーＳＣＨＯＯＬ藤野 | ... AN14: =IFERROR(INDEX($T$4:$W$700,MATCH($X14&AN$3,INDEX($T$4:$T$700&$V$4:$V$700,),0),MATCH("施設名",$T$3:$W$3,0)),"") -> 0
A15: 100047 | B15: 01私立 | C15: 04小規模A・B・C | D15: Ａ | E15: 中央区 | F15: 保育室ぱすてる | J15: 10 | K15: 0 | L15: 0 | M15: 3 | N15: 7 | O15: =SUM(テーブル1[[#This Row],[列11]:[列12]]) -> 10 | R15: =SUM(K15,L15,O15,P15) -> 10 | S15: =A15 -> 100047 | T15: =COUNTIF($V$4:V15,V15) -> 12 | U15: =IF(T15=1,COUNTIF($T$4:T15,1),"") | V15: ='施設状況(要更新)'!$E15&'施設状況(要更新)'!$C15 -> 中央区04小規模A・B・C | W15: ='施設状況(要更新)'!$F15 -> 保育室ぱすてる | X15: 11 | Y15: =IFERROR(INDEX($T$4:$W$700,MATCH($X15&Y$3,INDEX($T$4:$T$700&$V$4:$V$700,),0),MATCH("施設名",$T$3:$W$3,0)),"") -> 札幌モンテッソーリこどもの家 | Z15: =IFERROR(INDEX($T$4:$W$700,MATCH($X15&Z$3,INDEX($T$4:$T$700&$V$4:$V$700,),0),MATCH("施設名",$T$3:$W$3,0)),"") -> 木育こどもの家屯田園 | AA15: =IFERROR(INDEX($T$4:$W$700,MATCH($X15&AA$3,INDEX($T$4:$T$700&$V$4:$V$700,),0),MATCH("施設名",$T$3:$W$3,0)),"") -> カシオペア | AB15: =IFERROR(INDEX($T$4:$W$700,MATCH($X15&AB$3,INDEX($T$4:$T$700&$V$4:$V$700,),0),MATCH("施設名",$T$3:$W$3,0)),"") -> ちゅうわ南郷保育園 | AC15: =IFERROR(INDEX($T$4:$W$700,MATCH($X15&AC$3,INDEX($T$4:$T$700&$V$4:$V$700,),0),MATCH("施設名",$T$3:$W$3,0)),"") | AD15: =IFERROR(INDEX($T$4:$W$700,MATCH($X15&AD$3,INDEX($T$4:$T$700&$V$4:$V$700,),0),MATCH("施設名",$T$3:$W$3,0)),"") -> えとわーる保育園 | AE15: =IFERROR(INDEX($T$4:$W$700,MATCH($X15&AE$3,INDEX($T$4:$T$700&$V$4:$V$700,),0),MATCH("施設名",$T$3:$W$3,0)),"") | AF15: =IFERROR(INDEX($T$4:$W$700,MATCH($X15&AF$3,INDEX($T$4:$T$700&$V$4:$V$700,),0),MATCH("施設名",$T$3:$W$3,0)),"") | ... AN15: =IFERROR(INDEX($T$4:$W$700,MATCH($X15&AN$3,INDEX($T$4:$T$700&$V$4:$V$700,),0),MATCH("施設名",$T$3:$W$3,0)),"") -> 0
A16: 100071 | B16: 01私立 | C16: 04小規模A・B・C | D16: Ａ | E16: 中央区 | F16: ぴっころきっず中島公園 | J16: 19 | K16: 0 | L16: 0 | M16: 3 | N16: 9 | O16: =SUM(テーブル1[[#This Row],[列11]:[列12]]) -> 12 | R16: =SUM(K16,L16,O16,P16) -> 12 | S16: =A16 -> 100071 | T16: =COUNTIF($V$4:V16,V16) -> 13 | U16: =IF(T16=1,COUNTIF($T$4:T16,1),"") | V16: ='施設状況(要更新)'!$E16&'施設状況(要更新)'!$C16 -> 中央区04小規模A・B・C | W16: ='施設状況(要更新)'!$F16 -> ぴっころきっず中島公園 | X16: 12 | Y16: =IFERROR(INDEX($T$4:$W$700,MATCH($X16&Y$3,INDEX($T$4:$T$700&$V$4:$V$700,),0),MATCH("施設名",$T$3:$W$3,0)),"") -> 保育室ぱすてる | Z16: =IFERROR(INDEX($T$4:$W$700,MATCH($X16&Z$3,INDEX($T$4:$T$700&$V$4:$V$700,),0),MATCH("施設名",$T$3:$W$3,0)),"") -> きずな新琴似保育園 | AA16: =IFERROR(INDEX($T$4:$W$700,MATCH($X16&AA$3,INDEX($T$4:$T$700&$V$4:$V$700,),0),MATCH("施設名",$T$3:$W$3,0)),"") -> あんあん乳児保育園環状通東ルーム | AB16: =IFERROR(INDEX($T$4:$W$700,MATCH($X16&AB$3,INDEX($T$4:$T$700&$V$4:$V$700,),0),MATCH("施設名",$T$3:$W$3,0)),"") -> 木育こどもの家白石園 | AC16: =IFERROR(INDEX($T$4:$W$700,MATCH($X16&AC$3,INDEX($T$4:$T$700&$V$4:$V$700,),0),MATCH("施設名",$T$3:$W$3,0)),"") | AD16: =IFERROR(INDEX($T$4:$W$700,MATCH($X16&AD$3,INDEX($T$4:$T$700&$V$4:$V$700,),0),MATCH("施設名",$T$3:$W$3,0)),"") -> レーベン美園保育園 | AE16: =IFERROR(INDEX($T$4:$W$700,MATCH($X16&AE$3,INDEX($T$4:$T$700&$V$4:$V$700,),0),MATCH("施設名",$T$3:$W$3,0)),"") | AF16: =IFERROR(INDEX($T$4:$W$700,MATCH($X16&AF$3,INDEX($T$4:$T$700&$V$4:$V$700,),0),MATCH("施設名",$T$3:$W$3,0)),"") | ... AN16: =IFERROR(INDEX($T$4:$W$700,MATCH($X16&AN$3,INDEX($T$4:$T$700&$V$4:$V$700,),0),MATCH("施設名",$T$3:$W$3,0)),"") -> 0
... A64: 400080 | B64: 01私立 | C64: 04小規模A・B・C | D64: Ａ | E64: 白石区 | F64: もりのなかま保育園菊水元町園 | J64: 19 | K64: 0 | L64: 0 | M64: 4 | N64: 8 | O64: =SUM(テーブル1[[#This Row],[列11]:[列12]]) -> 12 | R64: =SUM(K64,L64,O64,P64) -> 12 | S64: =A64 -> 400080 | T64: =COUNTIF($V$4:V64,V64) -> 10 | U64: =IF(T64=1,COUNTIF($T$4:T64,1),"") | V64: ='施設状況(要更新)'!$E64&'施設状況(要更新)'!$C64 -> 白石区04小規模A・B・C | W64: ='施設状況(要更新)'!$F64 -> もりのなかま保育園菊水元町園 | X64: 60 | Y64: =IFERROR(INDEX($T$4:$W$700,MATCH($X64&Y$3,INDEX($T$4:$T$700&$V$4:$V$700,),0),MATCH("施設名",$T$3:$W$3,0)),"") | Z64: =IFERROR(INDEX($T$4:$W$700,MATCH($X64&Z$3,INDEX($T$4:$T$700&$V$4:$V$700,),0),MATCH("施設名",$T$3:$W$3,0)),"") | AA64: =IFERROR(INDEX($T$4:$W$700,MATCH($X64&AA$3,INDEX($T$4:$T$700&$V$4:$V$700,),0),MATCH("施設名",$T$3:$W$3,0)),"") | AB64: =IFERROR(INDEX($T$4:$W$700,MATCH($X64&AB$3,INDEX($T$4:$T$700&$V$4:$V$700,),0),MATCH("施設名",$T$3:$W$3,0)),"") | AC64: =IFERROR(INDEX($T$4:$W$700,MATCH($X64&AC$3,INDEX($T$4:$T$700&$V$4:$V$700,),0),MATCH("施設名",$T$3:$W$3,0)),"") | AD64: =IFERROR(INDEX($T$4:$W$700,MATCH($X64&AD$3,INDEX($T$4:$T$700&$V$4:$V$700,),0),MATCH("施設名",$T$3:$W$3,0)),"") | AE64: =IFERROR(INDEX($T$4:$W$700,MATCH($X64&AE$3,INDEX($T$4:$T$700&$V$4:$V$700,),0),MATCH("施設名",$T$3:$W$3,0)),"") | AF64: =IFERROR(INDEX($T$4:$W$700,MATCH($X64&AF$3,INDEX($T$4:$T$700&$V$4:$V$700,),0),MATCH("施設名",$T$3:$W$3,0)),"") | ... AN64: =IFERROR(INDEX($T$4:$W$700,MATCH($X64&AN$3,INDEX($T$4:$T$700&$V$4:$V$700,),0),MATCH("施設名",$T$3:$W$3,0)),"") -> 0
A65: 400081 | B65: 01私立 | C65: 04小規模A・B・C | D65: Ａ | E65: 白石区 | F65: ちゅうわ南郷保育園 | J65: 19 | K65: 0 | L65: 0 | M65: 3 | N65: 16 | O65: =SUM(テーブル1[[#This Row],[列11]:[列12]]) -> 19 | R65: =SUM(K65,L65,O65,P65) -> 19 | S65: =A65 -> 400081 | T65: =COUNTIF($V$4:V65,V65) -> 11 | U65: =IF(T65=1,COUNTIF($T$4:T65,1),"") | V65: ='施設状況(要更新)'!$E65&'施設状況(要更新)'!$C65 -> 白石区04小規模A・B・C | W65: ='施設状況(要更新)'!$F65 -> ちゅうわ南郷保育園
A66: 400084 | B66: 01私立 | C66: 04小規模A・B・C | D66: Ａ | E66: 白石区 | F66: 木育こどもの家白石園 | J66: 19 | K66: 0 | L66: 0 | M66: 3 | N66: 16 | O66: =SUM(テーブル1[[#This Row],[列11]:[列12]]) -> 19 | R66: =SUM(K66,L66,O66,P66) -> 19 | S66: =A66 -> 400084 | T66: =COUNTIF($V$4:V66,V66) -> 12 | U66: =IF(T66=1,COUNTIF($T$4:T66,1),"") | V66: ='施設状況(要更新)'!$E66&'施設状況(要更新)'!$C66 -> 白石区04小規模A・B・C | W66: ='施設状況(要更新)'!$F66 -> 木育こどもの家白石園
A67: 450051 | B67: 01私立 | C67: 04小規模A・B・C | D67: Ａ | E67: 厚別区 | F67: サクラ保育園厚別西 | J67: 19 | K67: 0 | L67: 0 | M67: 3 | N67: 16 | O67: =SUM(テーブル1[[#This Row],[列11]:[列12]]) -> 19 | R67: =SUM(K67,L67,O67,P67) -> 19 | S67: =A67 -> 450051 | T67: =COUNTIF($V$4:V67,V67) -> 1 | U67: =IF(T67=1,COUNTIF($T$4:T67,1),"") -> 5 | V67: ='施設状況(要更新)'!$E67&'施設状況(要更新)'!$C67 -> 厚別区04小規模A・B・C | W67: ='施設状況(要更新)'!$F67 -> サクラ保育園厚別西
A68: 450053 | B68: 01私立 | C68: 04小規模A・B・C | D68: Ａ | E68: 厚別区 | F68: はぐくみ園厚別 | J68: 19 | K68: 0 | L68: 0 | M68: 3 | N68: 16 | O68: =SUM(テーブル1[[#This Row],[列11]:[列12]]) -> 19 | R68: =SUM(K68,L68,O68,P68) -> 19 | S68: =A68 -> 450053 | T68: =COUNTIF($V$4:V68,V68) -> 2 | U68: =IF(T68=1,COUNTIF($T$4:T68,1),"") | V68: ='施設状況(要更新)'!$E68&'施設状況(要更新)'!$C68 -> 厚別区04小規模A・B・C | W68: ='施設状況(要更新)'!$F68 -> はぐくみ園厚別
A69: 450054 | B69: 01私立 | C69: 04小規模A・B・C | D69: Ａ | E69: 厚別区 | F69: みんなのナーサリー | J69: 19 | K69: 0 | L69: 0 | M69: 3 | N69: 16 | O69: =SUM(テーブル1[[#This Row],[列11]:[列12]]) -> 19 | R69: =SUM(K69,L69,O69,P69) -> 19 | S69: =A69 -> 450054 | T69: =COUNTIF($V$4:V69,V69) -> 3 | U69: =IF(T69=1,COUNTIF($T$4:T69,1),"") | V69: ='施設状況(要更新)'!$E69&'施設状況(要更新)'!$C69 -> 厚別区04小規模A・B・C | W69: ='施設状況(要更新)'!$F69 -> みんなのナーサリー
A70: 450055 | B70: 01私立 | C70: 04小規模A・B・C | D70: Ａ | E70: 厚別区 | F70: サクラ保育園上野幌 | J70: 19 | K70: 0 | L70: 0 | M70: 3 | N70: 16 | O70: =SUM(テーブル1[[#This Row],[列11]:[列12]]) -> 19 | R70: =SUM(K70,L70,O70,P70) -> 19 | S70: =A70 -> 450055 | T70: =COUNTIF($V$4:V70,V70) -> 4 | U70: =IF(T70=1,COUNTIF($T$4:T70,1),"") | V70: ='施設状況(要更新)'!$E70&'施設状況(要更新)'!$C70 -> 厚別区04小規模A・B・C | W70: ='施設状況(要更新)'!$F70 -> サクラ保育園上野幌
A71: 450056 | B71: 01私立 | C71: 04小規模A・B・C | D71: Ａ | E71: 厚別区 | F71: ひばりが丘あんさんぶる保育園 | J71: 19 | K71: 0 | L71: 0 | M71: 3 | N71: 16 | O71: =SUM(テーブル1[[#This Row],[列11]:[列12]]) -> 19 | R71: =SUM(K71,L71,O71,P71) -> 19 | S71: =A71 -> 450056 | T71: =COUNTIF($V$4:V71,V71) -> 5 | U71: =IF(T71=1,COUNTIF($T$4:T71,1),"") | V71: ='施設状況(要更新)'!$E71&'施設状況(要更新)'!$C71 -> 厚別区04小規模A・B・C | W71: ='施設状況(要更新)'!$F71 -> ひばりが丘あんさんぶる保育園
A72: 450057 | B72: 01私立 | C72: 04小規模A・B・C | D72: Ａ | E72: 厚別区 | F72: 厚別西クレヨン保育園 | J72: 19 | K72: 0 | L72: 0 | M72: 3 | N72: 16 | O72: =SUM(テーブル1[[#This Row],[列11]:[列12]]) -> 19 | R72: =SUM(K72,L72,O72,P72) -> 19 | S72: =A72 -> 450057 | T72: =COUNTIF($V$4:V72,V72) -> 6 | U72: =IF(T72=1,COUNTIF($T$4:T72,1),"") | V72: ='施設状況(要更新)'!$E72&'施設状況(要更新)'!$C72 -> 厚別区04小規模A・B・C | W72: ='施設状況(要更新)'!$F72 -> 厚別西クレヨン保育園
A73: 500046 | B73: 01私立 | C73: 04小規模A・B・C | D73: Ａ | E73: 豊平区 | F73: ちびっこ保育るーむ札幌ドーム前園 | J73: 19 | K73: 0 | L73: 0 | M73: 6 | N73: 13 | O73: =SUM(テーブル1[[#This Row],[列11]:[列12]]) -> 19 | R73: =SUM(K73,L73,O73,P73) -> 19 | S73: =A73 -> 500046 | T73: =COUNTIF($V$4:V73,V73) -> 1 | U73: =IF(T73=1,COUNTIF($T$4:T73,1),"") -> 6 | V73: ='施設状況(要更新)'!$E73&'施設状況(要更新)'!$C73 -> 豊平区04小規模A・B・C | W73: ='施設状況(要更新)'!$F73 -> ちびっこ保育るーむ札幌ドーム前園
A74: 500091 | B74: 01私立 | C74: 04小規模A・B・C | D74: Ａ | E74: 豊平区 | F74: ちびっこ保育ルーム平岸ひまわり園 | J74: 19 | K74: 0 | L74: 0 | M74: 4 | N74: 8 | O74: =SUM(テーブル1[[#This Row],[列11]:[列12]]) -> 12 | R74: =SUM(K74,L74,O74,P74) -> 12 | S74: =A74 -> 500091 | T74: =COUNTIF($V$4:V74,V74) -> 2 | U74: =IF(T74=1,COUNTIF($T$4:T74,1),"") | V74: ='施設状況(要更新)'!$E74&'施設状況(要更新)'!$C74 -> 豊平区04小規模A・B・C | W74: ='施設状況(要更新)'!$F74 -> ちびっこ保育ルーム平岸ひまわり園
A75: 500048 | B75: 01私立 | C75: 04小規模A・B・C | D75: Ａ | E75: 豊平区 | F75: 太陽こころナーサリー平岸 | J75: 19 | K75: 0 | L75: 0 | M75: 6 | N75: 13 | O75: =SUM(テーブル1[[#This Row],[列11]:[列12]]) -> 19 | R75: =SUM(K75,L75,O75,P75) -> 19 | S75: =A75 -> 500048 | T75: =COUNTIF($V$4:V75,V75) -> 3 | U75: =IF(T75=1,COUNTIF($T$4:T75,1),"") | V75: ='施設状況(要更新)'!$E75&'施設状況(要更新)'!$C75 -> 豊平区04小規模A・B・C | W75: ='施設状況(要更新)'!$F75 -> 太陽こころナーサリー平岸
A76: 500050 | B76: 01私立 | C76: 04小規模A・B・C | D76: Ａ | E76: 豊平区 | F76: あんあん保育園平岸ルーム | J76: 19 | K76: 0 | L76: 0 | M76: 6 | N76: 13 | O76: =SUM(テーブル1[[#This Row],[列11]:[列12]]) -> 19 | R76: =SUM(K76,L76,O76,P76) -> 19 | S76: =A76 -> 500050 | T76: =COUNTIF($V$4:V76,V76) -> 4 | U76: =IF(T76=1,COUNTIF($T$4:T76,1),"") | V76: ='施設状況(要更新)'!$E76&'施設状況(要更新)'!$C76 -> 豊平区04小規模A・B・C | W76: ='施設状況(要更新)'!$F76 -> あんあん保育園平岸ルーム
... A131: 750044 | B131: 01私立 | C131: 04小規模A・B・C | D131: Ａ | E131: 手稲区 | F131: Ｓ．Ｔ．ナーサリーＳＣＨＯＯＬ手稲前田 | J131: 19 | K131: 0 | L131: 0 | M131: 3 | N131: 16 | O131: =SUM(テーブル1[[#This Row],[列11]:[列12]]) -> 19 | R131: =SUM(K131,L131,O131,P131) -> 19 | S131: =A131 -> 750044 | T131: =COUNTIF($V$4:V131,V131) -> 9 | U131: =IF(T131=1,COUNTIF($T$4:T131,1),"") | V131: ='施設状況(要更新)'!$E131&'施設状況(要更新)'!$C131 -> 手稲区04小規模A・B・C | W131: ='施設状況(要更新)'!$F131 -> Ｓ．Ｔ．ナーサリーＳＣＨＯＯＬ手稲前田
A132: 300070 | B132: 01私立 | C132: 06事業所内 | D132: 事小 | E132: 東区 | F132: コープさっぽろ保育園ａｕｒｉｎｋｏ | J132: 19 | K132: 0 | L132: 0 | M132: 3 | N132: 10 | O132: =SUM(テーブル1[[#This Row],[列11]:[列12]]) -> 13 | P132: 6 | R132: =SUM(K132,L132,O132,P132) -> 19 | S132: =A132 -> 300070 | T132: =COUNTIF($V$4:V132,V132) -> 1 | U132: =IF(T132=1,COUNTIF($T$4:T132,1),"") -> 11 | V132: ='施設状況(要更新)'!$E132&'施設状況(要更新)'!$C132 -> 東区06事業所内 | W132: ='施設状況(要更新)'!$F132 -> コープさっぽろ保育園ａｕｒｉｎｋｏ
A133: 300102 | B133: 01私立 | C133: 06事業所内 | D133: 事小 | E133: 東区 | F133: ＨｅａｒｔＫｉｄｓ保育園ハートセンター | J133: 5 | K133: 0 | L133: 0 | M133: 1 | N133: 4 | O133: =SUM(テーブル1[[#This Row],[列11]:[列12]]) -> 5 | P133: 12 | R133: =SUM(K133,L133,O133,P133) -> 17 | S133: =A133 -> 300102 | T133: =COUNTIF($V$4:V133,V133) -> 2 | U133: =IF(T133=1,COUNTIF($T$4:T133,1),"") | V133: ='施設状況(要更新)'!$E133&'施設状況(要更新)'!$C133 -> 東区06事業所内 | W133: ='施設状況(要更新)'!$F133 -> ＨｅａｒｔＫｉｄｓ保育園ハートセンター
A134: 400057 | B134: 01私立 | C134: 06事業所内 | D134: 事小 | E134: 白石区 | F134: じゅんのめ保育園 | J134: 14 | K134: 0 | L134: 0 | M134: 2 | N134: 12 | O134: =SUM(テーブル1[[#This Row],[列11]:[列12]]) -> 14 | P134: 5 | R134: =SUM(K134,L134,O134,P134) -> 19 | S134: =A134 -> 400057 | T134: =COUNTIF($V$4:V134,V134) -> 1 | U134: =IF(T134=1,COUNTIF($T$4:T134,1),"") -> 12 | V134: ='施設状況(要更新)'!$E134&'施設状況(要更新)'!$C134 -> 白石区06事業所内 | W134: ='施設状況(要更新)'!$F134 -> じゅんのめ保育園
A135: 500049 | B135: 01私立 | C135: 06事業所内 | D135: 事保 | E135: 豊平区 | F135: こどもクラブしらかば | J135: 12 | K135: 0 | L135: 0 | M135: 4 | N135: 8 | O135: =SUM(テーブル1[[#This Row],[列11]:[列12]]) -> 12 | P135: 28 | R135: =SUM(K135,L135,O135,P135) -> 40 | S135: =A135 -> 500049 | T135: =COUNTIF($V$4:V135,V135) -> 1 | U135: =IF(T135=1,COUNTIF($T$4:T135,1),"") -> 13 | V135: ='施設状況(要更新)'!$E135&'施設状況(要更新)'!$C135 -> 豊平区06事業所内 | W135: ='施設状況(要更新)'!$F135 -> こどもクラブしらかば
A136: 500062 | B136: 01私立 | C136: 06事業所内 | D136: 事小 | E136: 豊平区 | F136: 札幌ドリーム保育園 | J136: 5 | K136: 0 | L136: 0 | M136: 2 | N136: 4 | O136: =SUM(テーブル1[[#This Row],[列11]:[列12]]) -> 6 | P136: 6 | R136: =SUM(K136,L136,O136,P136) -> 12 | S136: =A136 -> 500062 | T136: =COUNTIF($V$4:V136,V136) -> 2 | U136: =IF(T136=1,COUNTIF($T$4:T136,1),"") | V136: ='施設状況(要更新)'!$E136&'施設状況(要更新)'!$C136 -> 豊平区06事業所内 | W136: ='施設状況(要更新)'!$F136 -> 札幌ドリーム保育園
A137: 500095 | B137: 01私立 | C137: 06事業所内 | D137: 事小 | E137: 豊平区 | F137: こころキッズワタキュー中の島ルーム | J137: 6 | K137: 0 | L137: 0 | M137: 1 | N137: 4 | O137: =SUM(テーブル1[[#This Row],[列11]:[列12]]) -> 5 | P137: 7 | R137: =SUM(K137,L137,O137,P137) -> 12 | S137: =A137 -> 500095 | T137: =COUNTIF($V$4:V137,V137) -> 3 | U137: =IF(T137=1,COUNTIF($T$4:T137,1),"") | V137: ='施設状況(要更新)'!$E137&'施設状況(要更新)'!$C137 -> 豊平区06事業所内 | W137: ='施設状況(要更新)'!$F137 -> こころキッズワタキュー中の島ルーム
A138: 600030 | B138: 01私立 | C138: 06事業所内 | D138: 事小 | E138: 南区 | F138: もなみの里保育園 | J138: 4 | K138: 0 | L138: 0 | M138: 1 | N138: 3 | O138: =SUM(テーブル1[[#This Row],[列11]:[列12]]) -> 4 | P138: 5 | R138: =SUM(K138,L138,O138,P138) -> 9 | S138: =A138 -> 600030 | T138: =COUNTIF($V$4:V138,V138) -> 1 | U138: =IF(T138=1,COUNTIF($T$4:T138,1),"") -> 14 | V138: ='施設状況(要更新)'!$E138&'施設状況(要更新)'!$C138 -> 南区06事業所内 | W138: ='施設状況(要更新)'!$F138 -> もなみの里保育園
A139: 600036 | B139: 01私立 | C139: 06事業所内 | D139: 事保 | E139: 南区 | F139: 真駒内駐屯地庁内託児所 | J139: 7 | K139: 0 | L139: 0 | M139: 2 | N139: 5 | O139: =SUM(テーブル1[[#This Row],[列11]:[列12]]) -> 7 | P139: 19 | R139: =SUM(K139,L139,O139,P139) -> 26 | S139: =A139 -> 600036 | T139: =COUNTIF($V$4:V139,V139) -> 2 | U139: =IF(T139=1,COUNTIF($T$4:T139,1),"") | V139: ='施設状況(要更新)'!$E139&'施設状況(要更新)'!$C139 -> 南区06事業所内 | W139: ='施設状況(要更新)'!$F139 -> 真駒内駐屯地庁内託児所
A140: 700054 | B140: 01私立 | C140: 06事業所内 | D140: 事小 | E140: 西区 | F140: さくらんぼ保育園 | J140: 7 | K140: 0 | L140: 0 | M140: 1 | N140: 6 | O140: =SUM(テーブル1[[#This Row],[列11]:[列12]]) -> 7 | P140: 5 | R140: =SUM(K140,L140,O140,P140) -> 12 | S140: =A140 -> 700054 | T140: =COUNTIF($V$4:V140,V140) -> 1 | U140: =IF(T140=1,COUNTIF($T$4:T140,1),"") -> 15 | V140: ='施設状況(要更新)'!$E140&'施設状況(要更新)'!$C140 -> 西区06事業所内 | W140: ='施設状況(要更新)'!$F140 -> さくらんぼ保育園
A141: 700065 | B141: 01私立 | C141: 06事業所内 | D141: 事小 | E141: 西区 | F141: 八軒西もみじ保育園 | J141: 6 | K141: 0 | L141: 0 | M141: 1 | N141: 5 | O141: =SUM(テーブル1[[#This Row],[列11]:[列12]]) -> 6 | P141: 13 | R141: =SUM(K141,L141,O141,P141) -> 19 | S141: =A141 -> 700065 | T141: =COUNTIF($V$4:V141,V141) -> 2 | U141: =IF(T141=1,COUNTIF($T$4:T141,1),"") | V141: ='施設状況(要更新)'!$E141&'施設状況(要更新)'!$C141 -> 西区06事業所内 | W141: ='施設状況(要更新)'!$F141 -> 八軒西もみじ保育園
A142: 700071 | B142: 01私立 | C142: 06事業所内 | D142: 事小 | E142: 西区 | F142: 発寒コグマ保育園 | J142: 4 | K142: 0 | L142: 0 | M142: 1 | N142: 3 | O142: =SUM(テーブル1[[#This Row],[列11]:[列12]]) -> 4 | P142: 7 | R142: =SUM(K142,L142,O142,P142) -> 11 | S142: =A142 -> 700071 | T142: =COUNTIF($V$4:V142,V142) -> 3 | U142: =IF(T142=1,COUNTIF($T$4:T142,1),"") | V142: ='施設状況(要更新)'!$E142&'施設状況(要更新)'!$C142 -> 西区06事業所内 | W142: ='施設状況(要更新)'!$F142 -> 発寒コグマ保育園
A143: 700092 | B143: 01私立 | C143: 06事業所内 | D143: 事小 | E143: 西区 | F143: レーベンそらまめ琴似保育園 | J143: 9 | K143: 0 | L143: 0 | M143: 2 | N143: 7 | O143: =SUM(テーブル1[[#This Row],[列11]:[列12]]) -> 9 | P143: 10 | R143: =SUM(K143,L143,O143,P143) -> 19 | S143: =A143 -> 700092 | T143: =COUNTIF($V$4:V143,V143) -> 4 | U143: =IF(T143=1,COUNTIF($T$4:T143,1),"") | V143: ='施設状況(要更新)'!$E143&'施設状況(要更新)'!$C143 -> 西区06事業所内 | W143: ='施設状況(要更新)'!$F143 -> レーベンそらまめ琴似保育園
S144: =A144 -> 0 | T144: =COUNTIF($V$4:V144,V144) -> 1 | U144: =IF(T144=1,COUNTIF($T$4:T144,1),"") -> 16 | V144: ='施設状況(要更新)'!$E144&'施設状況(要更新)'!$C144 | W144: ='施設状況(要更新)'!$F144 -> 0
S145: =A145 -> 0 | T145: =COUNTIF($V$4:V145,V145) -> 2 | U145: =IF(T145=1,COUNTIF($T$4:T145,1),"") | V145: ='施設状況(要更新)'!$E145&'施設状況(要更新)'!$C145 | W145: ='施設状況(要更新)'!$F145 -> 0
S146: =A146 -> 0 | T146: =COUNTIF($V$4:V146,V146) -> 3 | U146: =IF(T146=1,COUNTIF($T$4:T146,1),"") | V146: ='施設状況(要更新)'!$E146&'施設状況(要更新)'!$C146 | W146: ='施設状況(要更新)'!$F146 -> 0
S147: =A147 -> 0 | T147: =COUNTIF($V$4:V147,V147) -> 4 | U147: =IF(T147=1,COUNTIF($T$4:T147,1),"") | V147: ='施設状況(要更新)'!$E147&'施設状況(要更新)'!$C147 | W147: ='施設状況(要更新)'!$F147 -> 0
S148: =A148 -> 0 | T148: =COUNTIF($V$4:V148,V148) -> 5 | U148: =IF(T148=1,COUNTIF($T$4:T148,1),"") | V148: ='施設状況(要更新)'!$E148&'施設状況(要更新)'!$C148 | W148: ='施設状況(要更新)'!$F148 -> 0
S149: =A149 -> 0 | T149: =COUNTIF($V$4:V149,V149) -> 6 | U149: =IF(T149=1,COUNTIF($T$4:T149,1),"") | V149: ='施設状況(要更新)'!$E149&'施設状況(要更新)'!$C149 | W149: ='施設状況(要更新)'!$F149 -> 0
S150: =A150 -> 0 | T150: =COUNTIF($V$4:V150,V150) -> 7 | U150: =IF(T150=1,COUNTIF($T$4:T150,1),"") | V150: ='施設状況(要更新)'!$E150&'施設状況(要更新)'!$C150 | W150: ='施設状況(要更新)'!$F150 -> 0
S151: =A151 -> 0 | T151: =COUNTIF($V$4:V151,V151) -> 8 | U151: =IF(T151=1,COUNTIF($T$4:T151,1),"") | V151: ='施設状況(要更新)'!$E151&'施設状況(要更新)'!$C151 | W151: ='施設状況(要更新)'!$F151 -> 0
S152: =A152 -> 0 | T152: =COUNTIF($V$4:V152,V152) -> 9 | U152: =IF(T152=1,COUNTIF($T$4:T152,1),"") | V152: ='施設状況(要更新)'!$E152&'施設状況(要更新)'!$C152 | W152: ='施設状況(要更新)'!$F152 -> 0
S153: =A153 -> 0 | T153: =COUNTIF($V$4:V153,V153) -> 10 | U153: =IF(T153=1,COUNTIF($T$4:T153,1),"") | V153: ='施設状況(要更新)'!$E153&'施設状況(要更新)'!$C153 | W153: ='施設状況(要更新)'!$F153 -> 0
S154: =A154 -> 0 | T154: =COUNTIF($V$4:V154,V154) -> 11 | U154: =IF(T154=1,COUNTIF($T$4:T154,1),"") | V154: ='施設状況(要更新)'!$E154&'施設状況(要更新)'!$C154 | W154: ='施設状況(要更新)'!$F154 -> 0
S155: =A155 -> 0 | T155: =COUNTIF($V$4:V155,V155) -> 12 | U155: =IF(T155=1,COUNTIF($T$4:T155,1),"") | V155: ='施設状況(要更新)'!$E155&'施設状況(要更新)'!$C155 | W155: ='施設状況(要更新)'!$F155 -> 0
... S700: =A700 -> 0 | T700: =COUNTIF($V$4:V700,V700) -> 557 | U700: =IF(T700=1,COUNTIF($T$4:T700,1),"") | V700: ='施設状況(要更新)'!$E700&'施設状況(要更新)'!$C700 | W700: ='施設状況(要更新)'!$F700 -> 0
D701: 集計 | F701: =SUBTOTAL(103,'施設状況(要更新)'!$F$4:$F$700) -> 140 | G701: =SUBTOTAL(109,'施設状況(要更新)'!$G$4:$G$700) -> 0 | H701: =SUBTOTAL(109,'施設状況(要更新)'!$H$4:$H$700) -> 0 | I701: =SUBTOTAL(109,'施設状況(要更新)'!$I$4:$I$700) -> 0 | J701: 12 | K701: =SUBTOTAL(109,'施設状況(要更新)'!$K$4:$K$700) -> 0 | L701: =SUBTOTAL(109,'施設状況(要更新)'!$L$4:$L$700) -> 0 | M701: =SUBTOTAL(109,'施設状況(要更新)'!$M$4:$M$700) -> 454 | N701: =SUBTOTAL(109,'施設状況(要更新)'!$N$4:$N$700) -> 1838 | O701: =SUBTOTAL(109,'施設状況(要更新)'!$O$4:$O$700) -> 2292 | R701: =SUBTOTAL(109,'施設状況(要更新)'!$R$4:$R$700) -> 2415
F702: 1 | G702: 2 | H702: 3 | I702: 4 | J702: 5 | K702: 6 | L702: 7 | M702: 8 | N702: 9 | O702: 10 | P702: 11 | R702: 12

Sheet 休日情報(要更新)
A1: 【祝日情報】
A2: 当該シートに祝日を入力すると、利用状況表で対応する日が「赤表示」になります。
A3: 2022 | C3: =A3+1 -> 2023 | E3: =C3+1 -> 2024 | G3: =E3+1 -> 2025 | I3: =G3+1 -> 2026
A4: 日付 | B4: 祝日名 | C4: =A4 -> 日付 | D4: =B4 -> 祝日名 | E4: =C4 -> 日付 | F4: =D4 -> 祝日名 | G4: =E4 -> 日付 | H4: =F4 -> 祝日名 | I4: =G4 -> 日付 | J4: =H4 -> 祝日名
A5: 44562 | B5: 元日 | C5: 44927 | D5: 元日 | E5: 45292 | F5: 元日 | G5: 45658 | H5: 元日
A6: 44571 | B6: 成人の日 | C6: 44928 | D6: 振替休日（元日） | E6: 45299 | F6: 成人の日 | G6: 45670 | H6: 成人の日
A7: 44603 | B7: 建国記念の日 | C7: 44935 | D7: 成人の日 | E7: 45333 | F7: 建国記念の日 | G7: 45699 | H7: 建国記念の日
A8: 44615 | B8: 天皇誕生日 | C8: 44968 | D8: 建国記念の日 | E8: 45334 | F8: 振替休日（建国記念の日） | G8: 45711 | H8: 天皇誕生日
A9: 44641 | B9: 春分の日 | C9: 44980 | D9: 天皇誕生日 | E9: 45345 | F9: 天皇誕生日 | G9: 45712 | H9: 振替休日（天皇誕生日）
A10: 44680 | B10: 昭和の日 | C10: 45006 | D10: 春分の日 | E10: 45371 | F10: 春分の日 | G10: 45736 | H10: 春分の日
A11: 44684 | B11: 憲法記念日 | C11: 45045 | D11: 昭和の日 | E11: 45411 | F11: 昭和の日 | G11: 45776 | H11: 昭和の日
A12: 44685 | B12: みどりの日 | C12: 45049 | D12: 憲法記念日 | E12: 45415 | F12: 憲法記念日 | G12: 45780 | H12: 憲法記念日
A13: 44686 | B13: こどもの日 | C13: 45050 | D13: みどりの日 | E13: 45416 | F13: みどりの日 | G13: 45781 | H13: みどりの日
A14: 44760 | B14: 海の日 | C14: 45051 | D14: こどもの日 | E14: 45417 | F14: こどもの日 | G14: 45782 | H14: こどもの日
A15: 44784 | B15: 山の日 | C15: 45124 | D15: 海の日 | E15: 45418 | F15: 振替休日（こどもの日） | G15: 45783 | H15: 振替休日（みどりの日）
A16: 44823 | B16: 敬老の日 | C16: 45149 | D16: 山の日 | E16: 45488 | F16: 海の日 | G16: 45859 | H16: 海の日
... A21: 44926 | B21: ※土曜日 | C21: 45253 | D21: 勤労感謝の日 | E21: 45558 | F21: 振替休日（秋分の日） | G21: 45964 | H21: 文化の日
C22: 45290 | D22: ※土曜日 | E22: 45579 | F22: スポーツの日 | G22: 45984 | H22: 勤労感謝の日
E23: 45599 | F23: 文化の日 | G23: 45985 | H23: 振替休日（勤労感謝の日）
E24: 45600 | F24: 振替休日（文化の日）
E25: 45619 | F25: 勤労感謝の日

Sheet 作成方法
B2: 【作成要領・提出書類チェック表】
B4: 黄色 | C4: 直接手入力してください。
B5: 橙色 | C5: ドロップダウンで選択。
B6: 水色 | C6: 札幌市で入力済の内容です。変更がある場合は、申し出ください。
B7: 白色 | C7: 入力不可
B9: 【提出方法】
B10: ＜Excelデータ 提出先＞
B11: アドレス | C11: kyufuhi@city.sapporo.jp
B12: メール件名 | C12: =IF(【様式１】総括表・個票!$D$13="","※園名を選択",CONCATENATE("【加算申請】",VLOOKUP(【様式１】総括表・個票!$D$13,'施設状況(要更新)'!$F$4:$S$700,14,FALSE),【様式１】総括表・個票!$D$13)) -> ※園名を選択 | D12: ←（【様式１】で園名を選ぶと反映）
B13: パスワード | C13: 29hoiku86 | D13: ← Excelデータをこちらのパスワードで
D14: zipファイル化して、メールに添付してください。
B15: ＜添付書類 郵送先＞
B16: 〒060-0051 | D16: ←「【別添】添付書類の表紙」を付けて郵送してください。
B17: 札幌市中央区南１条東１丁目 大通バスセンタービル３階 | D17: （右隣のシート）
B18: 子ども未来局子育て支援部施設運営課給付係 TEL 011-211-3027
B20: 【お問い合わせについて】
B21: メールでのお問い合わせにご協力ください。（様式の入力がうまくいかない等、データをこちらで確認する必要がある場合はデータも添付してください。）
B22: アドレス | C22: kyufuhi@city.sapporo.jp
B23: メール件名 | C23: =IF(【様式１】総括表・個票!$D$13="","※園名を選択",CONCATENATE("【加算問い合わせ】",VLOOKUP(【様式１】総括表・個票!$D$13,'施設状況(要更新)'!$F$4:$S$700,14,FALSE),【様式１】総括表・個票!$D$13)) -> ※園名を選択 | D23: ←（【様式１】で園名を選ぶと反映）
B25: 【作成にあたって】
B26: 項目 | C26: 説明
B27: 作成ソフト | C27: 本様式はExcel2016（Microsoft社）で作成しておりますので、Excel2016以降での作成を推奨します。このため、Excel2016未満のバージョン（2010、2003等）及びMicrosoft社製以外の表計算ソフト（Kingsoft、Numbers等）での動作は保証いたしません。
B28: 作成手順 | C28: (0) （前月分を作成済みの場合）ファイルをコピーして別名で保存
C29: (1) 様式1(総括表)：申請月、所在区、施設名入力→利用定員が正しいか確認
C30: (2) 様式1(個票)：申請する加算入力(一部様式2～5の入力状況を引用)
C31: (3) 別紙1～7：必要に応じて入力
C32: (4) 様式2：月初日時点の職員配置を入力
C33: (5) 様式3：非常勤職員がいる場合は、該当月の勤務予定時間を入力
C34: (6) 様式4：クラス編成状況を記載
C35: (7) 様式5：初日児童数、基本配置・加算・補助金対象職員選択
C36: (8) 様式1：様式2～5入力後に選択できる箇所が一部あるため再度確認(チーム保育加配等)
C37: (9) 様式6：年度開始月(4月)～申請月までを埋める
B38: 参考資料 | C38: ・ 依頼文 （各月分の申請期限はこちらでご確認ください。）
C39: ・ 様式内の「作成方法」シート、各シート印刷範囲外の説明書き
C40: ・ 加算・調整項目申請書作成要領 （依頼時に送付）
C41: ・ 国通知「特定教育・保育等に要する費用の額の算定に関する基準等の改正に伴う実施上の留意事項について」 （令和5年2月20日改正） 内閣府HP：https://www8.cao.go.jp/shoushi/shinseido/law/tsuuchi.html

Sheet 【別添】添付書類の表紙
A1: 【お問い合わせについて】 | D1: 月 | E1: 施設コード | F1: 施設名
A2: アドレス | B2: kyufuhi@city.sapporo.jp | D2: =【様式１】総括表・個票!I10&"月" -> 月 | E2: =VLOOKUP(【様式１】総括表・個票!D13,'施設状況(要更新)'!$F$4:$S$700,14,FALSE) -> #N/A | F2: =【様式１】総括表・個票!D13 -> 0
A3: メール件名 | B3: ="【問合せ】"&D2&"加算"&E2&F2 -> #N/A | C3: ←メールの件名はこちらをコピーして使用してください。
A4: ※問い合わせの際は、作成途中の申請書（エクセル）を一緒に添付してください。
A5: 【提出先】
A6: ＜Excelデータ＞
A7: アドレス | B7: kyufuhi@city.sapporo.jp
A8: メール件名 | B8: ="【提出】"&D2&"加算"&E2&F2 -> #N/A | C8: ←メールの件名はこちらをコピーして使用してください。
A9: エクセル名 | B9: =D2&"加算"&E2&F2 -> #N/A | C9: ←申請書（エクセル）の名前はこちらをコピーして使用してください。
A10: パスワード | B10: 29hoiku86 | C10: ←Excelデータをこちらのパスワードでお願いします。
A11: ＜PDFデータ（加算の添付書類）＞
A12: ※ＰＤＦで提出いただく添付書類の名前は、以下のリストからコピーして使用してください。
B14: 添付書類が必要な加算 | C14: 挙証書類の名前
A15: 添付書類① | B15: {=IFERROR(INDIRECT("F"&SMALL($I$16:$I$22,ROW()/3-4)),"")} -> 障害児保育加算 | C15: =IF($B$15="","",$E$2&"_"&B15&"添付書類①") -> #N/A | F15: 添付書類が必要な加算 | G15: 適用可否 | H15: 変換 | I15: 判定
C16: =IF($B$15="","",$E$2&"_"&B15&"添付書類②") -> #N/A | D16: =B15="" -> FALSE | F16: 障害児保育加算 | G16: =INDEX(【様式１】総括表・個票!$B$18:$B$43,MATCH(【別添】添付書類の表紙!F16,【様式１】総括表・個票!$F$18:F$43,0)) -> 適用月エラー | H16: =IF(G16="×","×","○") -> ○ | I16: =IF(H16="○",ROW(),"") -> 16
C17: =IF($B$15="","",$E$2&"_"&B15&"添付書類③") -> #N/A | D17: =D16 -> FALSE | F17: 休日保育加算 | G17: =INDEX(【様式１】総括表・個票!$B$18:$B$43,MATCH(【別添】添付書類の表紙!F17,【様式１】総括表・個票!$F$18:F$43,0)) -> 適用月エラー | H17: =IF(G17="×","×","○") -> ○ | I17: =IF(H17="○",ROW(),"") -> 17
A18: 添付書類② | B18: {=IFERROR(INDIRECT("F"&SMALL($I$16:$I$22,ROW()/3-4)),"")} -> 休日保育加算 | C18: =IF($B$15="","",$E$2&"_"&B18&"添付書類①") -> #N/A | D18: =D16 -> FALSE | F18: 減価償却費加算 | G18: =INDEX(【様式１】総括表・個票!$B$18:$B$43,MATCH(【別添】添付書類の表紙!F18,【様式１】総括表・個票!$F$18:F$43,0)) -> 適用月エラー | H18: =G18 -> 適用月エラー | I18: =IF(H18="○",ROW(),"")
C19: =IF($B$15="","",$E$2&"_"&B18&"添付書類②") -> #N/A | D19: =B18="" -> FALSE | F19: 賃借料加算 | G19: =INDEX(【様式１】総括表・個票!$B$18:$B$43,MATCH(【別添】添付書類の表紙!F19,【様式１】総括表・個票!$F$18:F$43,0)) -> 適用月エラー | H19: =G19 -> 適用月エラー | I19: =IF(H19="○",ROW(),"")
C20: =IF($B$15="","",$E$2&"_"&B18&"添付書類③") -> #N/A | D20: =D19 -> FALSE | F20: 管理者を配置していない場合(減算） | G20: =INDEX(【様式１】総括表・個票!$B$18:$B$43,MATCH(【別添】添付書類の表紙!F20,【様式１】総括表・個票!$F$18:F$43,0)) -> 適用月エラー | H20: =IF(G20="×","○","×") -> × | I20: =IF(H20="○",ROW(),"")
A21: 添付書類③ | B21: {=IFERROR(INDIRECT("F"&SMALL($I$16:$I$22,ROW()/3-4)),"")} | C21: =IF($B$15="","",$E$2&"_"&B21&"添付書類①") -> #N/A | D21: =D19 -> FALSE | F21: 栄養管理加算 | G21: =INDEX(【様式１】総括表・個票!$B$18:$B$43,MATCH(【別添】添付書類の表紙!F21,【様式１】総括表・個票!$F$18:F$43,0)) -> 適用月エラー | H21: =IF(G21="×","×",IF(G21="適用月エラー","×","○")) -> × | I21: =IF(H21="○",ROW(),"")
C22: =IF($B$15="","",$E$2&"_"&B21&"添付書類②") -> #N/A | D22: =B21="" -> TRUE | H22: =IF(G22="○",ROW(),"")
C23: =IF($B$15="","",$E$2&"_"&B21&"添付書類③") -> #N/A | D23: =D22 -> TRUE
A24: 添付書類④ | B24: {=IFERROR(INDIRECT("F"&SMALL($I$16:$I$22,ROW()/3-4)),"")} | C24: =IF($B$15="","",$E$2&"_"&B24&"添付書類①") -> #N/A | D24: =D22 -> TRUE
C25: =IF($B$15="","",$E$2&"_"&B24&"添付書類②") -> #N/A | D25: =B24="" -> TRUE
C26: =IF($B$15="","",$E$2&"_"&B24&"添付書類③") -> #N/A | D26: =D25 -> TRUE
A27: 添付書類⑤ | B27: {=IFERROR(INDIRECT("F"&SMALL($I$16:$I$22,ROW()/3-4)),"")} | C27: =IF($B$15="","",$E$2&"_"&B27&"添付書類①") -> #N/A | D27: =D25 -> TRUE
C28: =IF($B$15="","",$E$2&"_"&B27&"添付書類②") -> #N/A | D28: =B27="" -> TRUE
C29: =IF($B$15="","",$E$2&"_"&B27&"添付書類③") -> #N/A | D29: =D28 -> TRUE
A30: 添付書類⑥ | B30: {=IFERROR(INDIRECT("F"&SMALL($I$16:$I$22,ROW()/3-4)),"")} | C30: =IF($B$15="","",$E$2&"_"&B30&"添付書類①") -> #N/A | D30: =D28 -> TRUE
C31: =IF($B$15="","",$E$2&"_"&B30&"添付書類②") -> #N/A | D31: =B30="" -> TRUE
C32: =IF($B$15="","",$E$2&"_"&B30&"添付書類③") -> #N/A | D32: =D31 -> TRUE
A33: 添付書類⑦ | B33: {=IFERROR(INDIRECT("F"&SMALL($I$16:$I$22,ROW()/3-4)),"")} | C33: =IF($B$15="","",$E$2&"_"&B33&"添付書類①") -> #N/A | D33: =D31 -> TRUE
C34: =IF($B$15="","",$E$2&"_"&B33&"添付書類②") -> #N/A | D34: =B33="" -> TRUE
C35: =IF($B$15="","",$E$2&"_"&B33&"添付書類③") -> #N/A | D35: =D34 -> TRUE
A36: 添付書類⑧ | B36: {=IFERROR(INDIRECT("F"&SMALL($I$16:$I$22,ROW()/3-4)),"")} | C36: =IF($B$15="","",$E$2&"_"&B36&"添付書類①") -> #N/A | D36: =D34 -> TRUE
C37: =IF($B$15="","",$E$2&"_"&B36&"添付書類②") -> #N/A | D37: =B36="" -> TRUE
C38: =IF($B$15="","",$E$2&"_"&B36&"添付書類③") -> #N/A | D38: =D37 -> TRUE
A39: 添付書類⑨ | B39: {=IFERROR(INDIRECT("F"&SMALL($I$16:$I$22,ROW()/3-4)),"")} | C39: =IF($B$15="","",$E$2&"_"&B39&"添付書類①") -> #N/A | D39: =D37 -> TRUE
C40: =IF($B$15="","",$E$2&"_"&B39&"添付書類②") -> #N/A | D40: =B39="" -> TRUE
C41: =IF($B$15="","",$E$2&"_"&B39&"添付書類③") -> #N/A | D41: =D40 -> TRUE
D42: =D40 -> TRUE
D43: =B42="" -> TRUE
D44: =D43 -> TRUE
D45: =D43 -> TRUE
D46: =B45="" -> TRUE

Sheet 【様式１】総括表・個票
A1: ="【様式１："&IF(L12="Ａ","小規模Ａ",IF(L12="事小","事業所内19名以下",IF(L12="事保","事業所内20名以上","エラー")))&"】" -> #N/A | X1: =AI2&"様式1"&AI3 -> #N/A | AI1: 様式名 | AJ1: 西暦 | AK1: 月 | AM1: 所在区 | AN1: 選択 | AO1: 適否 | AP1: 施設種別 | AQ1: 定員超過① | AR1: 定員超過②
AI2: ="加-"&MID(AJ2,3,2)&"_"&$I$10&"月"&"申-" -> 加-23_月申- | AJ2: 2023
A3: =+AJ2&"年度施設型給付費等にかかる加算（調整）適用申請書（試算様式）" -> 2023年度施設型給付費等にかかる加算（調整）適用申請書（試算様式） | AI3: ="-"&L12&IFERROR(VLOOKUP($D$13,'施設状況(要更新)'!$F$4:$S$700,14,FALSE),"")&"_Ver."&TEXT(ver!$B$18,"#.00") -> #N/A | AJ3: =AJ2+1 -> 2024 | AK3: 4 | AL3: 1 | AM3: 中央区 | AN3: ○ | AO3: 申請する | AP3: 04小規模A・B・C | AQ3: 1 | AR3: 定員見直し
W4: =VLOOKUP(I10,$AK$18:$AL$29,2,0) -> #N/A | AK4: 5 | AL4: 2 | AM4: 北区 | AN4: × | AO4: 申請しない | AP4: 06事業所内 | AQ4: 2 | AR4: 受入人数見直し
A5: （あて先）札幌市長 | AK5: 6 | AL5: 3 | AM5: 東区 | AQ5: 3
P6: 法人名 | AK6: 7 | AL6: 4 | AM6: 白石区 | AQ6: 4
P7: 代表者名 | AK7: 8 | AL7: 5 | AM7: 厚別区 | AQ7: 5
A8: =+" "&AJ2&"年度において、下記のとおり申請します。" -> 2023年度において、下記のとおり申請します。 | AK8: 9 | AL8: 6 | AM8: 豊平区 | AQ8: 6
A9: Ⅰ 総括表 | AK9: 10 | AL9: 7 | AM9: 清田区 | AQ9: 7
A10: 申請月 | D10: =IF(I10>=4,$AJ$2,IF(AND(I10>0,$I$10<=3),$AJ$2+1,"")) | G10: 年 | L10: 月現在 | AK10: 11 | AL10: 8 | AM10: 南区 | AQ10: 8
A11: 所在区 | AK11: 12 | AL11: 9 | AM11: 西区 | AQ11: 9
A12: 施設種別 | L12: =VLOOKUP(VLOOKUP($D$13,'施設状況(要更新)'!$F$4:$S$700,14,FALSE),'施設状況(要更新)'!$A$4:$D$700,4,FALSE) -> #N/A | AK12: 1 | AL12: 10 | AM12: 手稲区 | AQ12: 10
A13: 施設名 | AK13: 2 | AL13: 11 | AQ13: 11
A14: 所在地 | AI14: 2号 | AJ14: 3号 | AK14: 3 | AL14: 12 | AQ14: 12
A15: 利用定員 | D15: 本園 | F15: 2号 | J15: 名 | K15: 3号 | O15: 名 | P15: 合計 | R15: =H15+M15 -> 0 | T15: 名 | AJ15: =IFERROR(VLOOKUP($D$13,'施設状況(要更新)'!$F$4:$S$700,13,FALSE),"") | AK15: 0 | AL15: 0 | AQ15: 13
A16: ↓【判定】…個票を入力することで、申請の有無に「〇」又は該当する区分が表示されます。 | AQ16: 14
A17: No. | B17: 申請の有無 | F17: 加算・調整項目 | V17: 加算適用開始(変更)月 | Z17: 備考 | AI17: 適否判定 | AK17: 提出日 | AQ17: 15
A18: 0 | B18: =AI18 -> × | F18: 基本配置職員 | AI18: =J49 -> × | AK18: 4 | AL18: 45084 | AQ18: 16
A19: 基本加算部分 | V19: ↓加算適用を開始(変更)した月を入力してください。 | AI19: =VLOOKUP($I$10,$AK$3:$AL$15,2,FALSE) -> 0 | AK19: 5 | AL19: =AL18 -> 45084 | AQ19: 17
A20: 1 | B20: =IFERROR(IF(AI20,AJ20,"適用月エラー"),"－") -> 適用月エラー | F20: 処遇改善等加算Ⅰ | V20: 4 | AI20: =VLOOKUP(V20,$AK$3:$AL$15,2,FALSE)<=$AI$19 -> FALSE | AJ20: =J62 -> × | AK20: 6 | AL20: =AL19 -> 45084 | AQ20: 18
A21: 2 | F21: 保育士比率向上加算 | Z21: B型のみ | AI21: =VLOOKUP(V21,$AK$3:$AL$15,2,FALSE)<=$AI$19 -> TRUE | AK21: 7 | AL21: 45175 | AQ21: 19
A22: 3 | B22: =IFERROR(IF(AI22,AJ22,"適用月エラー"),"－") -> 適用月エラー | F22: 障害児保育加算 | V22: 4 | AI22: =VLOOKUP(V22,$AK$3:$AL$15,2,FALSE)<=$AI$19 -> FALSE | AJ22: =J66 -> × | AK22: 8 | AL22: =AL21 -> 45175 | AQ22: 20
A23: 4 | B23: =IFERROR(IF(AI23,AJ23,"適用月エラー"),"－") -> 適用月エラー | F23: 休日保育加算 | V23: 4 | AI23: =VLOOKUP(V23,$AK$3:$AL$15,2,FALSE)<=$AI$19 -> FALSE | AJ23: =J79 -> エラー | AK23: 9 | AL23: =AL22 -> 45175 | AQ23: 21
A24: 5 | F24: 夜間保育加算 | Z24: 札幌市に適用施設はありません。 | AI24: =VLOOKUP(V24,$AK$3:$AL$15,2,FALSE)<=$AI$19 -> TRUE | AK24: 10 | AL24: 45266 | AQ24: 22
A25: 6 | B25: =IFERROR(IF(AI25,AJ25,"適用月エラー"),"－") -> 適用月エラー | F25: 減価償却費加算 | V25: 4 | Z25: 都市部 | AI25: =VLOOKUP(V25,$AK$3:$AL$15,2,FALSE)<=$AI$19 -> FALSE | AJ25: =J102 -> × | AK25: 11 | AL25: =AL24 -> 45266 | AQ25: 23
A26: 7 | B26: =IFERROR(IF(AI26,AJ26,"適用月エラー"),"－") -> 適用月エラー | F26: 賃借料加算 | V26: 4 | Z26: d地域-都市部 | AI26: =VLOOKUP(V26,$AK$3:$AL$15,2,FALSE)<=$AI$19 -> FALSE | AJ26: =J116 -> × | AK26: 12 | AL26: =AL25 -> 45266 | AQ26: 24
A27: 加減調整部分 | AK27: 1 | AL27: 44988 | AQ27: 25
A28: 8 | B28: =IFERROR(IF(AI28,AJ28,"適用月エラー"),AJ28) -> 適用月エラー | F28: 連携施設を設定しない場合(減算） | V28: 4 | AI28: =VLOOKUP(V28,$AK$3:$AL$15,2,FALSE)<=$AI$19 -> FALSE | AJ28: =J124 -> #N/A | AK28: 2 | AL28: =AL27 -> 44988 | AQ28: 26
A29: 9 | B29: =IFERROR(IF(AI29,AJ29,"適用月エラー"),AJ29) -> 適用月エラー | F29: 食事の提供について自園調理又は連携施設等からの搬入以外の方法による場合(減算） | V29: 4 | AI29: =VLOOKUP(V29,$AK$3:$AL$15,2,FALSE)<=$AI$19 -> FALSE | AJ29: =J137 -> ○ | AK29: 3 | AL29: =AL28 -> 44988 | AQ29: 27
A30: 10 | B30: =IFERROR(IF(AI30,AJ30,"適用月エラー"),AJ30) -> 適用月エラー | F30: 管理者を配置していない場合(減算） | V30: 4 | AI30: =VLOOKUP(V30,$AK$3:$AL$15,2,FALSE)<=$AI$19 -> FALSE | AJ30: =J146 -> ○ | AQ30: 28
A31: 11 | B31: =IFERROR(IF(AI31,AJ31,"適用月エラー"),AJ31) -> × | F31: 土曜日に閉所する場合（前月分実績は備考欄に記載）(減算） | V31: =I10 -> 0 | Z31: =IF(I10=4,"","前月："&F181) -> 前月：(変更無)全て → 全て | AI31: =VLOOKUP(V31,$AK$3:$AL$15,2,FALSE)<=$AI$19 -> TRUE | AJ31: =J176 -> × | AQ31: 29
A32: 乗除調整部分 | AQ32: 30
A33: 12 | B33: =IFERROR(IF(AI33,AJ33,"適用月エラー"),AJ33) -> 未入力エラー | F33: 定員を恒常的に超過する場合(減算） | V33: =IF(I10=0,0,4) -> 0 | Z33: =H215 -> エラー | AI33: =VLOOKUP(V33,$AK$3:$AL$15,2,FALSE)<=$AI$19 -> TRUE | AJ33: =J185 -> 未入力エラー | AQ33: 31
A34: 特定加算部分
A35: 13 | B35: =IFERROR(IF(AI35,AJ35,"適用月エラー"),"－") -> 適用月エラー | F35: 処遇改善等加算Ⅱ | V35: 4 | AI35: =VLOOKUP(V35,$AK$3:$AL$15,2,FALSE)<=$AI$19 -> FALSE | AJ35: =J219 -> ×
A36: 14 | B36: =IFERROR(IF(AI36,AJ36,"適用月エラー"),"－") -> 適用月エラー | F36: 処遇改善等加算Ⅲ | V36: 4 | AI36: =VLOOKUP(V36,$AK$3:$AL$15,2,FALSE)<=$AI$19 -> FALSE | AJ36: =J223 -> ×
A37: 15 | B37: =IFERROR(IF(AI37,AJ37,"適用月エラー"),"－") -> 適用月エラー | F37: 栄養管理加算 | V37: 4 | AI37: =VLOOKUP(V37,$AK$3:$AL$15,2,FALSE)<=$AI$19 -> FALSE | AJ37: =J227 -> × | AL37: =IFERROR(IF(AI22,AJ22,"適用月エラー"),"－") -> 適用月エラー
A38: 16 | B38: ○ | F38: 冷暖房費加算 | V38: 4 | Z38: 2級地
A39: 3月加算
A40: 17 | F40: 施設機能強化推進費加算 | V40: 3月加算については、11月頃（締切は12月末）に3月加算用申請書を依頼いたします。
A41: 18 | F41: 第三者評価受審加算
A42: 19 | F42: 除雪費加算 | V42: 札幌市は対象外です。
A43: 20 | F43: 降灰除去費加算
A44: ※ 下記「Ⅱ 個票」については、『当該年度に始めて申請するとき』または『変更があるとき』のみ該当の加算分を作成をしてください（それ以外の場合は作成不要）。
A46: Ⅱ 個票
A47: ・「該当の有無」について、該当する場合は「○」を選択すること。
A48: ・「申請の有無」で申請するを選択し、加算要件等を全て満たしたうえで、添付書類を漏れなく添付した場合にのみ加算する。
A49: 0 基本配置職員 | J49: =IFERROR(IF(AND(AI51,AI55,AI58,AJ51,AJ55),"○","×"),"エラー") -> × | O49: （判定）
A50: 配置要件 （１～３の全てを配置すること） | F50: 項目 | AA50: 該当の有無 | AE50: 配置
F51: 1 | G51: 非常勤事務職員（①～③のうち一つを選択※1） | AA51: =IF(COUNTIF(AI52:AI54,TRUE)=1,"○","×") -> × | AE51: =【様式５】職員数算出表!O32 -> × | AI51: =AA51="○" -> FALSE | AJ51: =AE51="○" -> FALSE
F52: ① | H52: 非常勤事務 | AI52: =AA52="○" -> FALSE
F53: ② | H53: 管理者等が兼務 | AI53: =AA53="○" -> FALSE
F54: ③ | H54: 業務委託している | AI54: =AA54="○" -> FALSE
F55: 2 | G55: 調理員（栄養士含む）（①～②のうち一つを選択※1） | AA55: =IF(COUNTIF(AI56:AI57,TRUE)=1,"○","×") -> × | AE55: =【様式５】職員数算出表!O28 -> × | AI55: =AA55="○" -> FALSE | AJ55: =AE55="○" -> FALSE
F56: ① | H56: 直接雇用による配置 | AI56: =AA56="○" -> FALSE
F57: ② | H57: 全部を業務委託又は搬入施設からの食事の搬入をしている ※ 一部を委託している場合は不可 | AI57: =AA57="○" -> FALSE
F58: 3 | G58: 嘱託医、嘱託歯科医 | AA58: =IF(COUNTIF(AI59:AI59,TRUE)=1,"○","×") -> × | AE58: =【様式５】職員数算出表!O36 -> × | AI58: =AA58="○" -> FALSE
F59: ① | H59: 配置している | AI59: =AA59="○" -> FALSE
A60: ※ 管理者については、「管理者を配置していない場合」で確認
A62: 1 処遇改善等加算Ⅰ | J62: =IF(AI63,"○","×") -> × | O62: （判定）
A63: 申請の有無 | AI63: =F63="申請する" -> FALSE
A64: 別途、所定の様式により申請する。
A66: 3 障害児保育加算 | J66: =IF(AND(AI67,AI69),$AE$76,"×") -> × | O66: （判定）
A67: 申請の有無 | AI67: =F67="申請する" -> FALSE
A68: 加算要件 (要件に該当かつ下記の利用児童表を記載した場合に加算) | F68: 項目 | AA68: 該当の有無
F69: 職員配置を充足している（様式5） | AA69: =【様式５】職員数算出表!O37 -> - | AI69: =AA69="○" -> FALSE
A70: 利用児童表 | C70: 障がい児氏名 | I70: 生年月日 | O70: 障がい認定日 | U70: 入所日 | AA70: 加算認定月 | AE70: 対象の有無 | AI70: 生年月日 | AJ70: 障がい | AK70: 入所 | AL70: 認定
AE71: =IF(COUNTA(C71:AD71)=0,"",IF(AND(AI71,AJ71,AK71,AL71),"○","入力誤り")) | AI71: =AND(I71<>"",I71<>0) -> FALSE | AJ71: =AND(O71>=I71,O71<=DATE(IF(AND(AA71>=4,AA71<=12),$AJ$2,$AJ$2+1),AA71,1)) -> TRUE | AK71: =AND(U71>=I71,U71<=DATE(IF(AND(AA71>=4,AA71<=12),$AJ$2,$AJ$2+1),AA71,1)) -> TRUE | AL71: =AND(AA71<>"",AA71<>0,VLOOKUP(AA71,$AK$3:$AL$15,2,FALSE)<=$AI$19) -> FALSE
AE72: =IF(COUNTA(C72:AD72)=0,"",IF(AND(AI72,AJ72,AK72,AL72),"○","入力誤り")) | AI72: =AND(I72<>"",I72<>0) -> FALSE | AJ72: =AND(O72>=I72,O72<=DATE(IF(AND(AA72>=4,AA72<=12),$AJ$2,$AJ$2+1),AA72,1)) -> TRUE | AK72: =AND(U72>=I72,U72<=DATE(IF(AND(AA72>=4,AA72<=12),$AJ$2,$AJ$2+1),AA72,1)) -> TRUE | AL72: =AND(AA72<>"",AA72<>0,VLOOKUP(AA72,$AK$3:$AL$15,2,FALSE)<=$AI$19) -> FALSE
AE73: =IF(COUNTA(C73:AD73)=0,"",IF(AND(AI73,AJ73,AK73,AL73),"○","入力誤り")) | AI73: =AND(I73<>"",I73<>0) -> FALSE | AJ73: =AND(O73>=I73,O73<=DATE(IF(AND(AA73>=4,AA73<=12),$AJ$2,$AJ$2+1),AA73,1)) -> TRUE | AK73: =AND(U73>=I73,U73<=DATE(IF(AND(AA73>=4,AA73<=12),$AJ$2,$AJ$2+1),AA73,1)) -> TRUE | AL73: =AND(AA73<>"",AA73<>0,VLOOKUP(AA73,$AK$3:$AL$15,2,FALSE)<=$AI$19) -> FALSE
AE74: =IF(COUNTA(C74:AD74)=0,"",IF(AND(AI74,AJ74,AK74,AL74),"○","入力誤り")) | AI74: =AND(I74<>"",I74<>0) -> FALSE | AJ74: =AND(O74>=I74,O74<=DATE(IF(AND(AA74>=4,AA74<=12),$AJ$2,$AJ$2+1),AA74,1)) -> TRUE | AK74: =AND(U74>=I74,U74<=DATE(IF(AND(AA74>=4,AA74<=12),$AJ$2,$AJ$2+1),AA74,1)) -> TRUE | AL74: =AND(AA74<>"",AA74<>0,VLOOKUP(AA74,$AK$3:$AL$15,2,FALSE)<=$AI$19) -> FALSE
AE75: =IF(COUNTA(C75:AD75)=0,"",IF(AND(AI75,AJ75,AK75,AL75),"○","入力誤り")) | AI75: =AND(I75<>"",I75<>0) -> FALSE | AJ75: =AND(O75>=I75,O75<=DATE(IF(AND(AA75>=4,AA75<=12),$AJ$2,$AJ$2+1),AA75,1)) -> TRUE | AK75: =AND(U75>=I75,U75<=DATE(IF(AND(AA75>=4,AA75<=12),$AJ$2,$AJ$2+1),AA75,1)) -> TRUE | AL75: =AND(AA75<>"",AA75<>0,VLOOKUP(AA75,$AK$3:$AL$15,2,FALSE)<=$AI$19) -> FALSE
A76: 添付書類 | F76: ① 障害児保育認定通知、障害者手帳（療育支援手帳を含む）、医師の診断書(障害名が明記されていること。「～疑い」は不可) ※ 通所支援受給者証は不可 | AE76: =IF(AI76=0,"",IF(AI76=SUM(【様式５】職員数算出表!N10:N11),AI76&"人","様式5と不一致")) | AI76: =COUNTIF(AE71:AG75,"○") -> 0
F77: ② 様式5
A79: 4 休日保育加算 | J79: =IFERROR(IF(AND(AI81,AI83,AI87,AI89),TEXT(AD92,"#,##0#")&"人","×"),"エラー") -> エラー | O79: （判定）
A80: 毎月分提出する必要があります。
A81: 申請の有無 | AI81: =F81="申請する" -> FALSE
A82: 加算要件 (1～2の要件全てに該当し、かつ下記の利用児童数表を適切に記載した場合に加算) | F82: 項目 | AA82: 該当の有無
F83: 1 | G83: 休日等を含めて年間を通じて受け入れ態勢を確保している(①又は②のどちらかを満たすこと） | AA83: =IF(OR(AI84,AND(AI85,AI86)),"○","×") -> × | AI83: =AA83="○" -> FALSE
F84: ① | H84: 休日等を含めて年間を通じて開所している | AI84: =AA84="○" -> FALSE
F85: ② | H85: 共同保育※1により年間を通じて保育を提供する体制を確保している | AI85: =AA85="○" -> FALSE
H86: 共同保育施設名： | AI86: =N86<>0 -> FALSE
F87: 2 | G87: 対象子ども※2の年齢及び人数に応じて保育士を配置し、実施体制を整備している（別紙3） | AA87: ='(別紙3)休日'!$AC$5 -> #DIV/0! | AI87: =AA87="○" -> #DIV/0!
AI88: =AA88="○" -> FALSE
A89: 利用児童数表 | F89: 休日保育を今年度初めて実施する場合は○を選択すること➡ | AI89: =OR(AND(AI90,AI92),AND(AI91,AI92,AI93)) -> FALSE
F90: 4 | H90: 5 | J90: 6 | L90: 7 | N90: 8 | P90: 9 | R90: 10 | T90: 11 | V90: 12 | X90: 1 | Z90: 2 | AB90: 3 | AD90: 合計 | AI90: =AD90="○" -> FALSE
A91: =IF(AD90="○","入力不要","前年度延べ利用子ども数※3、4、5（実績）") -> 前年度延べ利用子ども数※3、4、5（実績） | AD91: =IF(AD90="○","",SUM(F91:AC91)) -> 0 | AI91: =AD91>0 -> FALSE
A92: 当年度延べ利用子ども数※3、4、5（見込） （直接入力可能） | F92: =F91 -> 0 | H92: =H91 -> 0 | J92: =J91 -> 0 | L92: =L91 -> 0 | N92: =N91 -> 0 | P92: =P91 -> 0 | R92: =R91 -> 0 | T92: =T91 -> 0 | V92: =V91 -> 0 | X92: =X91 -> 0 | Z92: =Z91 -> 0 | AB92: =AB91 -> 0 | AD92: =SUM(F92:AC92) -> 0 | AI92: =AD92>0 -> FALSE
A93: 前年度実績によらない場合は理由を記載※6 | AI93: =OR(AND(IFERROR(ROUND((AD92/AD91-1)*100,0),0)>=10,F93<>0),IFERROR(ROUND((AD92/AD91-1)*100,0),0)<10) -> TRUE
A94: 添付書類 | F94: ① 別紙３/様式５（毎月作成）
F95: ② 共同保育実施施設は、共同保育により年間を通じて開所する場合の実施要綱や運営規定
A96: ※1 休日保育に係り共同保育が実施できる施設は、保育所、幼稚園、認定こども園、地域型保育事業所（居宅訪問型保育事業所は除く）、企業主導型保育施設のみ。ただし、いずれも事前に札幌市子ども未来局に届出を行い事前に許可されていること
A97: ※2 対象となる子どもは、原則、休日等に常態的に保育を必要とする保育認定子どもであること
A98: ※3 延べ利用子ども数は、1人の子どもが月4日利用した場合は4名と計算すること。
A99: ※4 休日延べ利用子ども数には、休日等に当該休日保育対象施設を利用する休日保育対象施設以外の特定教育・保育施設又は特定地域型保育事業を利用する子どもを含むこと
A100: ※5 共同保育を実施する場合は、実施する各施設の休日延べ利用子ども数の見込み数を含めること
A101: ※6 前年度の平均人数や、一昨年以前の実績を元に算出することとし、今年度の申込状況等に応じた見込とすることはできない
A102: 6 減価償却費加算 | J102: =IF(AND(AI103,AI105,AI106,OR(AI107,AI108),AI112),"○","×") -> × | O102: （判定）
A103: 申請の有無 | AI103: =F103="申請する" -> FALSE
A104: 加算要件 (１～４の要件全てに該当する場合に加算) | F104: 項目 | AA104: 該当の有無
...

Sheet (別紙１)管理者設置
A1: 別紙１（「減算：管理者を配置していない場合」の添付書類） | E1: =I2&"別紙1"&I3 -> #N/A | I1: 様式名
I2: =【様式１】総括表・個票!$AI$2 -> 加-23_月申-
A3: １ 管理者の経歴 | I3: =【様式１】総括表・個票!$AI$3 -> #N/A
A4: 基本情報 | B4: 項目 | C4: 入力欄
B5: 氏名
B6: 生年月日
B7: 年齢
B8: 住所
A9: 学歴 | B9: 年月日 | C9: 学校名と入学・中退・卒業等を記載
A20: 職歴 | B20: 年月日 | C20: 会社名と経歴等を記載
C40: 現施設の施設長に就任～現在に至る
A41: 資格 | B41: 取得年月日 | C41: 資格名等を記載
A53: ２ 同一又は系列園での施設長の重複確認
A54: ・同一又は系列法人内で運営する施設及び事業について全て記載すること
A55: ・施設の認可の有無は問わない(認可・認可外施設全て含んで、園長を兼務しているかどうかを確認します。)
A56: No. | B56: 施設・事業名 | C56: 施設長名 | E56: No. | F56: 施設・事業名 | G56: 施設長名
A57: 1 | B57: =CONCATENATE(【様式１】総括表・個票!D13) | C57: =CONCATENATE(C5) | E57: 51
A58: 2 | E58: 52
A59: 3 | E59: 53
A60: 4 | E60: 54
A61: 5 | E61: 55
A62: 6 | E62: 56
A63: 7 | E63: 57
A64: 8 | E64: 58
A65: 9 | E65: 59
A66: 10 | E66: 60
A67: 11 | E67: 61
A68: 12 | E68: 62
A69: 13 | E69: 63
... A106: 50 | E106: 100

Sheet (別紙2)土曜閉所
A1: 別紙２（「減算：土曜日に閉所する場合」の添付書類） | F1: =J2&"別紙2"&J3 -> #N/A | J1: 様式名 | K1: 選択
A2: 毎月分提出する必要があります。また、前月実績の区分が変更となった場合は、前月に遡及して減算を適用します。 | J2: =【様式１】総括表・個票!$AI$2 -> 加-23_月申-
A3: １ 当該月の利用見込み | C3: =DATE(K4,M4,1) -> #VALUE! | J3: =【様式１】総括表・個票!$AI$3 -> #N/A | K3: ○
A4: 特例※5 | B4: 土曜日 | C4: 日にち | D4: 平日/祝日 | E4: 利用児童数（見込） | F4: 減算 | K4: =【様式１】総括表・個票!D10 | L4: 年 | M4: =【様式１】総括表・個票!I10 -> 0 | N4: 月
B5: 1 | C5: =HLOOKUP($B5,$K$6:$AO$7,2,FALSE) -> #N/A | D5: =IF(C5="無","×",IF(HLOOKUP($B5,$K$6:$AO$8,3,FALSE)="○","祝日",IF($A5="○","特例","平日"))) -> #N/A | F5: =IF(AND($D5="平日",OR($E5=0,ISTEXT($E5))),"○",IF(AND($D5<>"平日",E5>0),"エラー","")) -> #N/A | J5: 土曜日 | K5: =IF(K7<>"",IF(WEEKDAY(DATE($K$4,$M$4,K$7))=7,1,0),0) -> #VALUE! | L5: =IF(L7<>"",IF(WEEKDAY(DATE($K$4,$M$4,L$7))=7,1,0),0) -> #VALUE! | M5: =IF(M7<>"",IF(WEEKDAY(DATE($K$4,$M$4,M$7))=7,1,0),0) -> #VALUE! | N5: =IF(N7<>"",IF(WEEKDAY(DATE($K$4,$M$4,N$7))=7,1,0),0) -> #VALUE! | O5: =IF(O7<>"",IF(WEEKDAY(DATE($K$4,$M$4,O$7))=7,1,0),0) -> #VALUE! | P5: =IF(P7<>"",IF(WEEKDAY(DATE($K$4,$M$4,P$7))=7,1,0),0) -> #VALUE! | Q5: =IF(Q7<>"",IF(WEEKDAY(DATE($K$4,$M$4,Q$7))=7,1,0),0) -> #VALUE! | R5: =IF(R7<>"",IF(WEEKDAY(DATE($K$4,$M$4,R$7))=7,1,0),0) -> #VALUE! | ... AO5: =IF(AO7<>"",IF(WEEKDAY(DATE($K$4,$M$4,AO$7))=7,1,0),0) -> 0
B6: 2 | C6: =HLOOKUP($B6,$K$6:$AO$7,2,FALSE) -> #N/A | D6: =IF(C6="無","×",IF(HLOOKUP($B6,$K$6:$AO$8,3,FALSE)="○","祝日",IF($A6="○","特例","平日"))) -> #N/A | F6: =IF(AND($D6="平日",OR($E6=0,ISTEXT($E6))),"○",IF(AND($D6<>"平日",E6>0),"エラー","")) -> #N/A | J6: 土曜順 | K6: =IF(K5<>1,0,COUNTIF($K$5:K5,1)) -> #VALUE! | L6: =IF(L5<>1,0,COUNTIF($K$5:L5,1)) -> #VALUE! | M6: =IF(M5<>1,0,COUNTIF($K$5:M5,1)) -> #VALUE! | N6: =IF(N5<>1,0,COUNTIF($K$5:N5,1)) -> #VALUE! | O6: =IF(O5<>1,0,COUNTIF($K$5:O5,1)) -> #VALUE! | P6: =IF(P5<>1,0,COUNTIF($K$5:P5,1)) -> #VALUE! | Q6: =IF(Q5<>1,0,COUNTIF($K$5:Q5,1)) -> #VALUE! | R6: =IF(R5<>1,0,COUNTIF($K$5:R5,1)) -> #VALUE! | ... AO6: =IF(AO5<>1,0,COUNTIF($K$5:AO5,1)) -> 0
B7: 3 | C7: =HLOOKUP($B7,$K$6:$AO$7,2,FALSE) -> #N/A | D7: =IF(C7="無","×",IF(HLOOKUP($B7,$K$6:$AO$8,3,FALSE)="○","祝日",IF($A7="○","特例","平日"))) -> #N/A | F7: =IF(AND($D7="平日",OR($E7=0,ISTEXT($E7))),"○",IF(AND($D7<>"平日",E7>0),"エラー","")) -> #N/A | J7: 日にち | K7: 1 | L7: 2 | M7: 3 | N7: 4 | O7: 5 | P7: 6 | Q7: 7 | R7: 8 | S7: 9 | T7: 10 | U7: 11 | V7: 12 | W7: 13 | X7: 14 | Y7: 15 | Z7: 16 | AA7: 17 | AB7: 18 | AC7: 19 | AD7: 20 | AE7: 21 | AF7: 22 | AG7: 23 | AH7: 24 | AI7: 25 | AJ7: 26 | AK7: 27 | AL7: 28 | AM7: =IF(MONTH(DATE(K4,M4,AL7+1))=M4,AL7+1,"") -> #VALUE! | AN7: =IF(M4<>2,IF(AM7<>"",AM7+1,""),"") -> #VALUE! | AO7: =IF(OR(M4=1,M4=3,M4=5,M4=7,M4=8,M4=10,M4=12),AN7+1,"")
B8: 4 | C8: =HLOOKUP($B8,$K$6:$AO$7,2,FALSE) -> #N/A | D8: =IF(C8="無","×",IF(HLOOKUP($B8,$K$6:$AO$8,3,FALSE)="○","祝日",IF($A8="○","特例","平日"))) -> #N/A | F8: =IF(AND($D8="平日",OR($E8=0,ISTEXT($E8))),"○",IF(AND($D8<>"平日",E8>0),"エラー","")) -> #N/A | J8: 祝・休日 | K8: =IF(K7<>"",IF(OR(WEEKDAY(DATE($K$4,$M$4,K$7),2)>6,COUNTIF('休日情報(要更新)'!$A$5:$J$32,DATE($K$4,$M$4,K$7)) >=1),"○",""),"") -> #VALUE! | L8: =IF(L7<>"",IF(OR(WEEKDAY(DATE($K$4,$M$4,L$7),2)>6,COUNTIF('休日情報(要更新)'!$A$5:$J$32,DATE($K$4,$M$4,L$7)) >=1),"○",""),"") -> #VALUE! | M8: =IF(M7<>"",IF(OR(WEEKDAY(DATE($K$4,$M$4,M$7),2)>6,COUNTIF('休日情報(要更新)'!$A$5:$J$32,DATE($K$4,$M$4,M$7)) >=1),"○",""),"") -> #VALUE! | N8: =IF(N7<>"",IF(OR(WEEKDAY(DATE($K$4,$M$4,N$7),2)>6,COUNTIF('休日情報(要更新)'!$A$5:$J$32,DATE($K$4,$M$4,N$7)) >=1),"○",""),"") -> #VALUE! | O8: =IF(O7<>"",IF(OR(WEEKDAY(DATE($K$4,$M$4,O$7),2)>6,COUNTIF('休日情報(要更新)'!$A$5:$J$32,DATE($K$4,$M$4,O$7)) >=1),"○",""),"") -> #VALUE! | P8: =IF(P7<>"",IF(OR(WEEKDAY(DATE($K$4,$M$4,P$7),2)>6,COUNTIF('休日情報(要更新)'!$A$5:$J$32,DATE($K$4,$M$4,P$7)) >=1),"○",""),"") -> #VALUE! | Q8: =IF(Q7<>"",IF(OR(WEEKDAY(DATE($K$4,$M$4,Q$7),2)>6,COUNTIF('休日情報(要更新)'!$A$5:$J$32,DATE($K$4,$M$4,Q$7)) >=1),"○",""),"") -> #VALUE! | R8: =IF(R7<>"",IF(OR(WEEKDAY(DATE($K$4,$M$4,R$7),2)>6,COUNTIF('休日情報(要更新)'!$A$5:$J$32,DATE($K$4,$M$4,R$7)) >=1),"○",""),"") -> #VALUE! | ... AO8: =IF(AO7<>"",IF(OR(WEEKDAY(DATE($K$4,$M$4,AO$7),2)>6,COUNTIF('休日情報(要更新)'!$A$5:$J$32,DATE($K$4,$M$4,AO$7)) >=1),"○",""),"")
B9: 5 | C9: =IF(ISERROR(HLOOKUP($B9,$K$6:$AO$7,2,FALSE)),"無",HLOOKUP($B9,$K$6:$AO$7,2,FALSE)) -> 無 | D9: =IF(C9="無","×",IF(HLOOKUP($B9,$K$6:$AO$8,3,FALSE)="○","祝日",IF($A9="○","特例","平日"))) -> × | F9: =IF(AND($D9="平日",OR($E9=0,ISTEXT($E9))),"○",IF(AND($D9<>"平日",E9>0),"エラー",""))
A10: 計 | D10: =COUNTIF(D5:D9,"平日")+COUNTIF(D5:D9,"特例") -> 0 | F10: =COUNTIF(F5:F9,"○") -> 0
B11: 減算区分： | C11: =IF(F10=D10,"全て",IF(F10>=3,"3日以上",IF(F10=2,"2日",IF(F10=1,"1日","×")))) -> 全て
K12: =YEAR(DATE($K$4,$M$4,1)-1) -> #VALUE! | L12: 年 | M12: =MONTH(DATE($K$4,$M$4,1)-1) -> #VALUE! | N12: 月
A13: 2 前月の利用実績 | C13: =C3-1 -> #VALUE! | J13: 土曜日 | K13: =IF(K15<>"",IF(WEEKDAY(DATE($K$12,$M$12,K$15))=7,1,0),0) -> #VALUE! | L13: =IF(L15<>"",IF(WEEKDAY(DATE($K$12,$M$12,L$15))=7,1,0),0) -> #VALUE! | M13: =IF(M15<>"",IF(WEEKDAY(DATE($K$12,$M$12,M$15))=7,1,0),0) -> #VALUE! | N13: =IF(N15<>"",IF(WEEKDAY(DATE($K$12,$M$12,N$15))=7,1,0),0) -> #VALUE! | O13: =IF(O15<>"",IF(WEEKDAY(DATE($K$12,$M$12,O$15))=7,1,0),0) -> #VALUE! | P13: =IF(P15<>"",IF(WEEKDAY(DATE($K$12,$M$12,P$15))=7,1,0),0) -> #VALUE! | Q13: =IF(Q15<>"",IF(WEEKDAY(DATE($K$12,$M$12,Q$15))=7,1,0),0) -> #VALUE! | R13: =IF(R15<>"",IF(WEEKDAY(DATE($K$12,$M$12,R$15))=7,1,0),0) -> #VALUE! | ... AO13: =IF(AO15<>"",IF(WEEKDAY(DATE($K$12,$M$12,AO$15))=7,1,0),0) -> #VALUE!
A14: 特例※5 | B14: 土曜日 | C14: 日にち | D14: 平日/祝日 | E14: 利用児童数（見込） | F14: 減算(見込) | G14: 利用児童数（実績） | H14: 減算(実績) | J14: 土曜順 | K14: =IF(K13<>1,0,COUNTIF($K$13:K13,1)) -> #VALUE! | L14: =IF(L13<>1,0,COUNTIF($K$13:L13,1)) -> #VALUE! | M14: =IF(M13<>1,0,COUNTIF($K$13:M13,1)) -> #VALUE! | N14: =IF(N13<>1,0,COUNTIF($K$13:N13,1)) -> #VALUE! | O14: =IF(O13<>1,0,COUNTIF($K$13:O13,1)) -> #VALUE! | P14: =IF(P13<>1,0,COUNTIF($K$13:P13,1)) -> #VALUE! | Q14: =IF(Q13<>1,0,COUNTIF($K$13:Q13,1)) -> #VALUE! | R14: =IF(R13<>1,0,COUNTIF($K$13:R13,1)) -> #VALUE! | ... AO14: =IF(AO13<>1,0,COUNTIF($K$13:AO13,1)) -> #VALUE!
B15: 1 | C15: =HLOOKUP($B15,$K$14:$AO$15,2,FALSE) -> #N/A | D15: =IF(C15="無","×",IF(HLOOKUP($B15,$K$14:$AO$16,3,FALSE)="○","祝日",IF($A15="○","特例","平日"))) -> #N/A | F15: =IF(AND($D15="平日",OR($E15=0,ISTEXT($E15))),"○",IF(AND($D15<>"平日",E15>0),"エラー","")) -> #N/A | H15: =IF(AND($D15="平日",OR($G15=0,ISTEXT($G15))),"○",IF(AND($D15<>"平日",$G15>0),"エラー","")) -> #N/A | J15: 日にち | K15: 1 | L15: 2 | M15: 3 | N15: 4 | O15: 5 | P15: 6 | Q15: 7 | R15: 8 | S15: 9 | T15: 10 | U15: 11 | V15: 12 | W15: 13 | X15: 14 | Y15: 15 | Z15: 16 | AA15: 17 | AB15: 18 | AC15: 19 | AD15: 20 | AE15: 21 | AF15: 22 | AG15: 23 | AH15: 24 | AI15: 25 | AJ15: 26 | AK15: 27 | AL15: 28 | AM15: =IF(MONTH(DATE(K12,M12,AL15+1))=M12,AL15+1,"") -> #VALUE! | AN15: =IF(M12<>2,IF(AM15<>"",AM15+1,""),"") -> #VALUE! | AO15: =IF(OR(M12=1,M12=3,M12=5,M12=7,M12=8,M12=10,M12=12),AN15+1,"") -> #VALUE!
B16: 2 | C16: =HLOOKUP($B16,$K$14:$AO$15,2,FALSE) -> #N/A | D16: =IF(C16="無","×",IF(HLOOKUP($B16,$K$14:$AO$16,3,FALSE)="○","祝日",IF($A16="○","特例","平日"))) -> #N/A | F16: =IF(AND($D16="平日",OR($E16=0,ISTEXT($E16))),"○",IF(AND($D16<>"平日",E16>0),"エラー","")) -> #N/A | H16: =IF(AND($D16="平日",OR($G16=0,ISTEXT($G16))),"○",IF(AND($D16<>"平日",$G16>0),"エラー","")) -> #N/A | J16: 祝・休日 | K16: =IF(K15<>"",IF(OR(WEEKDAY(DATE($K$12,$M$12,K$15),2)>6,COUNTIF('休日情報(要更新)'!$A$5:$J$32,DATE($K$12,$M$12,K$15)) >=1),"○",""),"") -> #VALUE! | L16: =IF(L15<>"",IF(OR(WEEKDAY(DATE($K$12,$M$12,L$15),2)>6,COUNTIF('休日情報(要更新)'!$A$5:$J$32,DATE($K$12,$M$12,L$15)) >=1),"○",""),"") -> #VALUE! | M16: =IF(M15<>"",IF(OR(WEEKDAY(DATE($K$12,$M$12,M$15),2)>6,COUNTIF('休日情報(要更新)'!$A$5:$J$32,DATE($K$12,$M$12,M$15)) >=1),"○",""),"") -> #VALUE! | N16: =IF(N15<>"",IF(OR(WEEKDAY(DATE($K$12,$M$12,N$15),2)>6,COUNTIF('休日情報(要更新)'!$A$5:$J$32,DATE($K$12,$M$12,N$15)) >=1),"○",""),"") -> #VALUE! | O16: =IF(O15<>"",IF(OR(WEEKDAY(DATE($K$12,$M$12,O$15),2)>6,COUNTIF('休日情報(要更新)'!$A$5:$J$32,DATE($K$12,$M$12,O$15)) >=1),"○",""),"") -> #VALUE! | P16: =IF(P15<>"",IF(OR(WEEKDAY(DATE($K$12,$M$12,P$15),2)>6,COUNTIF('休日情報(要更新)'!$A$5:$J$32,DATE($K$12,$M$12,P$15)) >=1),"○",""),"") -> #VALUE! | Q16: =IF(Q15<>"",IF(OR(WEEKDAY(DATE($K$12,$M$12,Q$15),2)>6,COUNTIF('休日情報(要更新)'!$A$5:$J$32,DATE($K$12,$M$12,Q$15)) >=1),"○",""),"") -> #VALUE! | R16: =IF(R15<>"",IF(OR(WEEKDAY(DATE($K$12,$M$12,R$15),2)>6,COUNTIF('休日情報(要更新)'!$A$5:$J$32,DATE($K$12,$M$12,R$15)) >=1),"○",""),"") -> #VALUE! | ... AO16: =IF(AO15<>"",IF(OR(WEEKDAY(DATE($K$12,$M$12,AO$15),2)>6,COUNTIF('休日情報(要更新)'!$A$5:$J$32,DATE($K$12,$M$12,AO$15)) >=1),"○",""),"") -> #VALUE!
B17: 3 | C17: =HLOOKUP($B17,$K$14:$AO$15,2,FALSE) -> #N/A | D17: =IF(C17="無","×",IF(HLOOKUP($B17,$K$14:$AO$16,3,FALSE)="○","祝日",IF($A17="○","特例","平日"))) -> #N/A | F17: =IF(AND($D17="平日",OR($E17=0,ISTEXT($E17))),"○",IF(AND($D17<>"平日",E17>0),"エラー","")) -> #N/A | H17: =IF(AND($D17="平日",OR($G17=0,ISTEXT($G17))),"○",IF(AND($D17<>"平日",$G17>0),"エラー","")) -> #N/A
B18: 4 | C18: =HLOOKUP($B18,$K$14:$AO$15,2,FALSE) -> #N/A | D18: =IF(C18="無","×",IF(HLOOKUP($B18,$K$14:$AO$16,3,FALSE)="○","祝日",IF($A18="○","特例","平日"))) -> #N/A | F18: =IF(AND($D18="平日",OR($E18=0,ISTEXT($E18))),"○",IF(AND($D18<>"平日",E18>0),"エラー","")) -> #N/A | H18: =IF(AND($D18="平日",OR($G18=0,ISTEXT($G18))),"○",IF(AND($D18<>"平日",$G18>0),"エラー","")) -> #N/A
B19: 5 | C19: =IF(ISERROR(HLOOKUP($B19,$K$14:$AO$15,2,FALSE)),"無",HLOOKUP($B19,$K$14:$AO$15,2,FALSE)) -> 無 | D19: =IF(C19="無","×",IF(HLOOKUP($B19,$K$14:$AO$16,3,FALSE)="○","祝日",IF($A19="○","特例","平日"))) -> × | F19: =IF(AND($D19="平日",OR($E19=0,ISTEXT($E19))),"○",IF(AND($D19<>"平日",E19>0),"エラー","")) | H19: =IF(AND($D19="平日",OR($G19=0,ISTEXT($G19))),"○",IF(AND($D19<>"平日",$G19>0),"エラー",""))
A20: 計 | D20: =COUNTIF(D15:D19,"平日")+COUNTIF(D15:D19,"特例") -> 0 | F20: =COUNTIF(F15:F19,"○") -> 0 | H20: =COUNTIF(H15:H19,"○") -> 0
B22: 減算区分(見込)： | C22: =IF(F20=D20,"全て",IF(F20>=3,"3日以上",IF(F20=2,"2日",IF(F20=1,"1日","×")))) -> 全て | D22: → | E22: 減算区分(実績)： | F22: =IF(D20=H20,"全て",IF(H20>=3,"3日以上",IF(H20=2,"2日",IF(H20=1,"1日","×")))) -> 全て | G22: =IF(J22,"(変更無)","(変更有)") -> (変更無) | J22: =F22=C22 -> TRUE
A24: ※1 利用児童について、延長保育、一時保育を含めないこと。
A25: ※2 他の保育所等との共同保育により、利用希望者の保育を確保・実施した場合は利用児童数に含めること。 ただし、共同保育により相手施設から受け入れた児童数は含めないこと。
A27: ※3 利用児童数(実績)について、当日キャンセルの児童は含めて良い(前日キャンセルは不可)。なお、運動会等による行事開催が当日キャンセルになった場合も保護者の希望があれば保育を実施する必要があることに留意すること。
A29: ※4 年末年始の閉園日（12/29～31、1/2～3）に土曜日が含まれる場合は祝日扱いとします。
A30: ※5 新型コロナ感染症の影響により休園した場合は「○」を選択すること。なお、常時土曜日を閉所している施設は選択しないこと。

Sheet (別紙3)休日
A1: 別紙３（「加算：休日保育加算」の添付書類） | R1: =AC2&"別紙3"&AC3 -> #N/A | AC1: 様式名 | AD1: 時 | AE1: 分 | AF1: 給食 | AG1: 料金単位 | AH1: 体制 | AI1: 給与 | AJ1: 常勤・非常勤 | AK1: 回答 | AL1: 各月見込
A2: 毎月分作成する必要があります。 | AC2: =【様式１】総括表・個票!$AI$2 -> 加-23_月申-
AC3: =【様式１】総括表・個票!$AI$3 -> #N/A | AD3: 0 | AE3: 0 | AF3: 実施している | AG3: １時間当たり | AH3: 平日勤務の職員によるシフト制 | AI3: 全て通常給与 | AJ3: 常勤 | AK3: はい | AL3: =【様式１】総括表・個票!F92 -> 0
A4: 実施計画 | AC4: 判定 | AD4: 1 | AE4: 15 | AF4: 実施していない | AG4: １日当たり | AH4: 休日保育専従職員配置 | AI4: 全て超過勤務 | AJ4: 非常勤 | AK4: いいえ | AL4: =【様式１】総括表・個票!H92 -> 0
A5: No. | D5: 項目 | L5: 内容 | Z5: 判定 | AC5: =IF(AND(AC6,AC7,AC9,AC11,AC13,AC15,AC20,AC21,AC24),"○","×") -> #DIV/0! | AD5: 2 | AE5: 30 | AG5: １月当たり | AI5: 通常給与と超過勤務の混合 | AL5: =【様式１】総括表・個票!J92 -> 0
A6: 1 | D6: 実施日 | L6: 日曜日、祝日 | Z6: ○ | AC6: =Z6="○" -> TRUE | AD6: 3 | AE6: 45 | AG6: その他（ ） | AL6: =【様式１】総括表・個票!L92 -> 0
A7: 2 | D7: 時間帯 | H7: 標準時間 | N7: 時 | Q7: 分 | R7: ～ | V7: 時 | Y7: 分 | Z7: =IF(AND(L7<>"",O7<>"",T7<>"",W7<>"",L8<>"",O8<>"",T8<>"",W8<>""),"○","×") -> × | AC7: =Z7="○" -> FALSE | AD7: 4 | AL7: =【様式１】総括表・個票!N92 -> 0
H8: 短時間 | N8: 時 | Q8: 分 | R8: ～ | V8: 時 | Y8: 分 | AD8: 5 | AL8: =【様式１】総括表・個票!P92 -> 0
A9: 3 | D9: 利用児童数 | L9: 年間見込 | S9: =【様式１】総括表・個票!AD93 -> 0 | Y9: 人 | Z9: ○ | AC9: =Z9="○" -> TRUE | AD9: 6 | AL9: =【様式１】総括表・個票!R92 -> 0
A10: 4 | D10: 給食 （間食） | H10: 実施 | Z10: =IF(AND(L10="実施している",L11<>""),"○","×") -> × | AD10: 7 | AL10: =【様式１】総括表・個票!T92 -> 0
H11: 料金 | Y11: 円/食 | AC11: =Z10="○" -> FALSE | AD11: 8 | AL11: =【様式１】総括表・個票!V92 -> 0
A12: 5 | D12: 料金 | H12: 単位 | Z12: =IF(AND(L12<>"",L13<>""),"○","×") -> × | AD12: 9 | AL12: =【様式１】総括表・個票!X92 -> 0
H13: 金額 | Y13: 円 | AC13: =Z12="○" -> FALSE | AD13: 10 | AL13: =【様式１】総括表・個票!Z92 -> 0
A14: 6 | D14: 職員体制 | H14: 体制 | Z14: =IF(AND(L14<>"",L15<>""),"○","×") -> × | AD14: 11 | AL14: =【様式１】総括表・個票!AB92 -> 0
H15: 給与区分 | AC15: =Z14="○" -> FALSE | AD15: 12 | AL15: 今月は
AD16: 13 | AL16: =HLOOKUP(【様式１】総括表・個票!$I$10,【様式１】総括表・個票!$F$90:$AC$92,3,FALSE) -> #N/A
A17: 必要保育士数について | AD17: 14
A18: No. | D18: 確認事項 | T18: 回答 | Z18: 判定 | AD18: 15
A19: 1 | D19: 常時2名以上を配置している | Z19: =IF(T19="はい","○","×") -> × | AD19: 16
A20: 2 | D20: 児童福祉施設設備運営基準第33条第２項及び附則第94条から第97条、児童福祉施設最低基準の一部を改正する省令附則第２条の規定を確認している | Z20: =IF(T20="はい","○","×") -> × | AC20: =Z19="○" -> FALSE | AD20: 17
AC21: =Z20="○" -> FALSE | AD21: 18
AD22: 19
A23: 3 | D23: 延べ利用子ども数（見込）の年齢及び人数に応じて保育士を配置している | Z23: =IF(W32>=Q32,"○","×") -> #DIV/0! | AD23: 20
E24: ="＜"&【様式１】総括表・個票!I10&"月分＞" -> ＜月分＞ | AC24: =Z23="○" -> #DIV/0! | AD24: 21
E25: ="【様式１】個票４の延べ利用子ども数"&【様式１】総括表・個票!$I$10&"月分の内訳（計"&$AL$16&"名）" -> #N/A | N25: 配置基準 | Q25: 必要職員数 | T25: 配置職員 （常勤換算数） | AD25: 22
AD26: 23
E28: 乳児 | M28: 名 | N28: 3：1 | Q28: =ROUNDDOWN(I28/3/25,2) -> 0 | S28: 名 | T28: 通常給与対応分 | W28: =【様式５】職員数算出表!L102 -> 0 | Y28: 名
E29: 1.2歳児 | M29: 名 | N29: 6：1 | Q29: =ROUNDDOWN(I29/6/25,2) -> 0 | S29: 名 | Z29: （ア）
E30: ３歳児 | M30: 名 | N30: 20：1 | Q30: =ROUNDDOWN(I30/20/25,2) -> 0 | S30: 名 | T30: 超過勤務対応分 | W30: =V54 -> #DIV/0! | Y30: 名
E31: ４歳以上児 | M31: 名 | N31: 30：1 | Q31: =ROUNDDOWN(I31/30/25,2) -> 0 | S31: 名 | Z31: （イ）
E32: 計 | I32: =SUM(I28:L31) -> 0 | M32: 名 | Q32: =IF(ROUND(SUM(Q28:R31),1)<0.5,0.5,ROUND(SUM(Q28:R31),1)) -> 0.5 | S32: 名 | W32: =SUM(W28:X31) -> #DIV/0! | Y32: 名
E33: エラー：延べ利用子ども数（見込）を個票と一致させてください。
E34: ※必要職員数の下限は0.5名です。
E35: （ア） | G35: 配置職員（通常給与による対応） | S35: 様式５より引用
E37: （イ） | G37: 配置職員（超過勤務による対応） | S37: 以下のとおり
E38: No. | G38: 常勤・非常勤 | K38: 月当たりの超過勤務対応時間 | S38: 氏名
E39: 1
E40: 2
E41: 3
E42: 4
E43: 5
E44: 6
E45: 7
E46: 8
E47: 9
E48: 10
E49: 11
E50: 12
... E53: 15
E54: 計 | K54: =SUM(K39:R53) -> 0 | Q54: 時間 | S54: 常勤換算数 | V54: =K54/【様式2】職員名簿!F5 -> #DIV/0! | Y54: 名

Sheet (別紙6)定員超過
A1: 別紙６‐１（「減算：定員を恒常的に超過する場合」の添付書類） | L1: =$R$2&"別紙6-1"&$R$3 -> #N/A | R1: 様式名 | S1: 月 | T1: 年度
L2: =DATE(【様式１】総括表・個票!S210,【様式１】総括表・個票!X210,【様式１】総括表・個票!AA210) -> #NUM! | R2: =【様式１】総括表・個票!$AI$2 -> 加-23_月申- | T2: =【様式１】総括表・個票!AJ2 -> 2023
R3: =【様式１】総括表・個票!$AI$3 -> #N/A | S3: 4
B4: 札幌市子ども未来局支援制度担当部長 宛 | S4: 5
S5: 6
I6: 申出者 | J6: 法人名 | K6: =CONCATENATE(【様式１】総括表・個票!S6) | S6: 7
J7: 代表者 | K7: =CONCATENATE(【様式１】総括表・個票!S7) | S7: 8
S8: 9
S9: 10
D10: ３号利用定員の恒常的な超過の解消に関する申出書 | S10: 11
S11: 1
A12: =" 保育の提供について、５年度間常に２・３号認定こどもの利用定員を超えており、かつ、年間平均在所率が120%以上の状態にありましたが、"&【様式１】総括表・個票!AJ2&"年度についてはこの状態を解消できる見込みであるため、下記のとおり申し出いたします。" -> 保育の提供について、５年度間常に２・３号認定こどもの利用定員を超えており、かつ、年間平均在所率が120%以上の状態にありましたが、2023年度についてはこの状態を解消できる見込みであるため、下記のとおり申し出いたします。 | S12: 2
S13: 3
A16: 記
A18: １ 施設名
B19: =【様式１】総括表・個票!D13 -> 0
A21: ２ 見直した区分
B22: =CONCATENATE(【様式１】総括表・個票!S211)
R23: =IF(COUNTIF(B22,"*定員*")=1,"○","")
B24: (1) 定員
B25: =IF($R$23="○","見直し前","定員") -> 定員 | D25: =SUM(【様式１】総括表・個票!R15) -> 0 | F25: 人
B26: =IF($R$23="○","見直し後","") | F26: =IF($R$23="○","人","") | G26: =IF($R$23="○","（見直した月","") | L26: =IF($R$23="○","月）","") | R26: =D25 -> 0
R27: =IF(D26="",R26,D26) -> 0 | S27: =IF(OR(J26="",J26=0),12,IF(J26>=4,J26-3,J26+9)) -> 12
B28: (2) 利用初日児童数（予定）
B29: 以下のとおり年間平均在所率が基準を越えることが無いように保育を提供いたします。
B30: また、年間平均在所率が120%以上となった場合は、減算適用に従います。
B31: 3号 | D31: 4月 | E31: 5月 | F31: 6月 | G31: 7月 | H31: 8月 | I31: 9月 | J31: 10月 | K31: 11月 | L31: 12月 | M31: 1月 | N31: 2月 | O31: 3月 | P31: 計 | R31: 4月 | S31: 5月 | T31: 6月 | U31: 7月 | V31: 8月 | W31: 9月 | X31: 10月 | Y31: 11月 | Z31: 12月 | AA31: 1月 | AB31: 2月 | AC31: 3月
B32: 定員 | D32: =IF($S$27>R32,$R$26,$R$27) -> 0 | E32: =IF($S$27>S32,$R$26,$R$27) -> 0 | F32: =IF($S$27>T32,$R$26,$R$27) -> 0 | G32: =IF($S$27>U32,$R$26,$R$27) -> 0 | H32: =IF($S$27>V32,$R$26,$R$27) -> 0 | I32: =IF($S$27>W32,$R$26,$R$27) -> 0 | J32: =IF($S$27>X32,$R$26,$R$27) -> 0 | K32: =IF($S$27>Y32,$R$26,$R$27) -> 0 | ... O32: =IF($S$27>AC32,$R$26,$R$27) -> 0 | P32: =SUM(D32:O32) -> 0 | R32: 1 | S32: 2 | T32: 3 | U32: 4 | V32: 5 | W32: 6 | X32: 7 | Y32: 8 | Z32: 9 | AA32: 10 | AB32: 11 | AC32: 12
B33: 利用児童数 | P33: =SUM(D33:O33) -> 0 | R33: =ROUNDDOWN(SUM(D33:F33)/SUM(D32:F32),2) -> #DIV/0! | S33: =ROUNDDOWN(SUM(E33:G33)/SUM(E32:G32),2) -> #DIV/0! | T33: =ROUNDDOWN(SUM(F33:H33)/SUM(F32:H32),2) -> #DIV/0! | U33: =ROUNDDOWN(SUM(G33:I33)/SUM(G32:I32),2) -> #DIV/0! | V33: =ROUNDDOWN(SUM(H33:J33)/SUM(H32:J32),2) -> #DIV/0! | W33: =ROUNDDOWN(SUM(I33:K33)/SUM(I32:K32),2) -> #DIV/0! | X33: =ROUNDDOWN(SUM(J33:L33)/SUM(J32:L32),2) -> #DIV/0! | Y33: =ROUNDDOWN(SUM(K33:M33)/SUM(K32:M32),2) -> #DIV/0! | ... AA33: =ROUNDDOWN(SUM(M33:O33)/SUM(M32:O32),2) -> #DIV/0! | AB33: =ROUNDDOWN(SUM(N33:O33)/SUM(N32:O32),2) -> #DIV/0! | AC33: =ROUNDDOWN(SUM(O33:O33)/SUM(O32:O32),2) -> #DIV/0!
B34: 超過 | D34: =IF(D33="","未入力",IF(D33>D32,"○","×")) -> 未入力 | E34: =IF(E33="","未入力",IF(E33>E32,"○","×")) -> 未入力 | F34: =IF(F33="","未入力",IF(F33>F32,"○","×")) -> 未入力 | G34: =IF(G33="","未入力",IF(G33>G32,"○","×")) -> 未入力 | H34: =IF(H33="","未入力",IF(H33>H32,"○","×")) -> 未入力 | I34: =IF(I33="","未入力",IF(I33>I32,"○","×")) -> 未入力 | J34: =IF(J33="","未入力",IF(J33>J32,"○","×")) -> 未入力 | K34: =IF(K33="","未入力",IF(K33>K32,"○","×")) -> 未入力 | ... O34: =IF(O33="","未入力",IF(O33>O32,"○","×")) -> 未入力 | P34: =SUM(R35:AC35) -> #DIV/0! | R34: 判定
B35: 平均在所率 | D35: =ROUNDDOWN(P33/P32,2) -> #DIV/0! | F35: =IF(D35>=1.2,"➡不適切な申出です","") -> #DIV/0! | J35: =J26&"月から"&IF(J26=2,2,IF(J26=3,1,3))&"か月間の平均在所率" -> 月から3か月間の平均在所率 | L35: =IFERROR(HLOOKUP($S$27,$R$32:$AC$33,2,FALSE),R33) -> #DIV/0! | N35: =IF(AND(T2>=2022,L35>=1.15),"➡不適切な申出です","") -> #DIV/0! | R35: =IF($D$35>=1.2,IF(COUNTIF($D34:D34,"○")=R32,1,0),0) -> #DIV/0! | S35: =IF($D$35>=1.2,IF(COUNTIF($D34:E34,"○")=S32,1,0),0) -> #DIV/0! | T35: =IF($D$35>=1.2,IF(COUNTIF($D34:F34,"○")=T32,1,0),0) -> #DIV/0! | U35: =IF($D$35>=1.2,IF(COUNTIF($D34:G34,"○")=U32,1,0),0) -> #DIV/0! | V35: =IF($D$35>=1.2,IF(COUNTIF($D34:H34,"○")=V32,1,0),0) -> #DIV/0! | W35: =IF($D$35>=1.2,IF(COUNTIF($D34:I34,"○")=W32,1,0),0) -> #DIV/0! | X35: =IF($D$35>=1.2,IF(COUNTIF($D34:J34,"○")=X32,1,0),0) -> #DIV/0! | Y35: =IF($D$35>=1.2,IF(COUNTIF($D34:K34,"○")=Y32,1,0),0) -> #DIV/0! | ... AC35: =IF($D$35>=1.2,IF(COUNTIF($D34:O34,"○")=AC32,1,0),0) -> #DIV/0!
B37: 申出内容： | D37: =IFERROR(IF(OR(D35>=1.2,AND(T2>=2022,L35>=1.15),COUNTIF(D34:O34,"未入力")>=1),"×","○"),"×") -> ×
A43: 別紙６‐２（「減算：定員を恒常的に超過する場合」の添付書類） | L43: =$R$2&"別紙6-2"&$R$3 -> #N/A
L44: =DATE(【様式１】総括表・個票!AJ2+1,3,1) -> 45352
B46: 札幌市子ども未来局支援制度担当部長 宛
I48: 申出者 | J48: 法人名 | K48: =CONCATENATE(【様式１】総括表・個票!S6)
J49: 代表者 | K49: =CONCATENATE(【様式１】総括表・個票!S7)
D52: ３号利用定員の恒常的な超過の解消に関する実績報告書
A54: =" 保育の提供について、５年度間常に２・３号認定こどもの利用定員を超えており、かつ、年間平均在所率が120%以上の状態にありましたが、"&【様式１】総括表・個票!AJ2&"年度の実績について下記のとおりとなっておりますので報告いたします。" -> 保育の提供について、５年度間常に２・３号認定こどもの利用定員を超えており、かつ、年間平均在所率が120%以上の状態にありましたが、2023年度の実績について下記のとおりとなっておりますので報告いたします。
A59: １ 施設名
B60: =B19 -> 0
A62: ２ 見直しした区分
B63: =CONCATENATE(B22)
B65: (1) 定員 | R65: =IF(COUNTIF(B63,"*定員*")=1,"○","")
B66: =IF($R$65="○","見直し前","定員") -> 定員 | D66: =D25 -> 0 | F66: 人
B67: =IF($R$65="○","見直し後","") | D67: =D26 -> 0 | F67: =IF($R$65="○","人","") | G67: =IF($R$65="○","（見直した月","") | J67: =J26 -> 0 | L67: =IF($R$65="○","月）","")
R68: =D66 -> 0
B69: (2) 利用初日児童数(実績) | R69: =IF(D67="",R68,D67) -> 0 | S69: =IF(OR(J67="",J67=0),12,IF(J67>=4,J67-3,J67+9)) -> 12
B70: 下記のとおりの実績となっております。
B71: =IF(AND($D$76>1.2,$P$75<>0)," また、年間平均在所率が120%以上であったため、減算適用いたします。","なお、年間平均在所率は120%以上ではありませんでした。") -> #DIV/0!
B72: 3号 | D72: 4月 | E72: 5月 | F72: 6月 | G72: 7月 | H72: 8月 | I72: 9月 | J72: 10月 | K72: 11月 | L72: 12月 | M72: 1月 | N72: 2月 | O72: 3月 | P72: 計
B73: 定員 | D73: =IF($S$69>R74,$R$68,$R$69) -> 0 | E73: =IF($S$69>S74,$R$68,$R$69) -> 0 | F73: =IF($S$69>T74,$R$68,$R$69) -> 0 | G73: =IF($S$69>U74,$R$68,$R$69) -> 0 | H73: =IF($S$69>V74,$R$68,$R$69) -> 0 | I73: =IF($S$69>W74,$R$68,$R$69) -> 0 | J73: =IF($S$69>X74,$R$68,$R$69) -> 0 | K73: =IF($S$69>Y74,$R$68,$R$69) -> 0 | ... O73: =IF($S$69>AC74,$R$68,$R$69) -> 0 | P73: =SUM(D73:O73) -> 0 | R73: 4月 | S73: 5月 | T73: 6月 | U73: 7月 | V73: 8月 | W73: 9月 | X73: 10月 | Y73: 11月 | Z73: 12月 | AA73: 1月 | AB73: 2月 | AC73: 3月
B74: 利用児童数 | P74: =SUM(D74:O74) -> 0 | R74: 1 | S74: 2 | T74: 3 | U74: 4 | V74: 5 | W74: 6 | X74: 7 | Y74: 8 | Z74: 9 | AA74: 10 | AB74: 11 | AC74: 12
B75: 超過 | D75: =IF(D74="","未入力",IF(D74>D73,"○","×")) -> 未入力 | E75: =IF(E74="","未入力",IF(E74>E73,"○","×")) -> 未入力 | F75: =IF(F74="","未入力",IF(F74>F73,"○","×")) -> 未入力 | G75: =IF(G74="","未入力",IF(G74>G73,"○","×")) -> 未入力 | H75: =IF(H74="","未入力",IF(H74>H73,"○","×")) -> 未入力 | I75: =IF(I74="","未入力",IF(I74>I73,"○","×")) -> 未入力 | J75: =IF(J74="","未入力",IF(J74>J73,"○","×")) -> 未入力 | K75: =IF(K74="","未入力",IF(K74>K73,"○","×")) -> 未入力 | ... O75: =IF(O74="","未入力",IF(O74>O73,"○","×")) -> 未入力 | P75: =SUM(R77:AC77) -> #DIV/0!
B76: 平均在所率 | D76: =ROUNDDOWN(P74/P73,2) -> #DIV/0! | R76: 判定
R77: =IF($D$76>=1.2,IF(COUNTIF($D75:D75,"○")=R74,1,0),0) -> #DIV/0! | S77: =IF($D$76>=1.2,IF(COUNTIF($D75:E75,"○")=S74,1,0),0) -> #DIV/0! | T77: =IF($D$76>=1.2,IF(COUNTIF($D75:F75,"○")=T74,1,0),0) -> #DIV/0! | U77: =IF($D$76>=1.2,IF(COUNTIF($D75:G75,"○")=U74,1,0),0) -> #DIV/0! | V77: =IF($D$76>=1.2,IF(COUNTIF($D75:H75,"○")=V74,1,0),0) -> #DIV/0! | W77: =IF($D$76>=1.2,IF(COUNTIF($D75:I75,"○")=W74,1,0),0) -> #DIV/0! | X77: =IF($D$76>=1.2,IF(COUNTIF($D75:J75,"○")=X74,1,0),0) -> #DIV/0! | Y77: =IF($D$76>=1.2,IF(COUNTIF($D75:K75,"○")=Y74,1,0),0) -> #DIV/0! | ... AC77: =IF($D$76>=1.2,IF(COUNTIF($D75:O75,"○")=AC74,1,0),0) -> #DIV/0!
B78: =IF(AND($D$76>=1.2,$P$75<>0)," 減算遡及適用：4 月 ～ "&IF(P75>9,P75-9,P75+3)&" 月","") -> #DIV/0!

Sheet 【様式2】職員名簿
A1: 【様式2】 | H1: =L2&"様式2"&L3 -> #N/A | L1: 様式名
A2: =【様式１】総括表・個票!AJ2&"年度" -> 2023年度 | E2: 職員名簿 | G2: =+"【"&【様式１】総括表・個票!I10&"月分】" -> 【月分】 | L2: =【様式１】総括表・個票!$AI$2 -> 加-23_月申-
A3: <常勤換算> | L3: =【様式１】総括表・個票!$AI$3 -> #N/A
B4: 常勤職員１人の勤務時間数/月
B5: 就業規則等で定める常勤職員１人の１か月の所定労働時間(休憩時間を含まない。)を記載すること。ただし、150時間未満の場合は根拠・理由を記載すること。 | E5: 時間/月 | J5: 時間
E6: =IF(AND(F5<150,F5>0),"根拠・理由","")
B8: 項目 | C8: 職員数（札幌市確認用） | G8: 常勤換算数
C9: 常勤 | F9: 非常勤※ | G9: 常勤 | H9: 非常勤 | J9: 計(常勤＋非常勤)
C10: 正職 | D10: 臨職 | E10: その他 | G10: 人数 | H10: 勤務時間 | I10: 常勤換算数
B11: 施設長 | C11: =T138 -> 0 | D11: =U138 -> 0 | E11: =SUM(V138,W138) -> 0 | F11: =X138 -> 0 | G11: =R138 -> 0 | H11: =S138 -> 0 | I11: =IFERROR(H11/$F$5,0) -> 0 | J11: =SUM(G11,I11) -> 0
B12: 保育士※ | C12: =T139 -> 0 | D12: =U139 -> 0 | E12: =SUM(V139,W139) -> 0 | F12: =X139 -> 0 | G12: =R139 -> 0 | H12: =S139 -> 0 | I12: =IFERROR(H12/$F$5,0) -> 0 | J12: =SUM(G12,I12) -> 0
B13: 栄養士 | C13: =T140 -> 0 | D13: =U140 -> 0 | E13: =SUM(V140,W140) -> 0 | F13: =X140 -> 0 | G13: =R140 -> 0 | H13: =S140 -> 0 | I13: =IFERROR(H13/$F$5,0) -> 0 | J13: =SUM(G13,I13) -> 0
B14: 調理員 | C14: =T141 -> 0 | D14: =U141 -> 0 | E14: =SUM(V141,W141) -> 0 | F14: =X141 -> 0 | G14: =R141 -> 0 | H14: =S141 -> 0 | I14: =IFERROR(H14/$F$5,0) -> 0 | J14: =SUM(G14,I14) -> 0
B15: 事務員 | C15: =T142 -> 0 | D15: =U142 -> 0 | E15: =SUM(V142,W142) -> 0 | F15: =X142 -> 0 | G15: =R142 -> 0 | H15: =S142 -> 0 | I15: =IFERROR(H15/$F$5,0) -> 0 | J15: =SUM(G15,I15) -> 0
B16: その他 | C16: =T143 -> 0 | D16: =U143 -> 0 | E16: =SUM(V143,W143) -> 0 | F16: =X143 -> 0 | G16: =R143 -> 0 | H16: =S143 -> 0 | I16: =IFERROR(H16/$F$5,0) -> 0 | J16: =SUM(G16,I16) -> 0
B17: ※ 非常勤に委託を含む。
A18: <職員名簿>
A19: ① 職員氏名/委託先：「業務委託」➡委託先会社名／「雇用職員」➡職員氏名 を誤りなく記載してください。
A20: ② 職員状況：職種区分として、施設長、教諭（発令有）、教諭（発令無）、栄養士、調理員、事務員、その他 から選択してください。また、初日時点で有給・代替・無給の是非を選択してください。
A21: ③ 形態：業務委託➡自動表示／雇用職員➡常勤、非常勤の選択及び契約形態を選択してください。また、非常勤又は委託の場合は様式3でひと月の勤務時間数を記載してください。
A22: ④ 雇用/契約開始日：雇用（業務委託の場合は契約）開始日を記載してください。記載は西暦で「○○年△月□日」の場合は「○○/△/□」です。
B23: ● 業務委託 | L23: カウント | O23: エラー | R23: 通常教育 | T23: 札幌市確認 | Z23: リスト（状況に応じて更新）
B24: ・ 委託は「保育士」のみ常勤換算数に含まれて計算されます。 | L24: 参入 | M24: 保育士代用 | N24: 非常勤 | O24: 整合性 | P24: 漏れ | S24: 委託 | Z24: 職種区分 | AA24: 初日時点の契約状況 | AB24: 常勤・非常勤 | AC24: 常勤 | AD24: 非常勤 | AE24: 雇用開始日
A25: ① 委託先 | C25: ②職員状況 | E25: ③形態 | H25: ④契約開始日 | I25: 備考 | J25: 算入区分 | L25: =$AA26 -> 有給 | N25: 委託 | P25: 委託 | AE25: 基準日
A26: No. | B26: 委託先会社名 | C26: 職種区分 | D26: 初日時点の契約状況 | E26: 委託 | F26: - | G26: 勤務時間/月 | H26: ="("&TEXT($AE$26,"YYYY/M/D")&"以前)" -> #VALUE! | Z26: 施設長 | AA26: 有給 | AB26: 常勤 | AC26: 正職 | AD26: 常勤-時短/兼務 | AE26: =DATE(【様式１】総括表・個票!D10,【様式１】総括表・個票!I10,1) -> #VALUE!
Z27: 保育士 | AA27: 有給（他法活用） | AB27: 非常勤 | AC27: 臨職 | AD27: 雇用契約
A28: =ROW()-ROW($A$27) -> 1 | C28: 保育士 | E28: =IF($D28="有給","委託","") | F28: =IF(G28>0,"要添付書類➡","-") -> - | J28: =IF(L28,IF(OR(P28,O28),"エラー",C28),"-") -> - | L28: =$D28=$L$25 -> FALSE | N28: =IF($E28<>$N$25,0,COUNTIF($E28:E$28,$N$25)) -> 0 | O28: =$H28>$H$26 -> #VALUE! | P28: =OR(B28=0,C28=0,E28=0,AND($E28=P$25,OR($G28=0,ISTEXT($G28))),$H28=0) -> TRUE | S28: =IF($E28=S$24,$G28,0) -> 0 | Z28: 栄養士 | AA28: 代替（助成金等対象） | AC28: 派遣契約 | AD28: 派遣契約
A29: =ROW()-ROW($A$27) -> 2 | C29: 栄養士（委託） | E29: =IF($D29="有給","委託","") | F29: =IF(G29>0,"要添付書類➡","-") -> - | J29: =IF(L29,IF(OR(P29,O29),"エラー",C29),"-") -> - | L29: =$D29=$L$25 -> FALSE | N29: =IF($E29<>$N$25,0,COUNTIF($E$28:E29,$N$25)) -> 0 | O29: =$H29>$H$26 -> #VALUE! | P29: =OR(B29=0,C29=0,E29=0,AND($E29=P$25,OR($G29=0,ISTEXT($G29))),$H29=0) -> TRUE | S29: =IF($E29=S$34,$G29,0) -> 0 | Z29: 調理員 | AA29: 無給 | AC29: 嘱託契約 | AD29: 嘱託契約
A30: =ROW()-ROW($A$27) -> 3 | C30: 調理員（委託） | E30: =IF($D30="有給","委託","") | F30: =IF(G30>0,"要添付書類➡","-") -> - | J30: =IF(L30,IF(OR(P30,O30),"エラー",C30),"-") -> - | L30: =$D30=$L$25 -> FALSE | N30: =IF($E30<>$N$25,0,COUNTIF($E$28:E30,$N$25)) -> 0 | O30: =$H30>$H$26 -> #VALUE! | P30: =OR(B30=0,C30=0,E30=0,AND($E30=P$25,OR($G30=0,ISTEXT($G30))),$H30=0) -> TRUE | S30: =IF($E30=S$34,$G30,0) -> 0 | Z30: 事務員 | AC30: ↑(数式＞定義された名前＞選択範囲から作成＞上端 で二重線囲部分を名前登録する➡ドロップダウンの範囲登録に使用)
A31: =ROW()-ROW($A$27) -> 4 | C31: 事務員（委託） | E31: =IF($D31="有給","委託","") | F31: =IF(G31>0,"要添付書類➡","-") -> - | J31: =IF(L31,IF(OR(P31,O31),"エラー",C31),"-") -> - | L31: =$D31=$L$25 -> FALSE | N31: =IF($E31<>$N$25,0,COUNTIF($E$28:E31,$N$25)) -> 0 | O31: =$H31>$H$26 -> #VALUE! | P31: =OR(B31=0,C31=0,E31=0,AND($E31=P$25,OR($G31=0,ISTEXT($G31))),$H31=0) -> TRUE | S31: =IF($E31=S$34,$G31,0) -> 0 | Z31: その他
A32: =ROW()-ROW($A$27) -> 5 | C32: その他（委託） | E32: =IF($D32="有給","委託","") | F32: =IF(G32>0,"要添付書類➡","-") -> - | J32: =IF(L32,IF(OR(P32,O32),"エラー",C32),"-") -> - | L32: =$D32=$L$25 -> FALSE | N32: =IF($E32<>$N$25,0,COUNTIF($E$28:E32,$N$25)) -> 0 | O32: =$H32>$H$26 -> #VALUE! | P32: =OR(B32=0,C32=0,E32=0,AND($E32=P$25,OR($G32=0,ISTEXT($G32))),$H32=0) -> TRUE | S32: =IF($E32=S$34,$G32,0) -> 0 | Z32: 看護師・保健師
B33: ● 雇用職員
B34: ・ 看護師・保健師を１名に限り保育士としてカウントします。 | L34: 参入 | M34: 保育士代用 | N34: 非常勤 | O34: 整合性 | P34: 漏れ | R34: =AB26 -> 常勤 | S34: =AB27 -> 非常勤 | T34: =AB26 -> 常勤 | U34: =T34 -> 常勤 | V34: =U34 -> 常勤 | W34: =V34 -> 常勤 | X34: =AB27 -> 非常勤
A35: ① 職員氏名 | C35: ②職員状況 | E35: ③形態 | H35: ④雇用開始日 | I35: 備考 | J35: 算入区分 | L35: =$AA26 -> 有給 | M35: =TRUE() -> TRUE | N35: =$AB$27 -> 非常勤 | P35: =$AB$27 -> 非常勤 | T35: =AC26 -> 正職 | U35: =AC27 -> 臨職 | V35: =AC28 -> 派遣契約 | W35: =AC29 -> 嘱託契約
A36: No. | B36: =COUNTA(B38:B137) -> 0 | C36: 職種区分 | D36: 初日時点の給与状況 | E36: 常勤・非常勤 ※時短勤務は非常勤 | F36: 契約形態 | G36: =IF(SUM($G$38:$G$137)<>【様式３】シフト表!$AK$107,"エラー：シフト表と不一致","非常勤の勤務時間/月") -> 非常勤の勤務時間/月 | H36: ="("&TEXT($AE$26,"YYYY/M/D")&"以前)" -> #VALUE! | M36: =Z32 -> 看護師・保健師
A38: =ROW()-ROW($A$37) -> 1 | G38: =IFERROR(INDEX(【様式３】シフト表!$AK$7:$AK$106,MATCH($N38,【様式３】シフト表!$B$7:$B$106,0),1),0) -> 0 | J38: =IF(L38,IF(OR(P38,O38),"エラー",IF(C38=$Z$32,IF(M38,$Z$27,$Z$31),C38)),"-") -> - | L38: =$D38=$L$35 -> FALSE | M38: =AND($M$35,C38=$M$36,L38,COUNTIF($M$37:$M37,TRUE)=0) -> FALSE | N38: =IF($E38<>$N$35,0,COUNTIF($E$38:E38,$N$35)) -> 0 | O38: =OR($H38>$H$36,AND($E38=$AB$26,$F38<>$AC$26,$F38<>$AC$27,$F38<>$AC$28,$F38<>$AC$29),AND($E38=$AB$27,$F38<>$AD$26,$F38<>$AD$27,$F38<>$AD$28,$F38<>$AD$29)) -> #VALUE! | P38: =OR($B38=0,$C38=0,$E38=0,AND($E38<>0,$F38=0),AND($E38=P$35,$G38=0),$H38=0) -> TRUE | R38: =IF($E38=R$34,1,0) -> 0 | S38: =IF($E38=S$34,$G38,0) -> 0 | T38: =IF(AND($E38=T$34,$F38=T$35),$J38,0) -> 0 | U38: =IF(AND($E38=U$34,$F38=U$35),$J38,0) -> 0 | V38: =IF(AND($E38=V$34,$F38=V$35),$J38,0) -> 0 | W38: =IF(AND($E38=W$34,$F38=W$35),$J38,0) -> 0 | X38: =IF($E38=X$34,$J38,0) -> 0
A39: =A38+1 -> 2 | G39: =IFERROR(INDEX(【様式３】シフト表!$AK$7:$AK$106,MATCH($N39,【様式３】シフト表!$B$7:$B$106,0),1),0) -> 0 | J39: =IF(L39,IF(OR(P39,O39),"エラー",IF(C39=$Z$32,IF(M39,$Z$27,$Z$31),C39)),"-") -> - | L39: =$D39=$L$35 -> FALSE | M39: =AND($M$35,C39=$M$36,L39,COUNTIF($M$37:$M38,TRUE)=0) -> FALSE | N39: =IF($E39<>$N$35,0,COUNTIF($E$38:E39,$N$35)) -> 0 | O39: =OR($H39>$H$36,AND($E39=$AB$26,$F39<>$AC$26,$F39<>$AC$27,$F39<>$AC$28,$F39<>$AC$29),AND($E39=$AB$27,$F39<>$AD$26,$F39<>$AD$27,$F39<>$AD$28,$F39<>$AD$29)) -> #VALUE! | P39: =OR($B39=0,$C39=0,$E39=0,AND($E39<>0,$F39=0),AND($E39=P$35,$G39=0),$H39=0) -> TRUE | R39: =IF($E39=R$34,1,0) -> 0 | S39: =IF($E39=S$34,$G39,0) -> 0 | T39: =IF(AND($E39=T$34,$F39=T$35),$J39,0) -> 0 | U39: =IF(AND($E39=U$34,$F39=U$35),$J39,0) -> 0 | V39: =IF(AND($E39=V$34,$F39=V$35),$J39,0) -> 0 | W39: =IF(AND($E39=W$34,$F39=W$35),$J39,0) -> 0 | X39: =IF($E39=X$34,$J39,0) -> 0
A40: =A39+1 -> 3 | G40: =IFERROR(INDEX(【様式３】シフト表!$AK$7:$AK$106,MATCH($N40,【様式３】シフト表!$B$7:$B$106,0),1),0) -> 0 | J40: =IF(L40,IF(OR(P40,O40),"エラー",IF(C40=$Z$32,IF(M40,$Z$27,$Z$31),C40)),"-") -> - | L40: =$D40=$L$35 -> FALSE | M40: =AND($M$35,C40=$M$36,L40,COUNTIF($M$37:$M39,TRUE)=0) -> FALSE | N40: =IF($E40<>$N$35,0,COUNTIF($E$38:E40,$N$35)) -> 0 | O40: =OR($H40>$H$36,AND($E40=$AB$26,$F40<>$AC$26,$F40<>$AC$27,$F40<>$AC$28,$F40<>$AC$29),AND($E40=$AB$27,$F40<>$AD$26,$F40<>$AD$27,$F40<>$AD$28,$F40<>$AD$29)) -> #VALUE! | P40: =OR($B40=0,$C40=0,$E40=0,AND($E40<>0,$F40=0),AND($E40=P$35,$G40=0),$H40=0) -> TRUE | R40: =IF($E40=R$34,1,0) -> 0 | S40: =IF($E40=S$34,$G40,0) -> 0 | T40: =IF(AND($E40=T$34,$F40=T$35),$J40,0) -> 0 | U40: =IF(AND($E40=U$34,$F40=U$35),$J40,0) -> 0 | V40: =IF(AND($E40=V$34,$F40=V$35),$J40,0) -> 0 | W40: =IF(AND($E40=W$34,$F40=W$35),$J40,0) -> 0 | X40: =IF($E40=X$34,$J40,0) -> 0
A41: =A40+1 -> 4 | G41: =IFERROR(INDEX(【様式３】シフト表!$AK$7:$AK$106,MATCH($N41,【様式３】シフト表!$B$7:$B$106,0),1),0) -> 0 | J41: =IF(L41,IF(OR(P41,O41),"エラー",IF(C41=$Z$32,IF(M41,$Z$27,$Z$31),C41)),"-") -> - | L41: =$D41=$L$35 -> FALSE | M41: =AND($M$35,C41=$M$36,L41,COUNTIF($M$37:$M40,TRUE)=0) -> FALSE | N41: =IF($E41<>$N$35,0,COUNTIF($E$38:E41,$N$35)) -> 0 | O41: =OR($H41>$H$36,AND($E41=$AB$26,$F41<>$AC$26,$F41<>$AC$27,$F41<>$AC$28,$F41<>$AC$29),AND($E41=$AB$27,$F41<>$AD$26,$F41<>$AD$27,$F41<>$AD$28,$F41<>$AD$29)) -> #VALUE! | P41: =OR($B41=0,$C41=0,$E41=0,AND($E41<>0,$F41=0),AND($E41=P$35,$G41=0),$H41=0) -> TRUE | R41: =IF($E41=R$34,1,0) -> 0 | S41: =IF($E41=S$34,$G41,0) -> 0 | T41: =IF(AND($E41=T$34,$F41=T$35),$J41,0) -> 0 | U41: =IF(AND($E41=U$34,$F41=U$35),$J41,0) -> 0 | V41: =IF(AND($E41=V$34,$F41=V$35),$J41,0) -> 0 | W41: =IF(AND($E41=W$34,$F41=W$35),$J41,0) -> 0 | X41: =IF($E41=X$34,$J41,0) -> 0
A42: =A41+1 -> 5 | G42: =IFERROR(INDEX(【様式３】シフト表!$AK$7:$AK$106,MATCH($N42,【様式３】シフト表!$B$7:$B$106,0),1),0) -> 0 | J42: =IF(L42,IF(OR(P42,O42),"エラー",IF(C42=$Z$32,IF(M42,$Z$27,$Z$31),C42)),"-") -> - | L42: =$D42=$L$35 -> FALSE | M42: =AND($M$35,C42=$M$36,L42,COUNTIF($M$37:$M41,TRUE)=0) -> FALSE | N42: =IF($E42<>$N$35,0,COUNTIF($E$38:E42,$N$35)) -> 0 | O42: =OR($H42>$H$36,AND($E42=$AB$26,$F42<>$AC$26,$F42<>$AC$27,$F42<>$AC$28,$F42<>$AC$29),AND($E42=$AB$27,$F42<>$AD$26,$F42<>$AD$27,$F42<>$AD$28,$F42<>$AD$29)) -> #VALUE! | P42: =OR($B42=0,$C42=0,$E42=0,AND($E42<>0,$F42=0),AND($E42=P$35,$G42=0),$H42=0) -> TRUE | R42: =IF($E42=R$34,1,0) -> 0 | S42: =IF($E42=S$34,$G42,0) -> 0 | T42: =IF(AND($E42=T$34,$F42=T$35),$J42,0) -> 0 | U42: =IF(AND($E42=U$34,$F42=U$35),$J42,0) -> 0 | V42: =IF(AND($E42=V$34,$F42=V$35),$J42,0) -> 0 | W42: =IF(AND($E42=W$34,$F42=W$35),$J42,0) -> 0 | X42: =IF($E42=X$34,$J42,0) -> 0
A43: =A42+1 -> 6 | G43: =IFERROR(INDEX(【様式３】シフト表!$AK$7:$AK$106,MATCH($N43,【様式３】シフト表!$B$7:$B$106,0),1),0) -> 0 | J43: =IF(L43,IF(OR(P43,O43),"エラー",IF(C43=$Z$32,IF(M43,$Z$27,$Z$31),C43)),"-") -> - | L43: =$D43=$L$35 -> FALSE | M43: =AND($M$35,C43=$M$36,L43,COUNTIF($M$37:$M42,TRUE)=0) -> FALSE | N43: =IF($E43<>$N$35,0,COUNTIF($E$38:E43,$N$35)) -> 0 | O43: =OR($H43>$H$36,AND($E43=$AB$26,$F43<>$AC$26,$F43<>$AC$27,$F43<>$AC$28,$F43<>$AC$29),AND($E43=$AB$27,$F43<>$AD$26,$F43<>$AD$27,$F43<>$AD$28,$F43<>$AD$29)) -> #VALUE! | P43: =OR($B43=0,$C43=0,$E43=0,AND($E43<>0,$F43=0),AND($E43=P$35,$G43=0),$H43=0) -> TRUE | R43: =IF($E43=R$34,1,0) -> 0 | S43: =IF($E43=S$34,$G43,0) -> 0 | T43: =IF(AND($E43=T$34,$F43=T$35),$J43,0) -> 0 | U43: =IF(AND($E43=U$34,$F43=U$35),$J43,0) -> 0 | V43: =IF(AND($E43=V$34,$F43=V$35),$J43,0) -> 0 | W43: =IF(AND($E43=W$34,$F43=W$35),$J43,0) -> 0 | X43: =IF($E43=X$34,$J43,0) -> 0
A44: =A43+1 -> 7 | G44: =IFERROR(INDEX(【様式３】シフト表!$AK$7:$AK$106,MATCH($N44,【様式３】シフト表!$B$7:$B$106,0),1),0) -> 0 | J44: =IF(L44,IF(OR(P44,O44),"エラー",IF(C44=$Z$32,IF(M44,$Z$27,$Z$31),C44)),"-") -> - | L44: =$D44=$L$35 -> FALSE | M44: =AND($M$35,C44=$M$36,L44,COUNTIF($M$37:$M43,TRUE)=0) -> FALSE | N44: =IF($E44<>$N$35,0,COUNTIF($E$38:E44,$N$35)) -> 0 | O44: =OR($H44>$H$36,AND($E44=$AB$26,$F44<>$AC$26,$F44<>$AC$27,$F44<>$AC$28,$F44<>$AC$29),AND($E44=$AB$27,$F44<>$AD$26,$F44<>$AD$27,$F44<>$AD$28,$F44<>$AD$29)) -> #VALUE! | P44: =OR($B44=0,$C44=0,$E44=0,AND($E44<>0,$F44=0),AND($E44=P$35,$G44=0),$H44=0) -> TRUE | R44: =IF($E44=R$34,1,0) -> 0 | S44: =IF($E44=S$34,$G44,0) -> 0 | T44: =IF(AND($E44=T$34,$F44=T$35),$J44,0) -> 0 | U44: =IF(AND($E44=U$34,$F44=U$35),$J44,0) -> 0 | V44: =IF(AND($E44=V$34,$F44=V$35),$J44,0) -> 0 | W44: =IF(AND($E44=W$34,$F44=W$35),$J44,0) -> 0 | X44: =IF($E44=X$34,$J44,0) -> 0
A45: =A44+1 -> 8 | G45: =IFERROR(INDEX(【様式３】シフト表!$AK$7:$AK$106,MATCH($N45,【様式３】シフト表!$B$7:$B$106,0),1),0) -> 0 | J45: =IF(L45,IF(OR(P45,O45),"エラー",IF(C45=$Z$32,IF(M45,$Z$27,$Z$31),C45)),"-") -> - | L45: =$D45=$L$35 -> FALSE | M45: =AND($M$35,C45=$M$36,L45,COUNTIF($M$37:$M44,TRUE)=0) -> FALSE | N45: =IF($E45<>$N$35,0,COUNTIF($E$38:E45,$N$35)) -> 0 | O45: =OR($H45>$H$36,AND($E45=$AB$26,$F45<>$AC$26,$F45<>$AC$27,$F45<>$AC$28,$F45<>$AC$29),AND($E45=$AB$27,$F45<>$AD$26,$F45<>$AD$27,$F45<>$AD$28,$F45<>$AD$29)) -> #VALUE! | P45: =OR($B45=0,$C45=0,$E45=0,AND($E45<>0,$F45=0),AND($E45=P$35,$G45=0),$H45=0) -> TRUE | R45: =IF($E45=R$34,1,0) -> 0 | S45: =IF($E45=S$34,$G45,0) -> 0 | T45: =IF(AND($E45=T$34,$F45=T$35),$J45,0) -> 0 | U45: =IF(AND($E45=U$34,$F45=U$35),$J45,0) -> 0 | V45: =IF(AND($E45=V$34,$F45=V$35),$J45,0) -> 0 | W45: =IF(AND($E45=W$34,$F45=W$35),$J45,0) -> 0 | X45: =IF($E45=X$34,$J45,0) -> 0
A46: =A45+1 -> 9 | G46: =IFERROR(INDEX(【様式３】シフト表!$AK$7:$AK$106,MATCH($N46,【様式３】シフト表!$B$7:$B$106,0),1),0) -> 0 | J46: =IF(L46,IF(OR(P46,O46),"エラー",IF(C46=$Z$32,IF(M46,$Z$27,$Z$31),C46)),"-") -> - | L46: =$D46=$L$35 -> FALSE | M46: =AND($M$35,C46=$M$36,L46,COUNTIF($M$37:$M45,TRUE)=0) -> FALSE | N46: =IF($E46<>$N$35,0,COUNTIF($E$38:E46,$N$35)) -> 0 | O46: =OR($H46>$H$36,AND($E46=$AB$26,$F46<>$AC$26,$F46<>$AC$27,$F46<>$AC$28,$F46<>$AC$29),AND($E46=$AB$27,$F46<>$AD$26,$F46<>$AD$27,$F46<>$AD$28,$F46<>$AD$29)) -> #VALUE! | P46: =OR($B46=0,$C46=0,$E46=0,AND($E46<>0,$F46=0),AND($E46=P$35,$G46=0),$H46=0) -> TRUE | R46: =IF($E46=R$34,1,0) -> 0 | S46: =IF($E46=S$34,$G46,0) -> 0 | T46: =IF(AND($E46=T$34,$F46=T$35),$J46,0) -> 0 | U46: =IF(AND($E46=U$34,$F46=U$35),$J46,0) -> 0 | V46: =IF(AND($E46=V$34,$F46=V$35),$J46,0) -> 0 | W46: =IF(AND($E46=W$34,$F46=W$35),$J46,0) -> 0 | X46: =IF($E46=X$34,$J46,0) -> 0
A47: =A46+1 -> 10 | G47: =IFERROR(INDEX(【様式３】シフト表!$AK$7:$AK$106,MATCH($N47,【様式３】シフト表!$B$7:$B$106,0),1),0) -> 0 | J47: =IF(L47,IF(OR(P47,O47),"エラー",IF(C47=$Z$32,IF(M47,$Z$27,$Z$31),C47)),"-") -> - | L47: =$D47=$L$35 -> FALSE | M47: =AND($M$35,C47=$M$36,L47,COUNTIF($M$37:$M46,TRUE)=0) -> FALSE | N47: =IF($E47<>$N$35,0,COUNTIF($E$38:E47,$N$35)) -> 0 | O47: =OR($H47>$H$36,AND($E47=$AB$26,$F47<>$AC$26,$F47<>$AC$27,$F47<>$AC$28,$F47<>$AC$29),AND($E47=$AB$27,$F47<>$AD$26,$F47<>$AD$27,$F47<>$AD$28,$F47<>$AD$29)) -> #VALUE! | P47: =OR($B47=0,$C47=0,$E47=0,AND($E47<>0,$F47=0),AND($E47=P$35,$G47=0),$H47=0) -> TRUE | R47: =IF($E47=R$34,1,0) -> 0 | S47: =IF($E47=S$34,$G47,0) -> 0 | T47: =IF(AND($E47=T$34,$F47=T$35),$J47,0) -> 0 | U47: =IF(AND($E47=U$34,$F47=U$35),$J47,0) -> 0 | V47: =IF(AND($E47=V$34,$F47=V$35),$J47,0) -> 0 | W47: =IF(AND($E47=W$34,$F47=W$35),$J47,0) -> 0 | X47: =IF($E47=X$34,$J47,0) -> 0
A48: =A47+1 -> 11 | G48: =IFERROR(INDEX(【様式３】シフト表!$AK$7:$AK$106,MATCH($N48,【様式３】シフト表!$B$7:$B$106,0),1),0) -> 0 | J48: =IF(L48,IF(OR(P48,O48),"エラー",IF(C48=$Z$32,IF(M48,$Z$27,$Z$31),C48)),"-") -> - | L48: =$D48=$L$35 -> FALSE | M48: =AND($M$35,C48=$M$36,L48,COUNTIF($M$37:$M47,TRUE)=0) -> FALSE | N48: =IF($E48<>$N$35,0,COUNTIF($E$38:E48,$N$35)) -> 0 | O48: =OR($H48>$H$36,AND($E48=$AB$26,$F48<>$AC$26,$F48<>$AC$27,$F48<>$AC$28,$F48<>$AC$29),AND($E48=$AB$27,$F48<>$AD$26,$F48<>$AD$27,$F48<>$AD$28,$F48<>$AD$29)) -> #VALUE! | P48: =OR($B48=0,$C48=0,$E48=0,AND($E48<>0,$F48=0),AND($E48=P$35,$G48=0),$H48=0) -> TRUE | R48: =IF($E48=R$34,1,0) -> 0 | S48: =IF($E48=S$34,$G48,0) -> 0 | T48: =IF(AND($E48=T$34,$F48=T$35),$J48,0) -> 0 | U48: =IF(AND($E48=U$34,$F48=U$35),$J48,0) -> 0 | V48: =IF(AND($E48=V$34,$F48=V$35),$J48,0) -> 0 | W48: =IF(AND($E48=W$34,$F48=W$35),$J48,0) -> 0 | X48: =IF($E48=X$34,$J48,0) -> 0
A49: =A48+1 -> 12 | G49: =IFERROR(INDEX(【様式３】シフト表!$AK$7:$AK$106,MATCH($N49,【様式３】シフト表!$B$7:$B$106,0),1),0) -> 0 | J49: =IF(L49,IF(OR(P49,O49),"エラー",IF(C49=$Z$32,IF(M49,$Z$27,$Z$31),C49)),"-") -> - | L49: =$D49=$L$35 -> FALSE | M49: =AND($M$35,C49=$M$36,L49,COUNTIF($M$37:$M48,TRUE)=0) -> FALSE | N49: =IF($E49<>$N$35,0,COUNTIF($E$38:E49,$N$35)) -> 0 | O49: =OR($H49>$H$36,AND($E49=$AB$26,$F49<>$AC$26,$F49<>$AC$27,$F49<>$AC$28,$F49<>$AC$29),AND($E49=$AB$27,$F49<>$AD$26,$F49<>$AD$27,$F49<>$AD$28,$F49<>$AD$29)) -> #VALUE! | P49: =OR($B49=0,$C49=0,$E49=0,AND($E49<>0,$F49=0),AND($E49=P$35,$G49=0),$H49=0) -> TRUE | R49: =IF($E49=R$34,1,0) -> 0 | S49: =IF($E49=S$34,$G49,0) -> 0 | T49: =IF(AND($E49=T$34,$F49=T$35),$J49,0) -> 0 | U49: =IF(AND($E49=U$34,$F49=U$35),$J49,0) -> 0 | V49: =IF(AND($E49=V$34,$F49=V$35),$J49,0) -> 0 | W49: =IF(AND($E49=W$34,$F49=W$35),$J49,0) -> 0 | X49: =IF($E49=X$34,$J49,0) -> 0
A50: =A49+1 -> 13 | G50: =IFERROR(INDEX(【様式３】シフト表!$AK$7:$AK$106,MATCH($N50,【様式３】シフト表!$B$7:$B$106,0),1),0) -> 0 | J50: =IF(L50,IF(OR(P50,O50),"エラー",IF(C50=$Z$32,IF(M50,$Z$27,$Z$31),C50)),"-") -> - | L50: =$D50=$L$35 -> FALSE | M50: =AND($M$35,C50=$M$36,L50,COUNTIF($M$37:$M49,TRUE)=0) -> FALSE | N50: =IF($E50<>$N$35,0,COUNTIF($E$38:E50,$N$35)) -> 0 | O50: =OR($H50>$H$36,AND($E50=$AB$26,$F50<>$AC$26,$F50<>$AC$27,$F50<>$AC$28,$F50<>$AC$29),AND($E50=$AB$27,$F50<>$AD$26,$F50<>$AD$27,$F50<>$AD$28,$F50<>$AD$29)) -> #VALUE! | P50: =OR($B50=0,$C50=0,$E50=0,AND($E50<>0,$F50=0),AND($E50=P$35,$G50=0),$H50=0) -> TRUE | R50: =IF($E50=R$34,1,0) -> 0 | S50: =IF($E50=S$34,$G50,0) -> 0 | T50: =IF(AND($E50=T$34,$F50=T$35),$J50,0) -> 0 | U50: =IF(AND($E50=U$34,$F50=U$35),$J50,0) -> 0 | V50: =IF(AND($E50=V$34,$F50=V$35),$J50,0) -> 0 | W50: =IF(AND($E50=W$34,$F50=W$35),$J50,0) -> 0 | X50: =IF($E50=X$34,$J50,0) -> 0
... A137: =A136+1 -> 100 | G137: =IFERROR(INDEX(【様式３】シフト表!$AK$7:$AK$106,MATCH($N137,【様式３】シフト表!$B$7:$B$106,0),1),0) -> 0 | J137: =IF(L137,IF(OR(P137,O137),"エラー",IF(C137=$Z$32,IF(M137,$Z$27,$Z$31),C137)),"-") -> - | L137: =$D137=$L$35 -> FALSE | M137: =AND($M$35,C137=$M$36,L137,COUNTIF($M$37:$M136,TRUE)=0) -> FALSE | N137: =IF($E137<>$N$35,0,COUNTIF($E$38:E137,$N$35)) -> 0 | O137: =OR($H137>$H$36,AND($E137=$AB$26,$F137<>$AC$26,$F137<>$AC$27,$F137<>$AC$28,$F137<>$AC$29),AND($E137=$AB$27,$F137<>$AD$26,$F137<>$AD$27,$F137<>$AD$28,$F137<>$AD$29)) -> #VALUE! | P137: =OR($B137=0,$C137=0,$E137=0,AND($E137<>0,$F137=0),AND($E137=P$35,$G137=0),$H137=0) -> TRUE | R137: =IF($E137=R$34,1,0) -> 0 | S137: =IF($E137=S$34,$G137,0) -> 0 | T137: =IF(AND($E137=T$34,$F137=T$35),$J137,0) -> 0 | U137: =IF(AND($E137=U$34,$F137=U$35),$J137,0) -> 0 | V137: =IF(AND($E137=V$34,$F137=V$35),$J137,0) -> 0 | W137: =IF(AND($E137=W$34,$F137=W$35),$J137,0) -> 0 | X137: =IF($E137=X$34,$J137,0) -> 0
Q138: =Z26 -> 施設長 | R138: =SUMIFS(R$38:R$137,$J$38:$J$137,$Q138) -> 0 | S138: =SUMIFS(S$38:S$137,$J$38:$J$137,$Q138) -> 0 | T138: =COUNTIF(T$38:T$137,$Q138) -> 0 | U138: =COUNTIF(U$38:U$137,$Q138) -> 0 | V138: =COUNTIF(V$38:V$137,$Q138) -> 0 | W138: =COUNTIF(W$38:W$137,$Q138) -> 0 | X138: =COUNTIF(X$38:X$137,$Q138) -> 0
Q139: =Z27 -> 保育士 | R139: =SUMIFS(R$38:R$137,$J$38:$J$137,$Q139) -> 0 | S139: =SUM(SUMIFS(S$38:S$137,$J$38:$J$137,$Q139),SUMIFS(S$28:S$32,$J$28:$J$32,$Q139)) -> 0 | T139: =COUNTIF(T$38:T$137,$Q139) -> 0 | U139: =COUNTIF(U$38:U$137,$Q139) -> 0 | V139: =COUNTIF(V$38:V$137,$Q139) -> 0 | W139: =COUNTIF(W$38:W$137,$Q139) -> 0 | X139: =COUNTIF(X$38:X$137,$Q139) -> 0
Q140: =Z28 -> 栄養士 | R140: =SUMIFS(R$38:R$137,$J$38:$J$137,$Q140) -> 0 | S140: =SUMIFS(S$38:S$137,$J$38:$J$137,$Q140) -> 0 | T140: =COUNTIF(T$38:T$137,$Q140) -> 0 | U140: =COUNTIF(U$38:U$137,$Q140) -> 0 | V140: =COUNTIF(V$38:V$137,$Q140) -> 0 | W140: =COUNTIF(W$38:W$137,$Q140) -> 0 | X140: =COUNTIF(X$38:X$137,$Q140) -> 0
Q141: =Z29 -> 調理員 | R141: =SUMIFS(R$38:R$137,$J$38:$J$137,$Q141) -> 0 | S141: =SUMIFS(S$38:S$137,$J$38:$J$137,$Q141) -> 0 | T141: =COUNTIF(T$38:T$137,$Q141) -> 0 | U141: =COUNTIF(U$38:U$137,$Q141) -> 0 | V141: =COUNTIF(V$38:V$137,$Q141) -> 0 | W141: =COUNTIF(W$38:W$137,$Q141) -> 0 | X141: =COUNTIF(X$38:X$137,$Q141) -> 0
Q142: =Z30 -> 事務員 | R142: =SUMIFS(R$38:R$137,$J$38:$J$137,$Q142) -> 0 | S142: =SUMIFS(S$38:S$137,$J$38:$J$137,$Q142) -> 0 | T142: =COUNTIF(T$38:T$137,$Q142) -> 0 | U142: =COUNTIF(U$38:U$137,$Q142) -> 0 | V142: =COUNTIF(V$38:V$137,$Q142) -> 0 | W142: =COUNTIF(W$38:W$137,$Q142) -> 0 | X142: =COUNTIF(X$38:X$137,$Q142) -> 0
Q143: =Z31 -> その他 | R143: =SUMIFS(R$38:R$137,$J$38:$J$137,$Q143) -> 0 | S143: =SUMIFS(S$38:S$137,$J$38:$J$137,$Q143) -> 0 | T143: =COUNTIF(T$38:T$137,$Q143) -> 0 | U143: =COUNTIF(U$38:U$137,$Q143) -> 0 | V143: =COUNTIF(V$38:V$137,$Q143) -> 0 | W143: =COUNTIF(W$38:W$137,$Q143) -> 0 | X143: =COUNTIF(X$38:X$137,$Q143) -> 0

Sheet 【様式３】シフト表
B1: 【様式3】 | G1: =AO1 | I1: 年 | J1: =AO2 -> 0 | K1: 月 | L1: 非常勤職員勤務シフト表 | AC1: =AM2&"様式3"&AM3 -> #N/A | AM1: 様式名 | AN1: 年 | AO1: =【様式１】総括表・個票!D10 | AQ1: 値 | AR1: 1 | AS1: 2 | AT1: 3 | AU1: 4 | AV1: 5 | AW1: 6 | AX1: 7
B2: ○ | C2: 提出日 | F2: =【様式１】総括表・個票!W4 -> #N/A | K2: ・ 入力する時間は実勤務時間とし、休憩時間は含めないでください。 | AA2: 換算表 | AE2: 時 | AF2: ⇒ | AH2: =SUM(AC2,ROUND(AC3/60,2)) -> 0 | AJ2: 時間 | AM2: =【様式１】総括表・個票!$AI$2 -> 加-23_月申- | AN2: 月 | AO2: =【様式１】総括表・個票!I10 -> 0 | AQ2: 曜日 | AR2: （日） | AS2: （月） | AT2: （火） | AU2: （水） | AV2: （木） | AW2: （金） | AX2: （土）
B3: ○ | C3: 施設名 | F3: =【様式１】総括表・個票!D13 -> 0 | K3: ・ 単位は「時間」のため、１時間30分⇒1.5（時間）となります。不明な場合は右の換算表をご使用ください。 | AE3: 分 | AK3: 【時間】 | AM3: =【様式１】総括表・個票!$AI$3 -> #N/A
B4: No. | C4: 氏名 | D4: 日にち | F4: 1 | G4: 2 | H4: 3 | I4: 4 | J4: 5 | K4: 6 | L4: 7 | M4: 8 | N4: 9 | O4: 10 | P4: 11 | Q4: 12 | R4: 13 | S4: 14 | T4: 15 | U4: 16 | V4: 17 | W4: 18 | X4: 19 | Y4: 20 | Z4: 21 | AA4: 22 | AB4: 23 | AC4: 24 | AD4: 25 | AE4: 26 | AF4: 27 | AG4: 28 | AH4: =IF(AG4="","",IF(MONTH(DATE($AO$1,$AO$2,AG4+1))=$AO$2,AG4+1,"")) -> #VALUE! | AI4: =IF(AH4="","",IF(MONTH(DATE($AO$1,$AO$2,AH4+1))=$AO$2,AH4+1,"")) -> #VALUE! | AJ4: =IF(AI4="","",IF(MONTH(DATE($AO$1,$AO$2,AI4+1))=$AO$2,AI4+1,"")) -> #VALUE! | AK4: 合計
D5: 土・祝・休日 | F5: =IF(F4<>"",IF(OR(WEEKDAY(DATE($AO$1,$AO$2,F$4),2)>6,COUNTIF('休日情報(要更新)'!$A$5:$J$32,DATE($AO$1,$AO$2,F$4)) >=1),"○",""),"") -> #VALUE! | G5: =IF(G4<>"",IF(OR(WEEKDAY(DATE($AO$1,$AO$2,G$4),2)>6,COUNTIF('休日情報(要更新)'!$A$5:$J$32,DATE($AO$1,$AO$2,G$4)) >=1),"○",""),"") -> #VALUE! | H5: =IF(H4<>"",IF(OR(WEEKDAY(DATE($AO$1,$AO$2,H$4),2)>6,COUNTIF('休日情報(要更新)'!$A$5:$J$32,DATE($AO$1,$AO$2,H$4)) >=1),"○",""),"") -> #VALUE! | I5: =IF(I4<>"",IF(OR(WEEKDAY(DATE($AO$1,$AO$2,I$4),2)>6,COUNTIF('休日情報(要更新)'!$A$5:$J$32,DATE($AO$1,$AO$2,I$4)) >=1),"○",""),"") -> #VALUE! | J5: =IF(J4<>"",IF(OR(WEEKDAY(DATE($AO$1,$AO$2,J$4),2)>6,COUNTIF('休日情報(要更新)'!$A$5:$J$32,DATE($AO$1,$AO$2,J$4)) >=1),"○",""),"") -> #VALUE! | K5: =IF(K4<>"",IF(OR(WEEKDAY(DATE($AO$1,$AO$2,K$4),2)>6,COUNTIF('休日情報(要更新)'!$A$5:$J$32,DATE($AO$1,$AO$2,K$4)) >=1),"○",""),"") -> #VALUE! | L5: =IF(L4<>"",IF(OR(WEEKDAY(DATE($AO$1,$AO$2,L$4),2)>6,COUNTIF('休日情報(要更新)'!$A$5:$J$32,DATE($AO$1,$AO$2,L$4)) >=1),"○",""),"") -> #VALUE! | M5: =IF(M4<>"",IF(OR(WEEKDAY(DATE($AO$1,$AO$2,M$4),2)>6,COUNTIF('休日情報(要更新)'!$A$5:$J$32,DATE($AO$1,$AO$2,M$4)) >=1),"○",""),"") -> #VALUE! | ... AJ5: =IF(AJ4<>"",IF(OR(WEEKDAY(DATE($AO$1,$AO$2,AJ$4),2)>6,COUNTIF('休日情報(要更新)'!$A$5:$J$32,DATE($AO$1,$AO$2,AJ$4)) >=1),"○",""),"") -> #VALUE!
D6: 曜日 | F6: =HLOOKUP(WEEKDAY(DATE($AO$1,$AO$2,F$4)),$AR$1:$AX$2,2,FALSE) -> #VALUE! | G6: =HLOOKUP(WEEKDAY(DATE($AO$1,$AO$2,G$4)),$AR$1:$AX$2,2,FALSE) -> #VALUE! | H6: =HLOOKUP(WEEKDAY(DATE($AO$1,$AO$2,H$4)),$AR$1:$AX$2,2,FALSE) -> #VALUE! | I6: =HLOOKUP(WEEKDAY(DATE($AO$1,$AO$2,I$4)),$AR$1:$AX$2,2,FALSE) -> #VALUE! | J6: =HLOOKUP(WEEKDAY(DATE($AO$1,$AO$2,J$4)),$AR$1:$AX$2,2,FALSE) -> #VALUE! | K6: =HLOOKUP(WEEKDAY(DATE($AO$1,$AO$2,K$4)),$AR$1:$AX$2,2,FALSE) -> #VALUE! | L6: =HLOOKUP(WEEKDAY(DATE($AO$1,$AO$2,L$4)),$AR$1:$AX$2,2,FALSE) -> #VALUE! | M6: =HLOOKUP(WEEKDAY(DATE($AO$1,$AO$2,M$4)),$AR$1:$AX$2,2,FALSE) -> #VALUE! | ... AG6: =HLOOKUP(WEEKDAY(DATE($AO$1,$AO$2,AG$4)),$AR$1:$AX$2,2,FALSE) -> #VALUE! | AH6: =IF(AH4<>"",HLOOKUP(WEEKDAY(DATE($AO$1,$AO$2,AH$4)),$AR$1:$AX$2,2,FALSE),"") -> #VALUE! | AI6: =IF(AI4<>"",HLOOKUP(WEEKDAY(DATE($AO$1,$AO$2,AI$4)),$AR$1:$AX$2,2,FALSE),"") -> #VALUE! | AJ6: =IF(AJ4<>"",HLOOKUP(WEEKDAY(DATE($AO$1,$AO$2,AJ$4)),$AR$1:$AX$2,2,FALSE),"") -> #VALUE!
B7: =ROW()-6 -> 1 | C7: =IFERROR(INDEX(【様式2】職員名簿!$B$38:$B$137,MATCH($B7,【様式2】職員名簿!$N$38:$N$137,0),1),"") | D7: 時間数 | AK7: =MIN(SUMIF($F$4:$AJ$4,">0",F7:AJ7),【様式2】職員名簿!$F$5) -> 0
B8: =ROW()-6 -> 2 | C8: =IFERROR(INDEX(【様式2】職員名簿!$B$38:$B$137,MATCH($B8,【様式2】職員名簿!$N$38:$N$137,0),1),"") | D8: 時間数 | AK8: =MIN(SUMIF($F$4:$AJ$4,">0",F8:AJ8),【様式2】職員名簿!$F$5) -> 0
B9: =ROW()-6 -> 3 | C9: =IFERROR(INDEX(【様式2】職員名簿!$B$38:$B$137,MATCH($B9,【様式2】職員名簿!$N$38:$N$137,0),1),"") | D9: 時間数 | AK9: =MIN(SUMIF($F$4:$AJ$4,">0",F9:AJ9),【様式2】職員名簿!$F$5) -> 0
B10: =ROW()-6 -> 4 | C10: =IFERROR(INDEX(【様式2】職員名簿!$B$38:$B$137,MATCH($B10,【様式2】職員名簿!$N$38:$N$137,0),1),"") | D10: 時間数 | AK10: =MIN(SUMIF($F$4:$AJ$4,">0",F10:AJ10),【様式2】職員名簿!$F$5) -> 0
B11: =ROW()-6 -> 5 | C11: =IFERROR(INDEX(【様式2】職員名簿!$B$38:$B$137,MATCH($B11,【様式2】職員名簿!$N$38:$N$137,0),1),"") | D11: 時間数 | AK11: =MIN(SUMIF($F$4:$AJ$4,">0",F11:AJ11),【様式2】職員名簿!$F$5) -> 0
B12: =ROW()-6 -> 6 | C12: =IFERROR(INDEX(【様式2】職員名簿!$B$38:$B$137,MATCH($B12,【様式2】職員名簿!$N$38:$N$137,0),1),"") | D12: 時間数 | AK12: =MIN(SUMIF($F$4:$AJ$4,">0",F12:AJ12),【様式2】職員名簿!$F$5) -> 0
B13: =ROW()-6 -> 7 | C13: =IFERROR(INDEX(【様式2】職員名簿!$B$38:$B$137,MATCH($B13,【様式2】職員名簿!$N$38:$N$137,0),1),"") | D13: 時間数 | AK13: =MIN(SUMIF($F$4:$AJ$4,">0",F13:AJ13),【様式2】職員名簿!$F$5) -> 0
B14: =ROW()-6 -> 8 | C14: =IFERROR(INDEX(【様式2】職員名簿!$B$38:$B$137,MATCH($B14,【様式2】職員名簿!$N$38:$N$137,0),1),"") | D14: 時間数 | AK14: =MIN(SUMIF($F$4:$AJ$4,">0",F14:AJ14),【様式2】職員名簿!$F$5) -> 0
B15: =ROW()-6 -> 9 | C15: =IFERROR(INDEX(【様式2】職員名簿!$B$38:$B$137,MATCH($B15,【様式2】職員名簿!$N$38:$N$137,0),1),"") | D15: 時間数 | AK15: =MIN(SUMIF($F$4:$AJ$4,">0",F15:AJ15),【様式2】職員名簿!$F$5) -> 0
B16: =ROW()-6 -> 10 | C16: =IFERROR(INDEX(【様式2】職員名簿!$B$38:$B$137,MATCH($B16,【様式2】職員名簿!$N$38:$N$137,0),1),"") | D16: 時間数 | AK16: =MIN(SUMIF($F$4:$AJ$4,">0",F16:AJ16),【様式2】職員名簿!$F$5) -> 0
B17: =ROW()-6 -> 11 | C17: =IFERROR(INDEX(【様式2】職員名簿!$B$38:$B$137,MATCH($B17,【様式2】職員名簿!$N$38:$N$137,0),1),"") | D17: 時間数 | AK17: =MIN(SUMIF($F$4:$AJ$4,">0",F17:AJ17),【様式2】職員名簿!$F$5) -> 0
B18: =ROW()-6 -> 12 | C18: =IFERROR(INDEX(【様式2】職員名簿!$B$38:$B$137,MATCH($B18,【様式2】職員名簿!$N$38:$N$137,0),1),"") | D18: 時間数 | AK18: =MIN(SUMIF($F$4:$AJ$4,">0",F18:AJ18),【様式2】職員名簿!$F$5) -> 0
... B106: =ROW()-6 -> 100 | C106: =IFERROR(INDEX(【様式2】職員名簿!$B$38:$B$137,MATCH($B106,【様式2】職員名簿!$N$38:$N$137,0),1),"") | D106: 時間数 | AK106: =MIN(SUMIF($F$4:$AJ$4,">0",F106:AJ106),【様式2】職員名簿!$F$5) -> 0
B107: 計 | F107: =SUM(F7:F106) -> 0 | G107: =SUM(G7:G106) -> 0 | H107: =SUM(H7:H106) -> 0 | I107: =SUM(I7:I106) -> 0 | J107: =SUM(J7:J106) -> 0 | K107: =SUM(K7:K106) -> 0 | L107: =SUM(L7:L106) -> 0 | M107: =SUM(M7:M106) -> 0 | ... AG107: =SUM(AG7:AG106) -> 0 | AH107: =IF(AH4="",0,SUM(AH7:AH106)) -> #VALUE! | AI107: =IF(AI4="",0,SUM(AI7:AI106)) -> #VALUE! | AJ107: =IF(AJ4="",0,SUM(AJ7:AJ106)) -> #VALUE! | AK107: =SUM(AK7:AK106) -> 0

Sheet 【様式4】クラス編成表
A1: 【様式4】 | D1: =H2&"様式4"&H3 -> #N/A | H1: 様式名
H2: =【様式１】総括表・個票!$AI$2 -> 加-23_月申-
A3: =【様式2】職員名簿!A2 -> 2023年度 | D3: クラス編成表 | E3: =【様式2】職員名簿!G2 -> 【月分】 | H3: =【様式１】総括表・個票!$AI$3 -> #N/A
A5: クラス名 | B5: 年 齢 | C5: 人 数 | D5: 担任名(常勤専任) | E5: 副担任名 | F5: 備考
A26: 合計 | B26: 児童数計
B27: =SUM(C6:C25) -> 0 | C27: 0
A29: ※ 学級担任は常勤専任である必要があります。
A30: ※ 本表と同様の内容が確認できる書類の提出がある場合は、本クラス編成表の提出を省略することができます。
A31: ※ 年齢の高いクラス（年長）から記入願います。

Sheet 【様式５】職員数算出表
A1: 【様式5】 | J1: =Q2&"様式5"&Q3 -> #N/A | Q1: 様式名 | AL1: 非常勤下限設定 | AM1: 就業規則に定める時間 | AN1: 選択 | AO1: チーム保育加配加算 | AR1: 選択 | AS1: 職種 | AT1: リスト登録(数式＞定義された名前＞選択範囲から作成＞上端 で二重線囲部分を名前登録する➡ドロップダウンの範囲登録に使用)
Q2: =【様式１】総括表・個票!$AI$2 -> 加-23_月申- | AL2: =AND(OR(AL3>0,AL4>0),ISNUMBER(AL3)) -> FALSE | AM2: =【様式2】職員名簿!$F$5 -> 0 | AO2: 1 | AP2: 1 | AS2: =【様式2】職員名簿!Z26 -> 施設長 | AT2: 様式2 | AY2: 施設長 | BA2: 保育士 | BC2: 保育士 | BE2: 栄養士 | BG2: 調理員 | BI2: 事務員 | BK2: 全員 | BM2: 業務委託
B3: =【様式2】職員名簿!A2 -> 2023年度 | D3: 特定教育・保育等に要する費用の額の算定に係る職員数算出表 | K3: =+"【"&【様式１】総括表・個票!I10&"月分】" -> 【月分】 | Q3: =【様式１】総括表・個票!$AI$3 -> #N/A | AK3: 下限時間①→ | AL3: =AM2/2 -> 0 | AN3: ○ | AO3: 46 | AP3: 2 | AQ3: 1 | AS3: =【様式2】職員名簿!Z27 -> 保育士 | AY3: =AS2 -> 施設長 | AZ3: 名前登録～上端行で登録↓ | BA3: =AS3 -> 保育士 | BB3: 名前登録～上端行で登録↓ | BC3: =AS3 -> 保育士 | BD3: 名前登録～上端行で登録↓ | BE3: =AS4 -> 栄養士 | BF3: 名前登録～上端行で登録↓ | BG3: =AS4 -> 栄養士 | BH3: 名前登録～上端行で登録↓ | BI3: =AS6 -> 事務員 | BJ3: 名前登録～上端行で登録↓ | BK3: - | BL3: 名前登録～上端行で登録↓
A4: 1 利用児童状況(クラス年齢) | AK4: 下限時間②→ | AL4: =AM2/5*2 -> 0 | AN4: × | AO4: 151 | AP4: 3 | AQ4: 2 | AS4: =【様式2】職員名簿!Z28 -> 栄養士 | BC4: 常勤 | BG4: =AS5 -> 調理員
A5: 「月初日(1日時点)」かつ「クラス年齢」の児童数を下記に入力すること。 | AO5: 241 | AP5: 3.5 | AQ5: 3 | AS5: =【様式2】職員名簿!Z29 -> 調理員
A6: 区分 | B6: 利用定員 | C6: 各月初日における利用児童数(市外児童含む) | N6: （総計） | AO6: 271 | AP6: 5 | AQ6: 3.5 | AS6: =【様式2】職員名簿!Z30 -> 事務員 | AT6: No | AU6: 氏名 | AV6: 常勤・非常勤 | AW6: 入力 | AX6: 勤務時間 | AY6: カウント | AZ6: 施設長 | BA6: カウント | BB6: 保育士 | BC6: カウント | BD6: 常勤保育士 | BE6: カウント | BF6: 栄養士 | BG6: カウント | BH6: 調理員 | BI6: カウント | BJ6: 事務員 | BK6: カウント | BL6: 全職種 | BN6: 業務委託
B7: ３号 | C7: 市内/外 | D7: 児童区分 | E7: 認定区分 | F7: 5歳児 | G7: 4歳児 | H7: 3歳児 | I7: 満3歳児 | J7: 2歳児 | K7: 1歳児 | L7: 0歳児（乳児） | M7: 計 | AO7: 301 | AP7: 6 | AQ7: 4 | AS7: =【様式2】職員名簿!Z31 -> その他 | AT7: 0 | BM7: =【様式2】職員名簿!C28 -> 保育士 | BN7: =IFERROR(IF(BM7=【様式2】職員名簿!$J28,【様式2】職員名簿!$B28,"×"),"×") -> × | BO7: =【様式2】職員名簿!G28 -> 0
A8: 本園 | B8: =【様式１】総括表・個票!R15 -> 0 | C8: 市内 | D8: 通常 | E8: 標準 | I8: - | M8: =SUM(F8:L8) -> 0 | N8: =SUM(M8,M12) -> 0 | AO8: 451 | AP8: 8 | AQ8: 4.5 | AT8: =ROW()-ROW($AT$7) -> 1 | AU8: =AT8&" "&IF(AW8<>"-",【様式2】職員名簿!B38&"/"&AV8&"/"&AW8,"") -> 1 | AV8: =【様式2】職員名簿!E38 -> 0 | AW8: =IF(【様式2】職員名簿!J38="エラー","-",【様式2】職員名簿!J38) -> - | AX8: =IF($AV8="常勤",$AM$2,IF($AV8="非常勤",【様式2】職員名簿!G38,0)) -> 0 | AY8: =IF($AW8=AY$3,COUNTIF($AW$8:$AW8,AY$3),0) -> 0 | AZ8: =IFERROR(INDEX($AU$8:$AU$107,MATCH($AT8,AY$8:AY$107,0),1),"") | BA8: =IF($AW8=BA$3,COUNTIF($AW$8:$AW8,BA$3),0) -> 0 | BB8: =IFERROR(INDEX($AU$8:$AU$107,MATCH($AT8,BA$8:BA$107,0),1),"") | BC8: =IF($AW8=BC$3,COUNTIFS($AW$8:$AW8,BC$3,$AV$8:$AV8,BC$4),0) -> 0 | BD8: =IFERROR(INDEX($AU$8:$AU$107,MATCH($AT8,BC$8:BC$107,0),1),"") | BE8: =IF($AW8=BE$3,COUNTIF($AW$8:$AW8,BE$3),0) -> 0 | BF8: =IFERROR(INDEX($AU$8:$AU$107,MATCH($AT8,BE$8:BE$107,0),1),"") | BG8: =IF(OR($AW8=BG$3,$AW8=BG$4),COUNTIF($AW$8:$AW8,BG$3)+COUNTIF($AW$8:$AW8,BG$4),0) -> 0 | BH8: =IFERROR(INDEX($AU$8:$AU$107,MATCH($AT8,BG$8:BG$107,0),1),"") | BI8: =IF($AW8=BI$3,COUNTIF($AW$8:$AW8,BI$3),0) -> 0 | BJ8: =IFERROR(INDEX($AU$8:$AU$107,MATCH($AT8,BI$8:BI$107,0),1),"") | BK8: =IF($AW8<>BK$3,COUNTIF($AW$8:$AW8,"<>"&BK$3),0) -> 0 | BL8: =IFERROR(INDEX($AU$8:$AU$107,MATCH($AT8,BK$8:BK$107,0),1),"") | BM8: =【様式2】職員名簿!C29 -> 栄養士（委託） | BN8: =IFERROR(IF(BM8=【様式2】職員名簿!$J29,【様式2】職員名簿!$B29,"×"),"×") -> × | BO8: =【様式2】職員名簿!G29 -> 0
E9: 短 | I9: - | M9: =SUM(F9:L9) -> 0 | N9: =SUM(M9,M13) -> 0 | AQ9: 5 | AT9: =ROW()-ROW($AT$7) -> 2 | AU9: =AT9&" "&IF(AW9<>"-",【様式2】職員名簿!B39&"/"&AV9&"/"&AW9,"") -> 2 | AV9: =【様式2】職員名簿!E39 -> 0 | AW9: =IF(【様式2】職員名簿!J39="エラー","-",【様式2】職員名簿!J39) -> - | AX9: =IF($AV9="常勤",$AM$2,IF($AV9="非常勤",【様式2】職員名簿!G39,0)) -> 0 | AY9: =IF($AW9=AY$3,COUNTIF($AW$8:$AW9,AY$3),0) -> 0 | AZ9: =IFERROR(INDEX($AU$8:$AU$107,MATCH($AT9,AY$8:AY$107,0),1),"") | BA9: =IF($AW9=BA$3,COUNTIF($AW$8:$AW9,BA$3),0) -> 0 | BB9: =IFERROR(INDEX($AU$8:$AU$107,MATCH($AT9,BA$8:BA$107,0),1),"") | BC9: =IF($AW9=BC$3,COUNTIFS($AW$8:$AW9,BC$3,$AV$8:$AV9,BC$4),0) -> 0 | BD9: =IFERROR(INDEX($AU$8:$AU$107,MATCH($AT9,BC$8:BC$107,0),1),"") | BE9: =IF($AW9=BE$3,COUNTIF($AW$8:$AW9,BE$3),0) -> 0 | BF9: =IFERROR(INDEX($AU$8:$AU$107,MATCH($AT9,BE$8:BE$107,0),1),"") | BG9: =IF(OR($AW9=BG$3,$AW9=BG$4),COUNTIF($AW$8:$AW9,BG$3)+COUNTIF($AW$8:$AW9,BG$4),0) -> 0 | BH9: =IFERROR(INDEX($AU$8:$AU$107,MATCH($AT9,BG$8:BG$107,0),1),"") | BI9: =IF($AW9=BI$3,COUNTIF($AW$8:$AW9,BI$3),0) -> 0 | BJ9: =IFERROR(INDEX($AU$8:$AU$107,MATCH($AT9,BI$8:BI$107,0),1),"") | BK9: =IF($AW9<>BK$3,COUNTIF($AW$8:$AW9,"<>"&BK$3),0) -> 0 | BL9: =IFERROR(INDEX($AU$8:$AU$107,MATCH($AT9,BK$8:BK$107,0),1),"") | BM9: =【様式2】職員名簿!C30 -> 調理員（委託） | BN9: =IFERROR(IF(BM9=【様式2】職員名簿!$J30,【様式2】職員名簿!$B30,"×"),"×") -> × | BO9: =【様式2】職員名簿!G30 -> 0
D10: 障がい児 | E10: 標準 | I10: - | M10: =SUM(F10:L10) -> 0 | N10: =SUM(M10,M14) -> 0 | AQ10: 5.5 | AT10: =ROW()-ROW($AT$7) -> 3 | AU10: =AT10&" "&IF(AW10<>"-",【様式2】職員名簿!B40&"/"&AV10&"/"&AW10,"") -> 3 | AV10: =【様式2】職員名簿!E40 -> 0 | AW10: =IF(【様式2】職員名簿!J40="エラー","-",【様式2】職員名簿!J40) -> - | AX10: =IF($AV10="常勤",$AM$2,IF($AV10="非常勤",【様式2】職員名簿!G40,0)) -> 0 | AY10: =IF($AW10=AY$3,COUNTIF($AW$8:$AW10,AY$3),0) -> 0 | AZ10: =IFERROR(INDEX($AU$8:$AU$107,MATCH($AT10,AY$8:AY$107,0),1),"") | BA10: =IF($AW10=BA$3,COUNTIF($AW$8:$AW10,BA$3),0) -> 0 | BB10: =IFERROR(INDEX($AU$8:$AU$107,MATCH($AT10,BA$8:BA$107,0),1),"") | BC10: =IF($AW10=BC$3,COUNTIFS($AW$8:$AW10,BC$3,$AV$8:$AV10,BC$4),0) -> 0 | BD10: =IFERROR(INDEX($AU$8:$AU$107,MATCH($AT10,BC$8:BC$107,0),1),"") | BE10: =IF($AW10=BE$3,COUNTIF($AW$8:$AW10,BE$3),0) -> 0 | BF10: =IFERROR(INDEX($AU$8:$AU$107,MATCH($AT10,BE$8:BE$107,0),1),"") | BG10: =IF(OR($AW10=BG$3,$AW10=BG$4),COUNTIF($AW$8:$AW10,BG$3)+COUNTIF($AW$8:$AW10,BG$4),0) -> 0 | BH10: =IFERROR(INDEX($AU$8:$AU$107,MATCH($AT10,BG$8:BG$107,0),1),"") | BI10: =IF($AW10=BI$3,COUNTIF($AW$8:$AW10,BI$3),0) -> 0 | BJ10: =IFERROR(INDEX($AU$8:$AU$107,MATCH($AT10,BI$8:BI$107,0),1),"") | BK10: =IF($AW10<>BK$3,COUNTIF($AW$8:$AW10,"<>"&BK$3),0) -> 0 | BL10: =IFERROR(INDEX($AU$8:$AU$107,MATCH($AT10,BK$8:BK$107,0),1),"") | BM10: =【様式2】職員名簿!C31 -> 事務員（委託） | BN10: =IFERROR(IF(BM10=【様式2】職員名簿!$J31,【様式2】職員名簿!$B31,"×"),"×") -> × | BO10: =【様式2】職員名簿!G31 -> 0
E11: 短 | I11: - | M11: =SUM(F11:L11) -> 0 | N11: =SUM(M11,M15) -> 0 | AQ11: 6 | AT11: =ROW()-ROW($AT$7) -> 4 | AU11: =AT11&" "&IF(AW11<>"-",【様式2】職員名簿!B41&"/"&AV11&"/"&AW11,"") -> 4 | AV11: =【様式2】職員名簿!E41 -> 0 | AW11: =IF(【様式2】職員名簿!J41="エラー","-",【様式2】職員名簿!J41) -> - | AX11: =IF($AV11="常勤",$AM$2,IF($AV11="非常勤",【様式2】職員名簿!G41,0)) -> 0 | AY11: =IF($AW11=AY$3,COUNTIF($AW$8:$AW11,AY$3),0) -> 0 | AZ11: =IFERROR(INDEX($AU$8:$AU$107,MATCH($AT11,AY$8:AY$107,0),1),"") | BA11: =IF($AW11=BA$3,COUNTIF($AW$8:$AW11,BA$3),0) -> 0 | BB11: =IFERROR(INDEX($AU$8:$AU$107,MATCH($AT11,BA$8:BA$107,0),1),"") | BC11: =IF($AW11=BC$3,COUNTIFS($AW$8:$AW11,BC$3,$AV$8:$AV11,BC$4),0) -> 0 | BD11: =IFERROR(INDEX($AU$8:$AU$107,MATCH($AT11,BC$8:BC$107,0),1),"") | BE11: =IF($AW11=BE$3,COUNTIF($AW$8:$AW11,BE$3),0) -> 0 | BF11: =IFERROR(INDEX($AU$8:$AU$107,MATCH($AT11,BE$8:BE$107,0),1),"") | BG11: =IF(OR($AW11=BG$3,$AW11=BG$4),COUNTIF($AW$8:$AW11,BG$3)+COUNTIF($AW$8:$AW11,BG$4),0) -> 0 | BH11: =IFERROR(INDEX($AU$8:$AU$107,MATCH($AT11,BG$8:BG$107,0),1),"") | BI11: =IF($AW11=BI$3,COUNTIF($AW$8:$AW11,BI$3),0) -> 0 | BJ11: =IFERROR(INDEX($AU$8:$AU$107,MATCH($AT11,BI$8:BI$107,0),1),"") | BK11: =IF($AW11<>BK$3,COUNTIF($AW$8:$AW11,"<>"&BK$3),0) -> 0 | BL11: =IFERROR(INDEX($AU$8:$AU$107,MATCH($AT11,BK$8:BK$107,0),1),"") | BM11: =【様式2】職員名簿!C32 -> その他（委託） | BN11: =IFERROR(IF(BM11=【様式2】職員名簿!$J32,【様式2】職員名簿!$B32,"×"),"×") -> × | BO11: =【様式2】職員名簿!G32 -> 0
C12: 市外 | D12: 通常 | E12: 標準 | I12: - | M12: =SUM(F12:L12) -> 0 | N12: - | AQ12: 6.5 | AT12: =ROW()-ROW($AT$7) -> 5 | AU12: =AT12&" "&IF(AW12<>"-",【様式2】職員名簿!B42&"/"&AV12&"/"&AW12,"") -> 5 | AV12: =【様式2】職員名簿!E42 -> 0 | AW12: =IF(【様式2】職員名簿!J42="エラー","-",【様式2】職員名簿!J42) -> - | AX12: =IF($AV12="常勤",$AM$2,IF($AV12="非常勤",【様式2】職員名簿!G42,0)) -> 0 | AY12: =IF($AW12=AY$3,COUNTIF($AW$8:$AW12,AY$3),0) -> 0 | AZ12: =IFERROR(INDEX($AU$8:$AU$107,MATCH($AT12,AY$8:AY$107,0),1),"") | BA12: =IF($AW12=BA$3,COUNTIF($AW$8:$AW12,BA$3),0) -> 0 | BB12: =IFERROR(INDEX($AU$8:$AU$107,MATCH($AT12,BA$8:BA$107,0),1),"") | BC12: =IF($AW12=BC$3,COUNTIFS($AW$8:$AW12,BC$3,$AV$8:$AV12,BC$4),0) -> 0 | BD12: =IFERROR(INDEX($AU$8:$AU$107,MATCH($AT12,BC$8:BC$107,0),1),"") | BE12: =IF($AW12=BE$3,COUNTIF($AW$8:$AW12,BE$3),0) -> 0 | BF12: =IFERROR(INDEX($AU$8:$AU$107,MATCH($AT12,BE$8:BE$107,0),1),"") | BG12: =IF(OR($AW12=BG$3,$AW12=BG$4),COUNTIF($AW$8:$AW12,BG$3)+COUNTIF($AW$8:$AW12,BG$4),0) -> 0 | BH12: =IFERROR(INDEX($AU$8:$AU$107,MATCH($AT12,BG$8:BG$107,0),1),"") | BI12: =IF($AW12=BI$3,COUNTIF($AW$8:$AW12,BI$3),0) -> 0 | BJ12: =IFERROR(INDEX($AU$8:$AU$107,MATCH($AT12,BI$8:BI$107,0),1),"") | BK12: =IF($AW12<>BK$3,COUNTIF($AW$8:$AW12,"<>"&BK$3),0) -> 0 | BL12: =IFERROR(INDEX($AU$8:$AU$107,MATCH($AT12,BK$8:BK$107,0),1),"")
E13: 短 | I13: - | M13: =SUM(F13:L13) -> 0 | N13: - | AQ13: 7 | AT13: =ROW()-ROW($AT$7) -> 6 | AU13: =AT13&" "&IF(AW13<>"-",【様式2】職員名簿!B43&"/"&AV13&"/"&AW13,"") -> 6 | AV13: =【様式2】職員名簿!E43 -> 0 | AW13: =IF(【様式2】職員名簿!J43="エラー","-",【様式2】職員名簿!J43) -> - | AX13: =IF($AV13="常勤",$AM$2,IF($AV13="非常勤",【様式2】職員名簿!G43,0)) -> 0 | AY13: =IF($AW13=AY$3,COUNTIF($AW$8:$AW13,AY$3),0) -> 0 | AZ13: =IFERROR(INDEX($AU$8:$AU$107,MATCH($AT13,AY$8:AY$107,0),1),"") | BA13: =IF($AW13=BA$3,COUNTIF($AW$8:$AW13,BA$3),0) -> 0 | BB13: =IFERROR(INDEX($AU$8:$AU$107,MATCH($AT13,BA$8:BA$107,0),1),"") | BC13: =IF($AW13=BC$3,COUNTIFS($AW$8:$AW13,BC$3,$AV$8:$AV13,BC$4),0) -> 0 | BD13: =IFERROR(INDEX($AU$8:$AU$107,MATCH($AT13,BC$8:BC$107,0),1),"") | BE13: =IF($AW13=BE$3,COUNTIF($AW$8:$AW13,BE$3),0) -> 0 | BF13: =IFERROR(INDEX($AU$8:$AU$107,MATCH($AT13,BE$8:BE$107,0),1),"") | BG13: =IF(OR($AW13=BG$3,$AW13=BG$4),COUNTIF($AW$8:$AW13,BG$3)+COUNTIF($AW$8:$AW13,BG$4),0) -> 0 | BH13: =IFERROR(INDEX($AU$8:$AU$107,MATCH($AT13,BG$8:BG$107,0),1),"") | BI13: =IF($AW13=BI$3,COUNTIF($AW$8:$AW13,BI$3),0) -> 0 | BJ13: =IFERROR(INDEX($AU$8:$AU$107,MATCH($AT13,BI$8:BI$107,0),1),"") | BK13: =IF($AW13<>BK$3,COUNTIF($AW$8:$AW13,"<>"&BK$3),0) -> 0 | BL13: =IFERROR(INDEX($AU$8:$AU$107,MATCH($AT13,BK$8:BK$107,0),1),"")
D14: 障がい児 | E14: 標準 | I14: - | M14: =SUM(F14:L14) -> 0 | N14: - | AQ14: 7.5 | AT14: =ROW()-ROW($AT$7) -> 7 | AU14: =AT14&" "&IF(AW14<>"-",【様式2】職員名簿!B44&"/"&AV14&"/"&AW14,"") -> 7 | AV14: =【様式2】職員名簿!E44 -> 0 | AW14: =IF(【様式2】職員名簿!J44="エラー","-",【様式2】職員名簿!J44) -> - | AX14: =IF($AV14="常勤",$AM$2,IF($AV14="非常勤",【様式2】職員名簿!G44,0)) -> 0 | AY14: =IF($AW14=AY$3,COUNTIF($AW$8:$AW14,AY$3),0) -> 0 | AZ14: =IFERROR(INDEX($AU$8:$AU$107,MATCH($AT14,AY$8:AY$107,0),1),"") | BA14: =IF($AW14=BA$3,COUNTIF($AW$8:$AW14,BA$3),0) -> 0 | BB14: =IFERROR(INDEX($AU$8:$AU$107,MATCH($AT14,BA$8:BA$107,0),1),"") | BC14: =IF($AW14=BC$3,COUNTIFS($AW$8:$AW14,BC$3,$AV$8:$AV14,BC$4),0) -> 0 | BD14: =IFERROR(INDEX($AU$8:$AU$107,MATCH($AT14,BC$8:BC$107,0),1),"") | BE14: =IF($AW14=BE$3,COUNTIF($AW$8:$AW14,BE$3),0) -> 0 | BF14: =IFERROR(INDEX($AU$8:$AU$107,MATCH($AT14,BE$8:BE$107,0),1),"") | BG14: =IF(OR($AW14=BG$3,$AW14=BG$4),COUNTIF($AW$8:$AW14,BG$3)+COUNTIF($AW$8:$AW14,BG$4),0) -> 0 | BH14: =IFERROR(INDEX($AU$8:$AU$107,MATCH($AT14,BG$8:BG$107,0),1),"") | BI14: =IF($AW14=BI$3,COUNTIF($AW$8:$AW14,BI$3),0) -> 0 | BJ14: =IFERROR(INDEX($AU$8:$AU$107,MATCH($AT14,BI$8:BI$107,0),1),"") | BK14: =IF($AW14<>BK$3,COUNTIF($AW$8:$AW14,"<>"&BK$3),0) -> 0 | BL14: =IFERROR(INDEX($AU$8:$AU$107,MATCH($AT14,BK$8:BK$107,0),1),"")
E15: 短 | I15: - | M15: =SUM(F15:L15) -> 0 | N15: - | AQ15: 8 | AT15: =ROW()-ROW($AT$7) -> 8 | AU15: =AT15&" "&IF(AW15<>"-",【様式2】職員名簿!B45&"/"&AV15&"/"&AW15,"") -> 8 | AV15: =【様式2】職員名簿!E45 -> 0 | AW15: =IF(【様式2】職員名簿!J45="エラー","-",【様式2】職員名簿!J45) -> - | AX15: =IF($AV15="常勤",$AM$2,IF($AV15="非常勤",【様式2】職員名簿!G45,0)) -> 0 | AY15: =IF($AW15=AY$3,COUNTIF($AW$8:$AW15,AY$3),0) -> 0 | AZ15: =IFERROR(INDEX($AU$8:$AU$107,MATCH($AT15,AY$8:AY$107,0),1),"") | BA15: =IF($AW15=BA$3,COUNTIF($AW$8:$AW15,BA$3),0) -> 0 | BB15: =IFERROR(INDEX($AU$8:$AU$107,MATCH($AT15,BA$8:BA$107,0),1),"") | BC15: =IF($AW15=BC$3,COUNTIFS($AW$8:$AW15,BC$3,$AV$8:$AV15,BC$4),0) -> 0 | BD15: =IFERROR(INDEX($AU$8:$AU$107,MATCH($AT15,BC$8:BC$107,0),1),"") | BE15: =IF($AW15=BE$3,COUNTIF($AW$8:$AW15,BE$3),0) -> 0 | BF15: =IFERROR(INDEX($AU$8:$AU$107,MATCH($AT15,BE$8:BE$107,0),1),"") | BG15: =IF(OR($AW15=BG$3,$AW15=BG$4),COUNTIF($AW$8:$AW15,BG$3)+COUNTIF($AW$8:$AW15,BG$4),0) -> 0 | BH15: =IFERROR(INDEX($AU$8:$AU$107,MATCH($AT15,BG$8:BG$107,0),1),"") | BI15: =IF($AW15=BI$3,COUNTIF($AW$8:$AW15,BI$3),0) -> 0 | BJ15: =IFERROR(INDEX($AU$8:$AU$107,MATCH($AT15,BI$8:BI$107,0),1),"") | BK15: =IF($AW15<>BK$3,COUNTIF($AW$8:$AW15,"<>"&BK$3),0) -> 0 | BL15: =IFERROR(INDEX($AU$8:$AU$107,MATCH($AT15,BK$8:BK$107,0),1),"")
A16: 総計 | B16: =B8 -> 0 | F16: =SUM(F8:F15) -> 0 | G16: =SUM(G8:G15) -> 0 | H16: =SUM(H8:H15) -> 0 | I16: =SUM(I8:I15) -> 0 | J16: =SUM(J8:J15) -> 0 | K16: =SUM(K8:K15) -> 0 | L16: =SUM(L8:L15) -> 0 | M16: =SUM(M8:M15) -> 0 | N16: =SUM(N8:N15) -> 0 | AT16: =ROW()-ROW($AT$7) -> 9 | AU16: =AT16&" "&IF(AW16<>"-",【様式2】職員名簿!B46&"/"&AV16&"/"&AW16,"") -> 9 | AV16: =【様式2】職員名簿!E46 -> 0 | AW16: =IF(【様式2】職員名簿!J46="エラー","-",【様式2】職員名簿!J46) -> - | AX16: =IF($AV16="常勤",$AM$2,IF($AV16="非常勤",【様式2】職員名簿!G46,0)) -> 0 | AY16: =IF($AW16=AY$3,COUNTIF($AW$8:$AW16,AY$3),0) -> 0 | AZ16: =IFERROR(INDEX($AU$8:$AU$107,MATCH($AT16,AY$8:AY$107,0),1),"") | BA16: =IF($AW16=BA$3,COUNTIF($AW$8:$AW16,BA$3),0) -> 0 | BB16: =IFERROR(INDEX($AU$8:$AU$107,MATCH($AT16,BA$8:BA$107,0),1),"") | BC16: =IF($AW16=BC$3,COUNTIFS($AW$8:$AW16,BC$3,$AV$8:$AV16,BC$4),0) -> 0 | BD16: =IFERROR(INDEX($AU$8:$AU$107,MATCH($AT16,BC$8:BC$107,0),1),"") | BE16: =IF($AW16=BE$3,COUNTIF($AW$8:$AW16,BE$3),0) -> 0 | BF16: =IFERROR(INDEX($AU$8:$AU$107,MATCH($AT16,BE$8:BE$107,0),1),"") | BG16: =IF(OR($AW16=BG$3,$AW16=BG$4),COUNTIF($AW$8:$AW16,BG$3)+COUNTIF($AW$8:$AW16,BG$4),0) -> 0 | BH16: =IFERROR(INDEX($AU$8:$AU$107,MATCH($AT16,BG$8:BG$107,0),1),"") | BI16: =IF($AW16=BI$3,COUNTIF($AW$8:$AW16,BI$3),0) -> 0 | BJ16: =IFERROR(INDEX($AU$8:$AU$107,MATCH($AT16,BI$8:BI$107,0),1),"") | BK16: =IF($AW16<>BK$3,COUNTIF($AW$8:$AW16,"<>"&BK$3),0) -> 0 | BL16: =IFERROR(INDEX($AU$8:$AU$107,MATCH($AT16,BK$8:BK$107,0),1),"")
AT17: =ROW()-ROW($AT$7) -> 10 | AU17: =AT17&" "&IF(AW17<>"-",【様式2】職員名簿!B47&"/"&AV17&"/"&AW17,"") -> 10 | AV17: =【様式2】職員名簿!E47 -> 0 | AW17: =IF(【様式2】職員名簿!J47="エラー","-",【様式2】職員名簿!J47) -> - | AX17: =IF($AV17="常勤",$AM$2,IF($AV17="非常勤",【様式2】職員名簿!G47,0)) -> 0 | AY17: =IF($AW17=AY$3,COUNTIF($AW$8:$AW17,AY$3),0) -> 0 | AZ17: =IFERROR(INDEX($AU$8:$AU$107,MATCH($AT17,AY$8:AY$107,0),1),"") | BA17: =IF($AW17=BA$3,COUNTIF($AW$8:$AW17,BA$3),0) -> 0 | BB17: =IFERROR(INDEX($AU$8:$AU$107,MATCH($AT17,BA$8:BA$107,0),1),"") | BC17: =IF($AW17=BC$3,COUNTIFS($AW$8:$AW17,BC$3,$AV$8:$AV17,BC$4),0) -> 0 | BD17: =IFERROR(INDEX($AU$8:$AU$107,MATCH($AT17,BC$8:BC$107,0),1),"") | BE17: =IF($AW17=BE$3,COUNTIF($AW$8:$AW17,BE$3),0) -> 0 | BF17: =IFERROR(INDEX($AU$8:$AU$107,MATCH($AT17,BE$8:BE$107,0),1),"") | BG17: =IF(OR($AW17=BG$3,$AW17=BG$4),COUNTIF($AW$8:$AW17,BG$3)+COUNTIF($AW$8:$AW17,BG$4),0) -> 0 | BH17: =IFERROR(INDEX($AU$8:$AU$107,MATCH($AT17,BG$8:BG$107,0),1),"") | BI17: =IF($AW17=BI$3,COUNTIF($AW$8:$AW17,BI$3),0) -> 0 | BJ17: =IFERROR(INDEX($AU$8:$AU$107,MATCH($AT17,BI$8:BI$107,0),1),"") | BK17: =IF($AW17<>BK$3,COUNTIF($AW$8:$AW17,"<>"&BK$3),0) -> 0 | BL17: =IFERROR(INDEX($AU$8:$AU$107,MATCH($AT17,BK$8:BK$107,0),1),"")
A18: 2 加算・減算等 | AT18: =ROW()-ROW($AT$7) -> 11 | AU18: =AT18&" "&IF(AW18<>"-",【様式2】職員名簿!B48&"/"&AV18&"/"&AW18,"") -> 11 | AV18: =【様式2】職員名簿!E48 -> 0 | AW18: =IF(【様式2】職員名簿!J48="エラー","-",【様式2】職員名簿!J48) -> - | AX18: =IF($AV18="常勤",$AM$2,IF($AV18="非常勤",【様式2】職員名簿!G48,0)) -> 0 | AY18: =IF($AW18=AY$3,COUNTIF($AW$8:$AW18,AY$3),0) -> 0 | AZ18: =IFERROR(INDEX($AU$8:$AU$107,MATCH($AT18,AY$8:AY$107,0),1),"") | BA18: =IF($AW18=BA$3,COUNTIF($AW$8:$AW18,BA$3),0) -> 0 | BB18: =IFERROR(INDEX($AU$8:$AU$107,MATCH($AT18,BA$8:BA$107,0),1),"") | BC18: =IF($AW18=BC$3,COUNTIFS($AW$8:$AW18,BC$3,$AV$8:$AV18,BC$4),0) -> 0 | BD18: =IFERROR(INDEX($AU$8:$AU$107,MATCH($AT18,BC$8:BC$107,0),1),"") | BE18: =IF($AW18=BE$3,COUNTIF($AW$8:$AW18,BE$3),0) -> 0 | BF18: =IFERROR(INDEX($AU$8:$AU$107,MATCH($AT18,BE$8:BE$107,0),1),"") | BG18: =IF(OR($AW18=BG$3,$AW18=BG$4),COUNTIF($AW$8:$AW18,BG$3)+COUNTIF($AW$8:$AW18,BG$4),0) -> 0 | BH18: =IFERROR(INDEX($AU$8:$AU$107,MATCH($AT18,BG$8:BG$107,0),1),"") | BI18: =IF($AW18=BI$3,COUNTIF($AW$8:$AW18,BI$3),0) -> 0 | BJ18: =IFERROR(INDEX($AU$8:$AU$107,MATCH($AT18,BI$8:BI$107,0),1),"") | BK18: =IF($AW18<>BK$3,COUNTIF($AW$8:$AW18,"<>"&BK$3),0) -> 0 | BL18: =IFERROR(INDEX($AU$8:$AU$107,MATCH($AT18,BK$8:BK$107,0),1),"")
A19: 項目 | D19: 担当（通常給与で対応している分のみを計上し、超過勤務対応した分は除く） | N19: 判定（取得数） | Q19: 個票 | S19: 判定 | T19: 職種・リスト名 | U19: 時間数 | V19: エラー確認 | AF19: 調整 | AH19: 下限調整 | AT19: =ROW()-ROW($AT$7) -> 12 | AU19: =AT19&" "&IF(AW19<>"-",【様式2】職員名簿!B49&"/"&AV19&"/"&AW19,"") -> 12 | AV19: =【様式2】職員名簿!E49 -> 0 | AW19: =IF(【様式2】職員名簿!J49="エラー","-",【様式2】職員名簿!J49) -> - | AX19: =IF($AV19="常勤",$AM$2,IF($AV19="非常勤",【様式2】職員名簿!G49,0)) -> 0 | AY19: =IF($AW19=AY$3,COUNTIF($AW$8:$AW19,AY$3),0) -> 0 | AZ19: =IFERROR(INDEX($AU$8:$AU$107,MATCH($AT19,AY$8:AY$107,0),1),"") | BA19: =IF($AW19=BA$3,COUNTIF($AW$8:$AW19,BA$3),0) -> 0 | BB19: =IFERROR(INDEX($AU$8:$AU$107,MATCH($AT19,BA$8:BA$107,0),1),"") | BC19: =IF($AW19=BC$3,COUNTIFS($AW$8:$AW19,BC$3,$AV$8:$AV19,BC$4),0) -> 0 | BD19: =IFERROR(INDEX($AU$8:$AU$107,MATCH($AT19,BC$8:BC$107,0),1),"") | BE19: =IF($AW19=BE$3,COUNTIF($AW$8:$AW19,BE$3),0) -> 0 | BF19: =IFERROR(INDEX($AU$8:$AU$107,MATCH($AT19,BE$8:BE$107,0),1),"") | BG19: =IF(OR($AW19=BG$3,$AW19=BG$4),COUNTIF($AW$8:$AW19,BG$3)+COUNTIF($AW$8:$AW19,BG$4),0) -> 0 | BH19: =IFERROR(INDEX($AU$8:$AU$107,MATCH($AT19,BG$8:BG$107,0),1),"") | BI19: =IF($AW19=BI$3,COUNTIF($AW$8:$AW19,BI$3),0) -> 0 | BJ19: =IFERROR(INDEX($AU$8:$AU$107,MATCH($AT19,BI$8:BI$107,0),1),"") | BK19: =IF($AW19<>BK$3,COUNTIF($AW$8:$AW19,"<>"&BK$3),0) -> 0 | BL19: =IFERROR(INDEX($AU$8:$AU$107,MATCH($AT19,BK$8:BK$107,0),1),"")
A20: 区分 | B20: 加算・減算等 | D20: 職種 | F20: 配置者/条件 | L20: 常勤換算数【人/月】 | N20: 申請状況 | V20: パターン | W20: 対象 | X20: 名簿有無 | Y20: 重複 | AD20: 時間 | AE20: 常勤 | AH20: パターン | AI20: 判定 | AJ20: 時間数 | AT20: =ROW()-ROW($AT$7) -> 13 | AU20: =AT20&" "&IF(AW20<>"-",【様式2】職員名簿!B50&"/"&AV20&"/"&AW20,"") -> 13 | AV20: =【様式2】職員名簿!E50 -> 0 | AW20: =IF(【様式2】職員名簿!J50="エラー","-",【様式2】職員名簿!J50) -> - | AX20: =IF($AV20="常勤",$AM$2,IF($AV20="非常勤",【様式2】職員名簿!G50,0)) -> 0 | AY20: =IF($AW20=AY$3,COUNTIF($AW$8:$AW20,AY$3),0) -> 0 | AZ20: =IFERROR(INDEX($AU$8:$AU$107,MATCH($AT20,AY$8:AY$107,0),1),"") | BA20: =IF($AW20=BA$3,COUNTIF($AW$8:$AW20,BA$3),0) -> 0 | BB20: =IFERROR(INDEX($AU$8:$AU$107,MATCH($AT20,BA$8:BA$107,0),1),"") | BC20: =IF($AW20=BC$3,COUNTIFS($AW$8:$AW20,BC$3,$AV$8:$AV20,BC$4),0) -> 0 | BD20: =IFERROR(INDEX($AU$8:$AU$107,MATCH($AT20,BC$8:BC$107,0),1),"") | BE20: =IF($AW20=BE$3,COUNTIF($AW$8:$AW20,BE$3),0) -> 0 | BF20: =IFERROR(INDEX($AU$8:$AU$107,MATCH($AT20,BE$8:BE$107,0),1),"") | BG20: =IF(OR($AW20=BG$3,$AW20=BG$4),COUNTIF($AW$8:$AW20,BG$3)+COUNTIF($AW$8:$AW20,BG$4),0) -> 0 | BH20: =IFERROR(INDEX($AU$8:$AU$107,MATCH($AT20,BG$8:BG$107,0),1),"") | BI20: =IF($AW20=BI$3,COUNTIF($AW$8:$AW20,BI$3),0) -> 0 | BJ20: =IFERROR(INDEX($AU$8:$AU$107,MATCH($AT20,BI$8:BI$107,0),1),"") | BK20: =IF($AW20<>BK$3,COUNTIF($AW$8:$AW20,"<>"&BK$3),0) -> 0 | BL20: =IFERROR(INDEX($AU$8:$AU$107,MATCH($AT20,BK$8:BK$107,0),1),"")
F21: 担当者名 | I21: 勤務時間【時間】 | J21: 確認 | K21: 担当時間【時間】 | L21: =IF($AL$2,"下限：","") | M21: =IF($AL$2,IF($AL$3>0,"①"&$AL$3/$AM$2,"")&IF($AL$4>0," ②"&$AL$4/$AM$2,""),"") | Q21: 申請 | R21: 条件 | Y21: 判定 | Z21: 特例① | AA21: 特例② | AB21: 特例③ | AC21: 0 | AF21: 項目 | AG21: 人/月 | AT21: =ROW()-ROW($AT$7) -> 14 | AU21: =AT21&" "&IF(AW21<>"-",【様式2】職員名簿!B51&"/"&AV21&"/"&AW21,"") -> 14 | AV21: =【様式2】職員名簿!E51 -> 0 | AW21: =IF(【様式2】職員名簿!J51="エラー","-",【様式2】職員名簿!J51) -> - | AX21: =IF($AV21="常勤",$AM$2,IF($AV21="非常勤",【様式2】職員名簿!G51,0)) -> 0 | AY21: =IF($AW21=AY$3,COUNTIF($AW$8:$AW21,AY$3),0) -> 0 | AZ21: =IFERROR(INDEX($AU$8:$AU$107,MATCH($AT21,AY$8:AY$107,0),1),"") | BA21: =IF($AW21=BA$3,COUNTIF($AW$8:$AW21,BA$3),0) -> 0 | BB21: =IFERROR(INDEX($AU$8:$AU$107,MATCH($AT21,BA$8:BA$107,0),1),"") | BC21: =IF($AW21=BC$3,COUNTIFS($AW$8:$AW21,BC$3,$AV$8:$AV21,BC$4),0) -> 0 | BD21: =IFERROR(INDEX($AU$8:$AU$107,MATCH($AT21,BC$8:BC$107,0),1),"") | BE21: =IF($AW21=BE$3,COUNTIF($AW$8:$AW21,BE$3),0) -> 0 | BF21: =IFERROR(INDEX($AU$8:$AU$107,MATCH($AT21,BE$8:BE$107,0),1),"") | BG21: =IF(OR($AW21=BG$3,$AW21=BG$4),COUNTIF($AW$8:$AW21,BG$3)+COUNTIF($AW$8:$AW21,BG$4),0) -> 0 | BH21: =IFERROR(INDEX($AU$8:$AU$107,MATCH($AT21,BG$8:BG$107,0),1),"") | BI21: =IF($AW21=BI$3,COUNTIF($AW$8:$AW21,BI$3),0) -> 0 | BJ21: =IFERROR(INDEX($AU$8:$AU$107,MATCH($AT21,BI$8:BI$107,0),1),"") | BK21: =IF($AW21<>BK$3,COUNTIF($AW$8:$AW21,"<>"&BK$3),0) -> 0 | BL21: =IFERROR(INDEX($AU$8:$AU$107,MATCH($AT21,BK$8:BK$107,0),1),"")
A22: 基本配置 | B22: 施設長 | D22: =IF(W22,T22,"") -> 施設長 | I22: =IF(OR(NOT(W22),U22=0),"",U22) | J22: =IF(OR(F22=0,F22=""),"",IF(W22,IF(X22,IF(OR(Y22,V22=3),IF(AD22,IF(OR(AE22,V22=2,V22=3),"○","要常勤"),"時間無"),"重複"),"名簿無"),"対象外")) | K22: - | L22: =IF(AI22=1,"調整①→",IF(AI22=5,"調整②→",IF(AI22=2,"",IF(AI22=3,"全計上→","エラー")))) | M22: =IF(OR(AND(J22<>"",J22<>"○"),AI22=4),"×",IF(J22="",0,AJ22/$AM$2)) -> 0 | N22: =IF(Q22,"○","×") -> ○ | O22: =IF(Q22,IF(S22,"○","×"),"-") -> × | Q22: =TRUE() -> TRUE | R22: =【様式１】総括表・個票!AI154 -> FALSE | S22: =AND(J22="○",O90>=0) -> FALSE | T22: =$AZ$6 -> 施設長 | U22: =IFERROR(VLOOKUP($F22,$AU$8:$AX$107,4,FALSE),0) -> 0 | V22: 2 | W22: =Q22 -> TRUE | X22: =COUNTIF(INDIRECT(T22),F22)>0 -> FALSE | Y22: =COUNTIF($AC$21:AC21,AC22)+COUNTIF(AC23:$AC$74,AC22)-COUNTIF(Z22:AB22,AC22)=0 -> FALSE | Z22: - | AA22: - | AB22: - | AC22: =IF(V22=3,0,IFERROR(INDEX($AT$8:$AT$107,MATCH($F22,AU$8:AU$107,0),1),0)) -> 0 | AD22: =U22>0 -> FALSE | AE22: =IFERROR(VLOOKUP($F22,$AU$8:$AX$107,2,FALSE),"")="常勤" -> FALSE | AF22: - | AG22: - | AH22: 1 | AI22: =IF(AND($W22,$J22="○"),IF($K22="-",IF($U22<IF($AH22=5,$AL$4,$AL$3),$AH22,2),IF($K22=0,IF($U22<IF($AH22=5,$AL$4,$AL$3),IF(OR($AH22=1,$AH22=5),$AH22,3),3),IF(K22<IF($AH22=5,$AL$4,$AL$3),$AH22,IF($K22>$U22,4,2)))),2) -> 2 | AJ22: =IF(AI22=1,$AL$3,IF(AI22=5,$AL$4,IF(AI22=2,IF(K22="-",U22,K22),IF(AI22=3,U22,"×")))) -> 0 | AT22: =ROW()-ROW($AT$7) -> 15 | AU22: =AT22&" "&IF(AW22<>"-",【様式2】職員名簿!B52&"/"&AV22&"/"&AW22,"") -> 15 | AV22: =【様式2】職員名簿!E52 -> 0 | AW22: =IF(【様式2】職員名簿!J52="エラー","-",【様式2】職員名簿!J52) -> - | AX22: =IF($AV22="常勤",$AM$2,IF($AV22="非常勤",【様式2】職員名簿!G52,0)) -> 0 | AY22: =IF($AW22=AY$3,COUNTIF($AW$8:$AW22,AY$3),0) -> 0 | AZ22: =IFERROR(INDEX($AU$8:$AU$107,MATCH($AT22,AY$8:AY$107,0),1),"") | BA22: =IF($AW22=BA$3,COUNTIF($AW$8:$AW22,BA$3),0) -> 0 | BB22: =IFERROR(INDEX($AU$8:$AU$107,MATCH($AT22,BA$8:BA$107,0),1),"") | BC22: =IF($AW22=BC$3,COUNTIFS($AW$8:$AW22,BC$3,$AV$8:$AV22,BC$4),0) -> 0 | BD22: =IFERROR(INDEX($AU$8:$AU$107,MATCH($AT22,BC$8:BC$107,0),1),"") | BE22: =IF($AW22=BE$3,COUNTIF($AW$8:$AW22,BE$3),0) -> 0 | BF22: =IFERROR(INDEX($AU$8:$AU$107,MATCH($AT22,BE$8:BE$107,0),1),"") | BG22: =IF(OR($AW22=BG$3,$AW22=BG$4),COUNTIF($AW$8:$AW22,BG$3)+COUNTIF($AW$8:$AW22,BG$4),0) -> 0 | BH22: =IFERROR(INDEX($AU$8:$AU$107,MATCH($AT22,BG$8:BG$107,0),1),"") | BI22: =IF($AW22=BI$3,COUNTIF($AW$8:$AW22,BI$3),0) -> 0 | BJ22: =IFERROR(INDEX($AU$8:$AU$107,MATCH($AT22,BI$8:BI$107,0),1),"") | BK22: =IF($AW22<>BK$3,COUNTIF($AW$8:$AW22,"<>"&BK$3),0) -> 0 | BL22: =IFERROR(INDEX($AU$8:$AU$107,MATCH($AT22,BK$8:BK$107,0),1),"")
B23: 保育士① | D23: =IF(W23,T23,"") -> 保育士 | F23: =IF(Q23,"必要保育従事者数１人","") -> 必要保育従事者数１人 | L23: - | M23: - | N23: =IF(Q23,"○","×") -> ○ | O23: =IF(Q23,IF(S23,"○","×"),"-") -> #N/A | Q23: =TRUE() -> TRUE | R23: - | S23: =$O$92>=0 -> #N/A | T23: =$BB$6 -> 保育士 | U23: - | V23: - | W23: =Q23 -> TRUE | X23: - | Y23: - | Z23: - | AA23: - | AB23: - | AC23: - | AD23: - | AE23: - | AF23: - | AG23: - | AH23: - | AI23: - | AJ23: - | AT23: =ROW()-ROW($AT$7) -> 16 | AU23: =AT23&" "&IF(AW23<>"-",【様式2】職員名簿!B53&"/"&AV23&"/"&AW23,"") -> 16 | AV23: =【様式2】職員名簿!E53 -> 0 | AW23: =IF(【様式2】職員名簿!J53="エラー","-",【様式2】職員名簿!J53) -> - | AX23: =IF($AV23="常勤",$AM$2,IF($AV23="非常勤",【様式2】職員名簿!G53,0)) -> 0 | AY23: =IF($AW23=AY$3,COUNTIF($AW$8:$AW23,AY$3),0) -> 0 | AZ23: =IFERROR(INDEX($AU$8:$AU$107,MATCH($AT23,AY$8:AY$107,0),1),"") | BA23: =IF($AW23=BA$3,COUNTIF($AW$8:$AW23,BA$3),0) -> 0 | BB23: =IFERROR(INDEX($AU$8:$AU$107,MATCH($AT23,BA$8:BA$107,0),1),"") | BC23: =IF($AW23=BC$3,COUNTIFS($AW$8:$AW23,BC$3,$AV$8:$AV23,BC$4),0) -> 0 | BD23: =IFERROR(INDEX($AU$8:$AU$107,MATCH($AT23,BC$8:BC$107,0),1),"") | BE23: =IF($AW23=BE$3,COUNTIF($AW$8:$AW23,BE$3),0) -> 0 | BF23: =IFERROR(INDEX($AU$8:$AU$107,MATCH($AT23,BE$8:BE$107,0),1),"") | BG23: =IF(OR($AW23=BG$3,$AW23=BG$4),COUNTIF($AW$8:$AW23,BG$3)+COUNTIF($AW$8:$AW23,BG$4),0) -> 0 | BH23: =IFERROR(INDEX($AU$8:$AU$107,MATCH($AT23,BG$8:BG$107,0),1),"") | BI23: =IF($AW23=BI$3,COUNTIF($AW$8:$AW23,BI$3),0) -> 0 | BJ23: =IFERROR(INDEX($AU$8:$AU$107,MATCH($AT23,BI$8:BI$107,0),1),"") | BK23: =IF($AW23<>BK$3,COUNTIF($AW$8:$AW23,"<>"&BK$3),0) -> 0 | BL23: =IFERROR(INDEX($AU$8:$AU$107,MATCH($AT23,BK$8:BK$107,0),1),"")
B24: 保育士② | D24: =IF(W24,T24,"") | F24: =IF(Q25,"保育標準時間児童が利用する場合は常勤１名",IF(Q26,"保育標準時間児童が利用する場合は非常勤１名","")) -> #N/A | L24: - | M24: - | N24: =IF(Q24,"○","×") -> × | O24: =IF(Q24,IF(S24,"○","×"),"-") -> - | Q24: =SUM(N8,N10)>=1 -> FALSE | R24: =IF(D25="事保",1,IF(OR(D25="Ａ",D25="事小"),2,0)) -> #N/A | S24: =AND(O92>=0,IF(Q25,S25,TRUE),IF(Q26,S26,TRUE),OR(Q25,Q26)) -> #N/A | T24: =$BB$6 -> 保育士 | U24: - | V24: - | W24: =Q24 -> FALSE | X24: - | Y24: - | Z24: - | AA24: - | AB24: - | AC24: - | AD24: - | AE24: - | AF24: - | AG24: - | AH24: - | AI24: - | AJ24: - | AT24: =ROW()-ROW($AT$7) -> 17 | AU24: =AT24&" "&IF(AW24<>"-",【様式2】職員名簿!B54&"/"&AV24&"/"&AW24,"") -> 17 | AV24: =【様式2】職員名簿!E54 -> 0 | AW24: =IF(【様式2】職員名簿!J54="エラー","-",【様式2】職員名簿!J54) -> - | AX24: =IF($AV24="常勤",$AM$2,IF($AV24="非常勤",【様式2】職員名簿!G54,0)) -> 0 | AY24: =IF($AW24=AY$3,COUNTIF($AW$8:$AW24,AY$3),0) -> 0 | AZ24: =IFERROR(INDEX($AU$8:$AU$107,MATCH($AT24,AY$8:AY$107,0),1),"") | BA24: =IF($AW24=BA$3,COUNTIF($AW$8:$AW24,BA$3),0) -> 0 | BB24: =IFERROR(INDEX($AU$8:$AU$107,MATCH($AT24,BA$8:BA$107,0),1),"") | BC24: =IF($AW24=BC$3,COUNTIFS($AW$8:$AW24,BC$3,$AV$8:$AV24,BC$4),0) -> 0 | BD24: =IFERROR(INDEX($AU$8:$AU$107,MATCH($AT24,BC$8:BC$107,0),1),"") | BE24: =IF($AW24=BE$3,COUNTIF($AW$8:$AW24,BE$3),0) -> 0 | BF24: =IFERROR(INDEX($AU$8:$AU$107,MATCH($AT24,BE$8:BE$107,0),1),"") | BG24: =IF(OR($AW24=BG$3,$AW24=BG$4),COUNTIF($AW$8:$AW24,BG$3)+COUNTIF($AW$8:$AW24,BG$4),0) -> 0 | BH24: =IFERROR(INDEX($AU$8:$AU$107,MATCH($AT24,BG$8:BG$107,0),1),"") | BI24: =IF($AW24=BI$3,COUNTIF($AW$8:$AW24,BI$3),0) -> 0 | BJ24: =IFERROR(INDEX($AU$8:$AU$107,MATCH($AT24,BI$8:BI$107,0),1),"") | BK24: =IF($AW24<>BK$3,COUNTIF($AW$8:$AW24,"<>"&BK$3),0) -> 0 | BL24: =IFERROR(INDEX($AU$8:$AU$107,MATCH($AT24,BK$8:BK$107,0),1),"")
D25: =【様式１】総括表・個票!L12 -> #N/A | E25: =IF(W25,T25,"") -> #N/A | F25: =IF(Q25,"常勤１名","") -> #N/A | L25: - | M25: - | N25: =IF(Q25,"○","×") -> #N/A | Q25: =AND(Q24,R25) -> #N/A | R25: =R24=1 -> #N/A | S25: =O92>=0 -> #N/A | T25: 常勤保育士 | U25: - | V25: - | W25: =Q25 -> #N/A | X25: - | Y25: - | Z25: - | AA25: - | AB25: - | AC25: - | AD25: - | AE25: - | AF25: - | AG25: - | AH25: - | AI25: - | AJ25: - | AT25: =ROW()-ROW($AT$7) -> 18 | AU25: =AT25&" "&IF(AW25<>"-",【様式2】職員名簿!B55&"/"&AV25&"/"&AW25,"") -> 18 | AV25: =【様式2】職員名簿!E55 -> 0 | AW25: =IF(【様式2】職員名簿!J55="エラー","-",【様式2】職員名簿!J55) -> - | AX25: =IF($AV25="常勤",$AM$2,IF($AV25="非常勤",【様式2】職員名簿!G55,0)) -> 0 | AY25: =IF($AW25=AY$3,COUNTIF($AW$8:$AW25,AY$3),0) -> 0 | AZ25: =IFERROR(INDEX($AU$8:$AU$107,MATCH($AT25,AY$8:AY$107,0),1),"") | BA25: =IF($AW25=BA$3,COUNTIF($AW$8:$AW25,BA$3),0) -> 0 | BB25: =IFERROR(INDEX($AU$8:$AU$107,MATCH($AT25,BA$8:BA$107,0),1),"") | BC25: =IF($AW25=BC$3,COUNTIFS($AW$8:$AW25,BC$3,$AV$8:$AV25,BC$4),0) -> 0 | BD25: =IFERROR(INDEX($AU$8:$AU$107,MATCH($AT25,BC$8:BC$107,0),1),"") | BE25: =IF($AW25=BE$3,COUNTIF($AW$8:$AW25,BE$3),0) -> 0 | BF25: =IFERROR(INDEX($AU$8:$AU$107,MATCH($AT25,BE$8:BE$107,0),1),"") | BG25: =IF(OR($AW25=BG$3,$AW25=BG$4),COUNTIF($AW$8:$AW25,BG$3)+COUNTIF($AW$8:$AW25,BG$4),0) -> 0 | BH25: =IFERROR(INDEX($AU$8:$AU$107,MATCH($AT25,BG$8:BG$107,0),1),"") | BI25: =IF($AW25=BI$3,COUNTIF($AW$8:$AW25,BI$3),0) -> 0 | BJ25: =IFERROR(INDEX($AU$8:$AU$107,MATCH($AT25,BI$8:BI$107,0),1),"") | BK25: =IF($AW25<>BK$3,COUNTIF($AW$8:$AW25,"<>"&BK$3),0) -> 0 | BL25: =IFERROR(INDEX($AU$8:$AU$107,MATCH($AT25,BK$8:BK$107,0),1),"")
E26: =IF(W26,T26,"") -> #N/A | I26: =IF(OR(NOT(W26),U26=0),"",U26) -> #N/A | J26: =IF(OR(F26=0,F26=""),"",IF(W26,IF(X26,IF(OR(Y26,V26=3),IF(AD26,IF(OR(AE26,V26=2,V26=3),"○","要常勤"),"時間無"),"重複"),"名簿無"),"対象外")) | K26: - | L26: =IF(AI26=1,"調整①→",IF(AI26=5,"調整②→",IF(AI26=2,"",IF(AI26=3,"全計上→","エラー")))) -> #N/A | M26: =IF(OR(AND(J26<>"",J26<>"○"),AI26=4),"×",IF(J26="",0,AJ26/$AM$2)) -> #N/A | N26: =IF(Q26,"○","×") -> #N/A | Q26: =AND(Q24,R26) -> #N/A | R26: =R24=2 -> #N/A | S26: =AND(J26="○",$O$92>=0) -> #N/A | T26: =$BB$6 -> 保育士 | U26: =IFERROR(VLOOKUP($F26,$AU$8:$AX$107,4,FALSE),0) -> 0 | V26: 2 | W26: =Q26 -> #N/A | X26: =COUNTIF(INDIRECT(T26),F26)>0 -> FALSE | Y26: =COUNTIF($AC$21:AC25,AC26)+COUNTIF(AC27:$AC$74,AC26)-COUNTIF(Z26:AB26,AC26)=0 -> FALSE | Z26: - | AA26: - | AB26: - | AC26: =IF(V26=3,0,IFERROR(INDEX($AT$8:$AT$107,MATCH($F26,AU$8:AU$107,0),1),0)) -> 0 | AD26: =U26>0 -> FALSE | AE26: =IFERROR(VLOOKUP($F26,$AU$8:$AX$107,2,FALSE),"")="常勤" -> FALSE | AF26: - | AG26: - | AH26: 1 | AI26: =IF(AND($W26,$J26="○"),IF($K26="-",IF($U26<IF($AH26=5,$AL$4,$AL$3),$AH26,2),IF($K26=0,IF($U26<IF($AH26=5,$AL$4,$AL$3),IF(OR($AH26=1,$AH26=5),$AH26,3),3),IF(K26<IF($AH26=5,$AL$4,$AL$3),$AH26,IF($K26>$U26,4,2)))),2) -> #N/A | AJ26: =IF(AI26=1,$AL$3,IF(AI26=5,$AL$4,IF(AI26=2,IF(K26="-",U26,K26),IF(AI26=3,U26,"×")))) -> #N/A | AT26: =ROW()-ROW($AT$7) -> 19 | AU26: =AT26&" "&IF(AW26<>"-",【様式2】職員名簿!B56&"/"&AV26&"/"&AW26,"") -> 19 | AV26: =【様式2】職員名簿!E56 -> 0 | AW26: =IF(【様式2】職員名簿!J56="エラー","-",【様式2】職員名簿!J56) -> - | AX26: =IF($AV26="常勤",$AM$2,IF($AV26="非常勤",【様式2】職員名簿!G56,0)) -> 0 | AY26: =IF($AW26=AY$3,COUNTIF($AW$8:$AW26,AY$3),0) -> 0 | AZ26: =IFERROR(INDEX($AU$8:$AU$107,MATCH($AT26,AY$8:AY$107,0),1),"") | BA26: =IF($AW26=BA$3,COUNTIF($AW$8:$AW26,BA$3),0) -> 0 | BB26: =IFERROR(INDEX($AU$8:$AU$107,MATCH($AT26,BA$8:BA$107,0),1),"") | BC26: =IF($AW26=BC$3,COUNTIFS($AW$8:$AW26,BC$3,$AV$8:$AV26,BC$4),0) -> 0 | BD26: =IFERROR(INDEX($AU$8:$AU$107,MATCH($AT26,BC$8:BC$107,0),1),"") | BE26: =IF($AW26=BE$3,COUNTIF($AW$8:$AW26,BE$3),0) -> 0 | BF26: =IFERROR(INDEX($AU$8:$AU$107,MATCH($AT26,BE$8:BE$107,0),1),"") | BG26: =IF(OR($AW26=BG$3,$AW26=BG$4),COUNTIF($AW$8:$AW26,BG$3)+COUNTIF($AW$8:$AW26,BG$4),0) -> 0 | BH26: =IFERROR(INDEX($AU$8:$AU$107,MATCH($AT26,BG$8:BG$107,0),1),"") | BI26: =IF($AW26=BI$3,COUNTIF($AW$8:$AW26,BI$3),0) -> 0 | BJ26: =IFERROR(INDEX($AU$8:$AU$107,MATCH($AT26,BI$8:BI$107,0),1),"") | BK26: =IF($AW26<>BK$3,COUNTIF($AW$8:$AW26,"<>"&BK$3),0) -> 0 | BL26: =IFERROR(INDEX($AU$8:$AU$107,MATCH($AT26,BK$8:BK$107,0),1),"")
B27: 保育士③ | D27: =IF(W27,T27,"") -> 保育士 | I27: =IF(OR(NOT(W27),U27=0),"",U27) | J27: =IF(OR(F27=0,F27=""),"",IF(W27,IF(X27,IF(OR(Y27,V27=3),IF(AD27,IF(OR(AE27,V27=2,V27=3),"○","要常勤"),"時間無"),"重複"),"名簿無"),"対象外")) | K27: - | L27: =IF(AI27=1,"調整①→",IF(AI27=5,"調整②→",IF(AI27=2,"",IF(AI27=3,"全計上→","エラー")))) | M27: =IF(OR(AND(J27<>"",J27<>"○"),AI27=4),"×",IF(J27="",0,AJ27/$AM$2)) -> 0 | N27: =IF(Q27,"○","×") -> ○ | O27: =IF(Q27,IF(S27,"○","×"),"-") -> #N/A | Q27: =NOT(AE26) -> TRUE | R27: =NOT(AE26) -> TRUE | S27: =AND(J27="○",$O$92>=0) -> #N/A | T27: =$BB$6 -> 保育士 | U27: =IFERROR(VLOOKUP($F27,$AU$8:$AX$107,4,FALSE),0) -> 0 | V27: 2 | W27: =R27 -> TRUE | X27: =COUNTIF(INDIRECT(T27),F27)>0 -> FALSE | Y27: =COUNTIF($AC$21:AC26,AC27)+COUNTIF(AC28:$AC$74,AC27)-COUNTIF(Z27:AB27,AC27)=0 -> FALSE | Z27: - | AA27: - | AB27: - | AC27: =IF(V27=3,0,IFERROR(INDEX($AT$8:$AT$107,MATCH($F27,AU$8:AU$107,0),1),0)) -> 0 | AD27: =U27>0 -> FALSE | AE27: =IFERROR(VLOOKUP($F27,$AU$8:$AX$107,2,FALSE),"")="常勤" -> FALSE | AF27: - | AG27: - | AH27: 1 | AI27: =IF(AND($W27,$J27="○"),IF($K27="-",IF($U27<IF($AH27=5,$AL$4,$AL$3),$AH27,2),IF($K27=0,IF($U27<IF($AH27=5,$AL$4,$AL$3),IF(OR($AH27=1,$AH27=5),$AH27,3),3),IF(K27<IF($AH27=5,$AL$4,$AL$3),$AH27,IF($K27>$U27,4,2)))),2) -> 2 | AJ27: =IF(AI27=1,$AL$3,IF(AI27=5,$AL$4,IF(AI27=2,IF(K27="-",U27,K27),IF(AI27=3,U27,"×")))) -> 0 | AT27: =ROW()-ROW($AT$7) -> 20 | AU27: =AT27&" "&IF(AW27<>"-",【様式2】職員名簿!B57&"/"&AV27&"/"&AW27,"") -> 20 | AV27: =【様式2】職員名簿!E57 -> 0 | AW27: =IF(【様式2】職員名簿!J57="エラー","-",【様式2】職員名簿!J57) -> - | AX27: =IF($AV27="常勤",$AM$2,IF($AV27="非常勤",【様式2】職員名簿!G57,0)) -> 0 | AY27: =IF($AW27=AY$3,COUNTIF($AW$8:$AW27,AY$3),0) -> 0 | AZ27: =IFERROR(INDEX($AU$8:$AU$107,MATCH($AT27,AY$8:AY$107,0),1),"") | BA27: =IF($AW27=BA$3,COUNTIF($AW$8:$AW27,BA$3),0) -> 0 | BB27: =IFERROR(INDEX($AU$8:$AU$107,MATCH($AT27,BA$8:BA$107,0),1),"") | BC27: =IF($AW27=BC$3,COUNTIFS($AW$8:$AW27,BC$3,$AV$8:$AV27,BC$4),0) -> 0 | BD27: =IFERROR(INDEX($AU$8:$AU$107,MATCH($AT27,BC$8:BC$107,0),1),"") | BE27: =IF($AW27=BE$3,COUNTIF($AW$8:$AW27,BE$3),0) -> 0 | BF27: =IFERROR(INDEX($AU$8:$AU$107,MATCH($AT27,BE$8:BE$107,0),1),"") | BG27: =IF(OR($AW27=BG$3,$AW27=BG$4),COUNTIF($AW$8:$AW27,BG$3)+COUNTIF($AW$8:$AW27,BG$4),0) -> 0 | BH27: =IFERROR(INDEX($AU$8:$AU$107,MATCH($AT27,BG$8:BG$107,0),1),"") | BI27: =IF($AW27=BI$3,COUNTIF($AW$8:$AW27,BI$3),0) -> 0 | BJ27: =IFERROR(INDEX($AU$8:$AU$107,MATCH($AT27,BI$8:BI$107,0),1),"") | BK27: =IF($AW27<>BK$3,COUNTIF($AW$8:$AW27,"<>"&BK$3),0) -> 0 | BL27: =IFERROR(INDEX($AU$8:$AU$107,MATCH($AT27,BK$8:BK$107,0),1),"")
B28: 調理員 | D28: =IF(W28,T28,"") -> 調理員 | F28: =IF(R28=1,"利用定員"&B16&"人は"&IF(B16>=20,IF(B16<=40,"常勤換算１人","常勤換算２人"),"非常勤１名"),IF(R28=2,"業務委託","エラー：個票0を見直すこと")) -> エラー：個票0を見直すこと | L28: - | M28: - | N28: =IF(Q28,"○","×") -> ○ | O28: =IF(Q28,IF(S28,"○","×"),"-") -> × | Q28: =TRUE() -> TRUE | R28: =IF(【様式１】総括表・個票!AI56,1,IF(【様式１】総括表・個票!AI57,2,0)) -> 0 | S28: =AND(O103>=0,IF(Q29,S29,TRUE),IF(Q30,S30,TRUE),IF(Q31,S31,TRUE),OR(Q29,Q30,Q31)) -> FALSE | T28: 調理員 | U28: - | V28: - | W28: =Q28 -> TRUE | X28: - | Y28: - | Z28: - | AA28: - | AB28: - | AC28: - | AD28: - | AE28: - | AF28: - | AG28: - | AH28: - | AI28: - | AJ28: - | AT28: =ROW()-ROW($AT$7) -> 21 | AU28: =AT28&" "&IF(AW28<>"-",【様式2】職員名簿!B58&"/"&AV28&"/"&AW28,"") -> 21 | AV28: =【様式2】職員名簿!E58 -> 0 | AW28: =IF(【様式2】職員名簿!J58="エラー","-",【様式2】職員名簿!J58) -> - | AX28: =IF($AV28="常勤",$AM$2,IF($AV28="非常勤",【様式2】職員名簿!G58,0)) -> 0 | AY28: =IF($AW28=AY$3,COUNTIF($AW$8:$AW28,AY$3),0) -> 0 | AZ28: =IFERROR(INDEX($AU$8:$AU$107,MATCH($AT28,AY$8:AY$107,0),1),"") | BA28: =IF($AW28=BA$3,COUNTIF($AW$8:$AW28,BA$3),0) -> 0 | BB28: =IFERROR(INDEX($AU$8:$AU$107,MATCH($AT28,BA$8:BA$107,0),1),"") | BC28: =IF($AW28=BC$3,COUNTIFS($AW$8:$AW28,BC$3,$AV$8:$AV28,BC$4),0) -> 0 | BD28: =IFERROR(INDEX($AU$8:$AU$107,MATCH($AT28,BC$8:BC$107,0),1),"") | BE28: =IF($AW28=BE$3,COUNTIF($AW$8:$AW28,BE$3),0) -> 0 | BF28: =IFERROR(INDEX($AU$8:$AU$107,MATCH($AT28,BE$8:BE$107,0),1),"") | BG28: =IF(OR($AW28=BG$3,$AW28=BG$4),COUNTIF($AW$8:$AW28,BG$3)+COUNTIF($AW$8:$AW28,BG$4),0) -> 0 | BH28: =IFERROR(INDEX($AU$8:$AU$107,MATCH($AT28,BG$8:BG$107,0),1),"") | BI28: =IF($AW28=BI$3,COUNTIF($AW$8:$AW28,BI$3),0) -> 0 | BJ28: =IFERROR(INDEX($AU$8:$AU$107,MATCH($AT28,BI$8:BI$107,0),1),"") | BK28: =IF($AW28<>BK$3,COUNTIF($AW$8:$AW28,"<>"&BK$3),0) -> 0 | BL28: =IFERROR(INDEX($AU$8:$AU$107,MATCH($AT28,BK$8:BK$107,0),1),"")
D29: =IF(R28=1,"雇用",IF(R28=2,"委託","エラー")) -> エラー | E29: =IF(W29,T29,"") | F29: =IF(Q29,"常勤換算"&IF(B8<=40,1,2)&"人","") | L29: - | M29: - | N29: =IF(Q29,"○","×") -> × | Q29: =AND(Q28,R29) -> FALSE | R29: =AND(R28=1,B16>=20) -> FALSE | S29: =$O$103>=0 -> TRUE | T29: 常勤調理員 | U29: - | V29: - | W29: =Q29 -> FALSE | X29: - | Y29: - | Z29: - | AA29: - | AB29: - | AC29: - | AD29: - | AE29: - | AF29: - | AG29: - | AH29: - | AI29: - | AJ29: - | AT29: =ROW()-ROW($AT$7) -> 22 | AU29: =AT29&" "&IF(AW29<>"-",【様式2】職員名簿!B59&"/"&AV29&"/"&AW29,"") -> 22 | AV29: =【様式2】職員名簿!E59 -> 0 | AW29: =IF(【様式2】職員名簿!J59="エラー","-",【様式2】職員名簿!J59) -> - | AX29: =IF($AV29="常勤",$AM$2,IF($AV29="非常勤",【様式2】職員名簿!G59,0)) -> 0 | AY29: =IF($AW29=AY$3,COUNTIF($AW$8:$AW29,AY$3),0) -> 0 | AZ29: =IFERROR(INDEX($AU$8:$AU$107,MATCH($AT29,AY$8:AY$107,0),1),"") | BA29: =IF($AW29=BA$3,COUNTIF($AW$8:$AW29,BA$3),0) -> 0 | BB29: =IFERROR(INDEX($AU$8:$AU$107,MATCH($AT29,BA$8:BA$107,0),1),"") | BC29: =IF($AW29=BC$3,COUNTIFS($AW$8:$AW29,BC$3,$AV$8:$AV29,BC$4),0) -> 0 | BD29: =IFERROR(INDEX($AU$8:$AU$107,MATCH($AT29,BC$8:BC$107,0),1),"") | BE29: =IF($AW29=BE$3,COUNTIF($AW$8:$AW29,BE$3),0) -> 0 | BF29: =IFERROR(INDEX($AU$8:$AU$107,MATCH($AT29,BE$8:BE$107,0),1),"") | BG29: =IF(OR($AW29=BG$3,$AW29=BG$4),COUNTIF($AW$8:$AW29,BG$3)+COUNTIF($AW$8:$AW29,BG$4),0) -> 0 | BH29: =IFERROR(INDEX($AU$8:$AU$107,MATCH($AT29,BG$8:BG$107,0),1),"") | BI29: =IF($AW29=BI$3,COUNTIF($AW$8:$AW29,BI$3),0) -> 0 | BJ29: =IFERROR(INDEX($AU$8:$AU$107,MATCH($AT29,BI$8:BI$107,0),1),"") | BK29: =IF($AW29<>BK$3,COUNTIF($AW$8:$AW29,"<>"&BK$3),0) -> 0 | BL29: =IFERROR(INDEX($AU$8:$AU$107,MATCH($AT29,BK$8:BK$107,0),1),"")
E30: =IF(W30,T30,"") | I30: =IF(OR(NOT(W30),U30=0),"",U30) | J30: =IF(OR(F30=0,F30=""),"",IF(W30,IF(X30,IF(OR(Y30,V30=3),IF(AD30,IF(OR(AE30,V30=2,V30=3),"○","要常勤"),"時間無"),"重複"),"名簿無"),"対象外")) | K30: - | L30: =IF(AI30=1,"調整①→",IF(AI30=5,"調整②→",IF(AI30=2,"",IF(AI30=3,"全計上→","エラー")))) | M30: =IF(OR(AND(J30<>"",J30<>"○"),AI30=4),"×",IF(J30="",0,AJ30/$AM$2)) -> 0 | N30: =IF(Q30,"○","×") -> × | Q30: =AND(Q28,R30) -> FALSE | R30: =AND(R28=1,B16<=19) -> FALSE | S30: =AND(J30="○",$O$103>=0) -> FALSE | T30: 調理員 | U30: =IFERROR(VLOOKUP($F30,$AU$8:$AX$107,4,FALSE),0) -> 0 | V30: 2 | W30: =Q30 -> FALSE | X30: =COUNTIF(INDIRECT(T30),F30)>0 -> FALSE | Y30: =COUNTIF($AC$21:AC29,AC30)+COUNTIF(AC31:$AC$74,AC30)-COUNTIF(Z30:AB30,AC30)=0 -> FALSE | Z30: - | AA30: - | AB30: - | AC30: =IF(V30=3,0,IFERROR(INDEX($AT$8:$AT$107,MATCH($F30,AU$8:AU$107,0),1),0)) -> 0 | AD30: =U30>0 -> FALSE | AE30: =IFERROR(VLOOKUP($F30,$AU$8:$AX$107,2,FALSE),"")="常勤" -> FALSE | AF30: - | AG30: - | AH30: 1 | AI30: =IF(AND($W30,$J30="○"),IF($K30="-",IF($U30<IF($AH30=5,$AL$4,$AL$3),$AH30,2),IF($K30=0,IF($U30<IF($AH30=5,$AL$4,$AL$3),IF(OR($AH30=1,$AH30=5),$AH30,3),3),IF(K30<IF($AH30=5,$AL$4,$AL$3),$AH30,IF($K30>$U30,4,2)))),2) -> 2 | AJ30: =IF(AI30=1,$AL$3,IF(AI30=5,$AL$4,IF(AI30=2,IF(K30="-",U30,K30),IF(AI30=3,U30,"×")))) -> 0 | AT30: =ROW()-ROW($AT$7) -> 23 | AU30: =AT30&" "&IF(AW30<>"-",【様式2】職員名簿!B60&"/"&AV30&"/"&AW30,"") -> 23 | AV30: =【様式2】職員名簿!E60 -> 0 | AW30: =IF(【様式2】職員名簿!J60="エラー","-",【様式2】職員名簿!J60) -> - | AX30: =IF($AV30="常勤",$AM$2,IF($AV30="非常勤",【様式2】職員名簿!G60,0)) -> 0 | AY30: =IF($AW30=AY$3,COUNTIF($AW$8:$AW30,AY$3),0) -> 0 | AZ30: =IFERROR(INDEX($AU$8:$AU$107,MATCH($AT30,AY$8:AY$107,0),1),"") | BA30: =IF($AW30=BA$3,COUNTIF($AW$8:$AW30,BA$3),0) -> 0 | BB30: =IFERROR(INDEX($AU$8:$AU$107,MATCH($AT30,BA$8:BA$107,0),1),"") | BC30: =IF($AW30=BC$3,COUNTIFS($AW$8:$AW30,BC$3,$AV$8:$AV30,BC$4),0) -> 0 | BD30: =IFERROR(INDEX($AU$8:$AU$107,MATCH($AT30,BC$8:BC$107,0),1),"") | BE30: =IF($AW30=BE$3,COUNTIF($AW$8:$AW30,BE$3),0) -> 0 | BF30: =IFERROR(INDEX($AU$8:$AU$107,MATCH($AT30,BE$8:BE$107,0),1),"") | BG30: =IF(OR($AW30=BG$3,$AW30=BG$4),COUNTIF($AW$8:$AW30,BG$3)+COUNTIF($AW$8:$AW30,BG$4),0) -> 0 | BH30: =IFERROR(INDEX($AU$8:$AU$107,MATCH($AT30,BG$8:BG$107,0),1),"") | BI30: =IF($AW30=BI$3,COUNTIF($AW$8:$AW30,BI$3),0) -> 0 | BJ30: =IFERROR(INDEX($AU$8:$AU$107,MATCH($AT30,BI$8:BI$107,0),1),"") | BK30: =IF($AW30<>BK$3,COUNTIF($AW$8:$AW30,"<>"&BK$3),0) -> 0 | BL30: =IFERROR(INDEX($AU$8:$AU$107,MATCH($AT30,BK$8:BK$107,0),1),"")
E31: =IF(W31,T31,"") | F31: =IF(W31,BN9,"") | I31: =IF(OR(NOT(W31),U31=0),"",U31) | J31: =IF(OR(F31=0,F31=""),"",IF(W31,IF(X31,IF(OR(Y31,V31=3),IF(AD31,IF(OR(AE31,V31=2,V31=3),"○","要常勤"),"時間無"),"重複"),"名簿無"),"対象外")) | K31: - | L31: - | M31: - | N31: =IF(Q31,"○","×") -> × | Q31: =AND(Q28,R31) -> FALSE | R31: =R28=2 -> FALSE | S31: =AND(J31="○",O103>=0) -> FALSE | T31: =BN6 -> 業務委託 | U31: =BO9 -> 0 | V31: 3 | W31: =Q31 -> FALSE | X31: =COUNTIF(INDIRECT(T31),F31)>0 -> FALSE | Y31: =COUNTIF($AC$21:AC30,AC31)+COUNTIF(AC32:$AC$74,AC31)-COUNTIF(Z31:AB31,AC31)=0 -> FALSE | Z31: - | AA31: - | AB31: - | AC31: =IF(V31=3,0,IFERROR(INDEX($AT$8:$AT$107,MATCH($F31,AU$8:AU$107,0),1),0)) -> 0 | AD31: =U31>0 -> FALSE | AE31: =IFERROR(VLOOKUP($F31,$AU$8:$AX$107,2,FALSE),"")="常勤" -> FALSE | AF31: - | AG31: - | AH31: 2 | AI31: =IF(AND($W31,$J31="○"),IF($K31="-",IF($U31<IF($AH31=5,$AL$4,$AL$3),$AH31,2),IF($K31=0,IF($U31<IF($AH31=5,$AL$4,$AL$3),IF(OR($AH31=1,$AH31=5),$AH31,3),3),IF(K31<IF($AH31=5,$AL$4,$AL$3),$AH31,IF($K31>$U31,4,2)))),2) -> 2 | AJ31: =IF(AI31=1,$AL$3,IF(AI31=5,$AL$4,IF(AI31=2,IF(K31="-",U31,K31),IF(AI31=3,U31,"×")))) -> 0 | AT31: =ROW()-ROW($AT$7) -> 24 | AU31: =AT31&" "&IF(AW31<>"-",【様式2】職員名簿!B61&"/"&AV31&"/"&AW31,"") -> 24 | AV31: =【様式2】職員名簿!E61 -> 0 | AW31: =IF(【様式2】職員名簿!J61="エラー","-",【様式2】職員名簿!J61) -> - | AX31: =IF($AV31="常勤",$AM$2,IF($AV31="非常勤",【様式2】職員名簿!G61,0)) -> 0 | AY31: =IF($AW31=AY$3,COUNTIF($AW$8:$AW31,AY$3),0) -> 0 | AZ31: =IFERROR(INDEX($AU$8:$AU$107,MATCH($AT31,AY$8:AY$107,0),1),"") | BA31: =IF($AW31=BA$3,COUNTIF($AW$8:$AW31,BA$3),0) -> 0 | BB31: =IFERROR(INDEX($AU$8:$AU$107,MATCH($AT31,BA$8:BA$107,0),1),"") | BC31: =IF($AW31=BC$3,COUNTIFS($AW$8:$AW31,BC$3,$AV$8:$AV31,BC$4),0) -> 0 | BD31: =IFERROR(INDEX($AU$8:$AU$107,MATCH($AT31,BC$8:BC$107,0),1),"") | BE31: =IF($AW31=BE$3,COUNTIF($AW$8:$AW31,BE$3),0) -> 0 | BF31: =IFERROR(INDEX($AU$8:$AU$107,MATCH($AT31,BE$8:BE$107,0),1),"") | BG31: =IF(OR($AW31=BG$3,$AW31=BG$4),COUNTIF($AW$8:$AW31,BG$3)+COUNTIF($AW$8:$AW31,BG$4),0) -> 0 | BH31: =IFERROR(INDEX($AU$8:$AU$107,MATCH($AT31,BG$8:BG$107,0),1),"") | BI31: =IF($AW31=BI$3,COUNTIF($AW$8:$AW31,BI$3),0) -> 0 | BJ31: =IFERROR(INDEX($AU$8:$AU$107,MATCH($AT31,BI$8:BI$107,0),1),"") | BK31: =IF($AW31<>BK$3,COUNTIF($AW$8:$AW31,"<>"&BK$3),0) -> 0 | BL31: =IFERROR(INDEX($AU$8:$AU$107,MATCH($AT31,BK$8:BK$107,0),1),"")
B32: 事務 | D32: =IF(W32,T32,"") -> 事務員 | F32: =IF(R32=1,"非常勤１名",IF(R32=2,"兼務１名",IF(R32=3,"業務委託","エラー：個票0を見直すこと"))) -> エラー：個票0を見直すこと | L32: - | M32: - | N32: =IF(Q32,"○","×") -> ○ | O32: =IF(Q32,IF(S32,"○","×"),"-") -> × | Q32: =TRUE() -> TRUE | R32: =IF(【様式１】総括表・個票!AI52,1,IF(【様式１】総括表・個票!AI53,2,IF(【様式１】総括表・個票!AI54,3,0))) -> 0 | S32: =AND(O105>=0,IF(Q33,S33,TRUE),IF(Q34,S34,TRUE),IF(Q35,S35,TRUE),OR(Q33,Q34,Q35)) -> FALSE | T32: =$BJ$6 -> 事務員 | U32: - | V32: - | W32: =Q32 -> TRUE | X32: - | Y32: - | Z32: - | AA32: - | AB32: - | AC32: - | AD32: - | AE32: - | AF32: - | AG32: - | AH32: - | AI32: - | AJ32: - | AT32: =ROW()-ROW($AT$7) -> 25 | AU32: =AT32&" "&IF(AW32<>"-",【様式2】職員名簿!B62&"/"&AV32&"/"&AW32,"") -> 25 | AV32: =【様式2】職員名簿!E62 -> 0 | AW32: =IF(【様式2】職員名簿!J62="エラー","-",【様式2】職員名簿!J62) -> - | AX32: =IF($AV32="常勤",$AM$2,IF($AV32="非常勤",【様式2】職員名簿!G62,0)) -> 0 | AY32: =IF($AW32=AY$3,COUNTIF($AW$8:$AW32,AY$3),0) -> 0 | AZ32: =IFERROR(INDEX($AU$8:$AU$107,MATCH($AT32,AY$8:AY$107,0),1),"") | BA32: =IF($AW32=BA$3,COUNTIF($AW$8:$AW32,BA$3),0) -> 0 | BB32: =IFERROR(INDEX($AU$8:$AU$107,MATCH($AT32,BA$8:BA$107,0),1),"") | BC32: =IF($AW32=BC$3,COUNTIFS($AW$8:$AW32,BC$3,$AV$8:$AV32,BC$4),0) -> 0 | BD32: =IFERROR(INDEX($AU$8:$AU$107,MATCH($AT32,BC$8:BC$107,0),1),"") | BE32: =IF($AW32=BE$3,COUNTIF($AW$8:$AW32,BE$3),0) -> 0 | BF32: =IFERROR(INDEX($AU$8:$AU$107,MATCH($AT32,BE$8:BE$107,0),1),"") | BG32: =IF(OR($AW32=BG$3,$AW32=BG$4),COUNTIF($AW$8:$AW32,BG$3)+COUNTIF($AW$8:$AW32,BG$4),0) -> 0 | BH32: =IFERROR(INDEX($AU$8:$AU$107,MATCH($AT32,BG$8:BG$107,0),1),"") | BI32: =IF($AW32=BI$3,COUNTIF($AW$8:$AW32,BI$3),0) -> 0 | BJ32: =IFERROR(INDEX($AU$8:$AU$107,MATCH($AT32,BI$8:BI$107,0),1),"") | BK32: =IF($AW32<>BK$3,COUNTIF($AW$8:$AW32,"<>"&BK$3),0) -> 0 | BL32: =IFERROR(INDEX($AU$8:$AU$107,MATCH($AT32,BK$8:BK$107,0),1),"")
D33: =IF(R32=1,"専任",IF(R32=2,"兼務",IF(R32=3,"委託","エラー"))) -> エラー | E33: =IF(W33,T33,"") | I33: =IF(OR(NOT(W33),U33=0),"",U33) | J33: =IF(OR(F33=0,F33=""),"",IF(W33,IF(X33,IF(OR(Y33,V33=3),IF(AD33,IF(OR(AE33,V33=2,V33=3),"○","要常勤"),"時間無"),"重複"),"名簿無"),"対象外")) | K33: - | L33: =IF(AI33=1,"調整①→",IF(AI33=5,"調整②→",IF(AI33=2,"",IF(AI33=3,"全計上→","エラー")))) | M33: =IF(OR(AND(J33<>"",J33<>"○"),AI33=4),"×",IF(J33="",0,AJ33/$AM$2)) -> 0 | N33: =IF(Q33,"○","×") -> × | O33: =IF(Q33,IF(S33,"○","×"),"-") -> - | Q33: =AND(Q32,R33) -> FALSE | R33: =R32=1 -> FALSE | S33: =AND(J33="○",$O$105>=0) -> FALSE | T33: =$BJ$6 -> 事務員 | U33: =IFERROR(VLOOKUP($F33,$AU$8:$AX$107,4,FALSE),0) -> 0 | V33: 2 | W33: =Q33 -> FALSE | X33: =COUNTIF(INDIRECT(T33),F33)>0 -> FALSE | Y33: =COUNTIF($AC$21:AC32,AC33)+COUNTIF(AC34:$AC$74,AC33)-COUNTIF(Z33:AB33,AC33)=0 -> FALSE | Z33: - | AA33: - | AB33: - | AC33: =IF(V33=3,0,IFERROR(INDEX($AT$8:$AT$107,MATCH($F33,AU$8:AU$107,0),1),0)) -> 0 | AD33: =U33>0 -> FALSE | AE33: =IFERROR(VLOOKUP($F33,$AU$8:$AX$107,2,FALSE),"")="常勤" -> FALSE | AF33: - | AG33: - | AH33: 1 | AI33: =IF(AND($W33,$J33="○"),IF($K33="-",IF($U33<IF($AH33=5,$AL$4,$AL$3),$AH33,2),IF($K33=0,IF($U33<IF($AH33=5,$AL$4,$AL$3),IF(OR($AH33=1,$AH33=5),$AH33,3),3),IF(K33<IF($AH33=5,$AL$4,$AL$3),$AH33,IF($K33>$U33,4,2)))),2) -> 2 | AJ33: =IF(AI33=1,$AL$3,IF(AI33=5,$AL$4,IF(AI33=2,IF(K33="-",U33,K33),IF(AI33=3,U33,"×")))) -> 0 | AT33: =ROW()-ROW($AT$7) -> 26 | AU33: =AT33&" "&IF(AW33<>"-",【様式2】職員名簿!B63&"/"&AV33&"/"&AW33,"") -> 26 | AV33: =【様式2】職員名簿!E63 -> 0 | AW33: =IF(【様式2】職員名簿!J63="エラー","-",【様式2】職員名簿!J63) -> - | AX33: =IF($AV33="常勤",$AM$2,IF($AV33="非常勤",【様式2】職員名簿!G63,0)) -> 0 | AY33: =IF($AW33=AY$3,COUNTIF($AW$8:$AW33,AY$3),0) -> 0 | AZ33: =IFERROR(INDEX($AU$8:$AU$107,MATCH($AT33,AY$8:AY$107,0),1),"") | BA33: =IF($AW33=BA$3,COUNTIF($AW$8:$AW33,BA$3),0) -> 0 | BB33: =IFERROR(INDEX($AU$8:$AU$107,MATCH($AT33,BA$8:BA$107,0),1),"") | BC33: =IF($AW33=BC$3,COUNTIFS($AW$8:$AW33,BC$3,$AV$8:$AV33,BC$4),0) -> 0 | BD33: =IFERROR(INDEX($AU$8:$AU$107,MATCH($AT33,BC$8:BC$107,0),1),"") | BE33: =IF($AW33=BE$3,COUNTIF($AW$8:$AW33,BE$3),0) -> 0 | BF33: =IFERROR(INDEX($AU$8:$AU$107,MATCH($AT33,BE$8:BE$107,0),1),"") | BG33: =IF(OR($AW33=BG$3,$AW33=BG$4),COUNTIF($AW$8:$AW33,BG$3)+COUNTIF($AW$8:$AW33,BG$4),0) -> 0 | BH33: =IFERROR(INDEX($AU$8:$AU$107,MATCH($AT33,BG$8:BG$107,0),1),"") | BI33: =IF($AW33=BI$3,COUNTIF($AW$8:$AW33,BI$3),0) -> 0 | BJ33: =IFERROR(INDEX($AU$8:$AU$107,MATCH($AT33,BI$8:BI$107,0),1),"") | BK33: =IF($AW33<>BK$3,COUNTIF($AW$8:$AW33,"<>"&BK$3),0) -> 0 | BL33: =IFERROR(INDEX($AU$8:$AU$107,MATCH($AT33,BK$8:BK$107,0),1),"")
E34: =IF(W34,T34,"") | I34: =IF(OR(NOT(W34),U34=0),"",U34) | J34: =IF(OR(F34=0,F34=""),"",IF(W34,IF(X34,IF(OR(Y34,V34=3),IF(AD34,IF(OR(AE34,V34=2,V34=3),"○","要常勤"),"時間無"),"重複"),"名簿無"),"対象外")) | L34: =IF(AI34=1,"調整①→",IF(AI34=5,"調整②→",IF(AI34=2,"",IF(AI34=3,"全計上→","エラー")))) | M34: =IF(OR(AND(J34<>"",J34<>"○"),AI34=4),"×",IF(J34="",0,AJ34/$AM$2)) -> 0 | N34: =IF(Q34,"○","×") -> × | O34: =IF(Q34,IF(S34,"○","×"),"-") -> - | Q34: =AND(Q32,R34) -> FALSE | R34: =R32=2 -> FALSE | S34: =AND(J34="○",$O$105>=0) -> FALSE | T34: =$BL$6 -> 全職種 | U34: =IFERROR(VLOOKUP($F34,$AU$8:$AX$107,4,FALSE),0) -> 0 | V34: 3 | W34: =Q34 -> FALSE | X34: =COUNTIF(INDIRECT(T34),F34)>0 -> FALSE | Y34: =COUNTIF($AC$21:AC33,AC34)+COUNTIF(AC35:$AC$74,AC34)-COUNTIF(Z34:AB34,AC34)=0 -> FALSE | Z34: - | AA34: - | AB34: - | AC34: =IF(V34=3,0,IFERROR(INDEX($AT$8:$AT$107,MATCH($F34,AU$8:AU$107,0),1),0)) -> 0 | AD34: =U34>0 -> FALSE | AE34: =IFERROR(VLOOKUP($F34,$AU$8:$AX$107,2,FALSE),"")="常勤" -> FALSE | AF34: =IFERROR(VLOOKUP(F34,$AU$8:$AX$107,3,FALSE),"") | AG34: =M34 -> 0 | AH34: 2 | AI34: =IF(AND($W34,$J34="○"),IF($K34="-",IF($U34<IF($AH34=5,$AL$4,$AL$3),$AH34,2),IF($K34=0,IF($U34<IF($AH34=5,$AL$4,$AL$3),IF(OR($AH34=1,$AH34=5),$AH34,3),3),IF(K34<IF($AH34=5,$AL$4,$AL$3),$AH34,IF($K34>$U34,4,2)))),2) -> 2 | AJ34: =IF(AI34=1,$AL$3,IF(AI34=5,$AL$4,IF(AI34=2,IF(K34="-",U34,K34),IF(AI34=3,U34,"×")))) -> 0 | AT34: =ROW()-ROW($AT$7) -> 27 | AU34: =AT34&" "&IF(AW34<>"-",【様式2】職員名簿!B64&"/"&AV34&"/"&AW34,"") -> 27 | AV34: =【様式2】職員名簿!E64 -> 0 | AW34: =IF(【様式2】職員名簿!J64="エラー","-",【様式2】職員名簿!J64) -> - | AX34: =IF($AV34="常勤",$AM$2,IF($AV34="非常勤",【様式2】職員名簿!G64,0)) -> 0 | AY34: =IF($AW34=AY$3,COUNTIF($AW$8:$AW34,AY$3),0) -> 0 | AZ34: =IFERROR(INDEX($AU$8:$AU$107,MATCH($AT34,AY$8:AY$107,0),1),"") | BA34: =IF($AW34=BA$3,COUNTIF($AW$8:$AW34,BA$3),0) -> 0 | BB34: =IFERROR(INDEX($AU$8:$AU$107,MATCH($AT34,BA$8:BA$107,0),1),"") | BC34: =IF($AW34=BC$3,COUNTIFS($AW$8:$AW34,BC$3,$AV$8:$AV34,BC$4),0) -> 0 | BD34: =IFERROR(INDEX($AU$8:$AU$107,MATCH($AT34,BC$8:BC$107,0),1),"") | BE34: =IF($AW34=BE$3,COUNTIF($AW$8:$AW34,BE$3),0) -> 0 | BF34: =IFERROR(INDEX($AU$8:$AU$107,MATCH($AT34,BE$8:BE$107,0),1),"") | BG34: =IF(OR($AW34=BG$3,$AW34=BG$4),COUNTIF($AW$8:$AW34,BG$3)+COUNTIF($AW$8:$AW34,BG$4),0) -> 0 | BH34: =IFERROR(INDEX($AU$8:$AU$107,MATCH($AT34,BG$8:BG$107,0),1),"") | BI34: =IF($AW34=BI$3,COUNTIF($AW$8:$AW34,BI$3),0) -> 0 | BJ34: =IFERROR(INDEX($AU$8:$AU$107,MATCH($AT34,BI$8:BI$107,0),1),"") | BK34: =IF($AW34<>BK$3,COUNTIF($AW$8:$AW34,"<>"&BK$3),0) -> 0 | BL34: =IFERROR(INDEX($AU$8:$AU$107,MATCH($AT34,BK$8:BK$107,0),1),"")
E35: =IF(W35,T35,"") | F35: =IF(W35,BN10,"") | I35: =IF(OR(NOT(W35),U35=0),"",U35) | J35: =IF(OR(F35=0,F35=""),"",IF(W35,IF(X35,IF(OR(Y35,V35=3),IF(AD35,IF(OR(AE35,V35=2,V35=3),"○","要常勤"),"時間無"),"重複"),"名簿無"),"対象外")) | K35: - | L35: - | M35: - | N35: =IF(Q35,"○","×") -> × | O35: =IF(Q35,IF(S35,"○","×"),"-") -> - | Q35: =AND(Q32,R35) -> FALSE | R35: =R32=3 -> FALSE | S35: =AND(J35="○",$O$105>=0) -> FALSE | T35: =$BN$6 -> 業務委託 | U35: =BO10 -> 0 | V35: 3 | W35: =Q35 -> FALSE | X35: =COUNTIF(INDIRECT(T35),F35)>0 -> FALSE | Y35: =COUNTIF($AC$21:AC34,AC35)+COUNTIF(AC36:$AC$74,AC35)-COUNTIF(Z35:AB35,AC35)=0 -> FALSE | Z35: - | AA35: - | AB35: - | AC35: =IF(V35=3,0,IFERROR(INDEX($AT$8:$AT$107,MATCH($F35,AU$8:AU$107,0),1),0)) -> 0 | AD35: =U35>0 -> FALSE | AE35: =IFERROR(VLOOKUP($F35,$AU$8:$AX$107,2,FALSE),"")="常勤" -> FALSE | AF35: - | AG35: - | AH35: 2 | AI35: =IF(AND($W35,$J35="○"),IF($K35="-",IF($U35<IF($AH35=5,$AL$4,$AL$3),$AH35,2),IF($K35=0,IF($U35<IF($AH35=5,$AL$4,$AL$3),IF(OR($AH35=1,$AH35=5),$AH35,3),3),IF(K35<IF($AH35=5,$AL$4,$AL$3),$AH35,IF($K35>$U35,4,2)))),2) -> 2 | AJ35: =IF(AI35=1,$AL$3,IF(AI35=5,$AL$4,IF(AI35=2,IF(K35="-",U35,K35),IF(AI35=3,U35,"×")))) -> 0 | AT35: =ROW()-ROW($AT$7) -> 28 | AU35: =AT35&" "&IF(AW35<>"-",【様式2】職員名簿!B65&"/"&AV35&"/"&AW35,"") -> 28 | AV35: =【様式2】職員名簿!E65 -> 0 | AW35: =IF(【様式2】職員名簿!J65="エラー","-",【様式2】職員名簿!J65) -> - | AX35: =IF($AV35="常勤",$AM$2,IF($AV35="非常勤",【様式2】職員名簿!G65,0)) -> 0 | AY35: =IF($AW35=AY$3,COUNTIF($AW$8:$AW35,AY$3),0) -> 0 | AZ35: =IFERROR(INDEX($AU$8:$AU$107,MATCH($AT35,AY$8:AY$107,0),1),"") | BA35: =IF($AW35=BA$3,COUNTIF($AW$8:$AW35,BA$3),0) -> 0 | BB35: =IFERROR(INDEX($AU$8:$AU$107,MATCH($AT35,BA$8:BA$107,0),1),"") | BC35: =IF($AW35=BC$3,COUNTIFS($AW$8:$AW35,BC$3,$AV$8:$AV35,BC$4),0) -> 0 | BD35: =IFERROR(INDEX($AU$8:$AU$107,MATCH($AT35,BC$8:BC$107,0),1),"") | BE35: =IF($AW35=BE$3,COUNTIF($AW$8:$AW35,BE$3),0) -> 0 | BF35: =IFERROR(INDEX($AU$8:$AU$107,MATCH($AT35,BE$8:BE$107,0),1),"") | BG35: =IF(OR($AW35=BG$3,$AW35=BG$4),COUNTIF($AW$8:$AW35,BG$3)+COUNTIF($AW$8:$AW35,BG$4),0) -> 0 | BH35: =IFERROR(INDEX($AU$8:$AU$107,MATCH($AT35,BG$8:BG$107,0),1),"") | BI35: =IF($AW35=BI$3,COUNTIF($AW$8:$AW35,BI$3),0) -> 0 | BJ35: =IFERROR(INDEX($AU$8:$AU$107,MATCH($AT35,BI$8:BI$107,0),1),"") | BK35: =IF($AW35<>BK$3,COUNTIF($AW$8:$AW35,"<>"&BK$3),0) -> 0 | BL35: =IFERROR(INDEX($AU$8:$AU$107,MATCH($AT35,BK$8:BK$107,0),1),"")
B36: 嘱託医・嘱託歯科医 | D36: =IF(W36,T36,"") -> 嘱託医等 | F36: =IF(Q36,"嘱託医を配置","個票0未選択のため見直すこと") -> 嘱託医を配置 | L36: - | M36: - | N36: =IF(Q36,"○","×") -> ○ | O36: =IF(Q36,IF(S36,"○","×"),"-") -> × | Q36: =TRUE() -> TRUE | R36: =【様式１】総括表・個票!AI59 -> FALSE | S36: =R36 -> FALSE | T36: 嘱託医等 | U36: - | V36: - | W36: =Q36 -> TRUE | X36: - | Y36: - | Z36: - | AA36: - | AB36: - | AC36: - | AD36: - | AE36: - | AF36: - | AG36: - | AH36: - | AI36: - | AJ36: - | AT36: =ROW()-ROW($AT$7) -> 29 | AU36: =AT36&" "&IF(AW36<>"-",【様式2】職員名簿!B66&"/"&AV36&"/"&AW36,"") -> 29 | AV36: =【様式2】職員名簿!E66 -> 0 | AW36: =IF(【様式2】職員名簿!J66="エラー","-",【様式2】職員名簿!J66) -> - | AX36: =IF($AV36="常勤",$AM$2,IF($AV36="非常勤",【様式2】職員名簿!G66,0)) -> 0 | AY36: =IF($AW36=AY$3,COUNTIF($AW$8:$AW36,AY$3),0) -> 0 | AZ36: =IFERROR(INDEX($AU$8:$AU$107,MATCH($AT36,AY$8:AY$107,0),1),"") | BA36: =IF($AW36=BA$3,COUNTIF($AW$8:$AW36,BA$3),0) -> 0 | BB36: =IFERROR(INDEX($AU$8:$AU$107,MATCH($AT36,BA$8:BA$107,0),1),"") | BC36: =IF($AW36=BC$3,COUNTIFS($AW$8:$AW36,BC$3,$AV$8:$AV36,BC$4),0) -> 0 | BD36: =IFERROR(INDEX($AU$8:$AU$107,MATCH($AT36,BC$8:BC$107,0),1),"") | BE36: =IF($AW36=BE$3,COUNTIF($AW$8:$AW36,BE$3),0) -> 0 | BF36: =IFERROR(INDEX($AU$8:$AU$107,MATCH($AT36,BE$8:BE$107,0),1),"") | BG36: =IF(OR($AW36=BG$3,$AW36=BG$4),COUNTIF($AW$8:$AW36,BG$3)+COUNTIF($AW$8:$AW36,BG$4),0) -> 0 | BH36: =IFERROR(INDEX($AU$8:$AU$107,MATCH($AT36,BG$8:BG$107,0),1),"") | BI36: =IF($AW36=BI$3,COUNTIF($AW$8:$AW36,BI$3),0) -> 0 | BJ36: =IFERROR(INDEX($AU$8:$AU$107,MATCH($AT36,BI$8:BI$107,0),1),"") | BK36: =IF($AW36<>BK$3,COUNTIF($AW$8:$AW36,"<>"&BK$3),0) -> 0 | BL36: =IFERROR(INDEX($AU$8:$AU$107,MATCH($AT36,BK$8:BK$107,0),1),"")
A37: 保育士 | B37: 障がい児保育加算 | D37: =IF(W37,T37,"") | F37: =IF(Q37,"障がい児について１：２"&IF(SUM(N10:N11)=R37,"","（障がい児数不一致）"),"") | L37: - | M37: - | N37: =IF(Q37,"○","×") -> × | O37: =IF(Q37,IF(S37,"○","×"),"-") -> - | Q37: =【様式１】総括表・個票!AI67 -> FALSE | R37: =【様式１】総括表・個票!AI76 -> 0 | S37: =AND(O92>=0,SUM(N10:N11)=R37) -> #N/A | T37: =$BB$6 -> 保育士 | U37: - | V37: - | W37: =AND(Q37) -> FALSE | X37: - | Y37: - | Z37: - | AA37: - | AB37: - | AC37: - | AD37: - | AE37: - | AF37: - | AG37: - | AH37: - | AI37: - | AJ37: - | AT37: =ROW()-ROW($AT$7) -> 30 | AU37: =AT37&" "&IF(AW37<>"-",【様式2】職員名簿!B67&"/"&AV37&"/"&AW37,"") -> 30 | AV37: =【様式2】職員名簿!E67 -> 0 | AW37: =IF(【様式2】職員名簿!J67="エラー","-",【様式2】職員名簿!J67) -> - | AX37: =IF($AV37="常勤",$AM$2,IF($AV37="非常勤",【様式2】職員名簿!G67,0)) -> 0 | AY37: =IF($AW37=AY$3,COUNTIF($AW$8:$AW37,AY$3),0) -> 0 | AZ37: =IFERROR(INDEX($AU$8:$AU$107,MATCH($AT37,AY$8:AY$107,0),1),"") | BA37: =IF($AW37=BA$3,COUNTIF($AW$8:$AW37,BA$3),0) -> 0 | BB37: =IFERROR(INDEX($AU$8:$AU$107,MATCH($AT37,BA$8:BA$107,0),1),"") | BC37: =IF($AW37=BC$3,COUNTIFS($AW$8:$AW37,BC$3,$AV$8:$AV37,BC$4),0) -> 0 | BD37: =IFERROR(INDEX($AU$8:$AU$107,MATCH($AT37,BC$8:BC$107,0),1),"") | BE37: =IF($AW37=BE$3,COUNTIF($AW$8:$AW37,BE$3),0) -> 0 | BF37: =IFERROR(INDEX($AU$8:$AU$107,MATCH($AT37,BE$8:BE$107,0),1),"") | BG37: =IF(OR($AW37=BG$3,$AW37=BG$4),COUNTIF($AW$8:$AW37,BG$3)+COUNTIF($AW$8:$AW37,BG$4),0) -> 0 | BH37: =IFERROR(INDEX($AU$8:$AU$107,MATCH($AT37,BG$8:BG$107,0),1),"") | BI37: =IF($AW37=BI$3,COUNTIF($AW$8:$AW37,BI$3),0) -> 0 | BJ37: =IFERROR(INDEX($AU$8:$AU$107,MATCH($AT37,BI$8:BI$107,0),1),"") | BK37: =IF($AW37<>BK$3,COUNTIF($AW$8:$AW37,"<>"&BK$3),0) -> 0 | BL37: =IFERROR(INDEX($AU$8:$AU$107,MATCH($AT37,BK$8:BK$107,0),1),"")
B38: 休日保育加算 | C38: =CONCATENATE('(別紙3)休日'!$L$15) | D38: =IF(W38,T38,"") | I38: =IF(OR(NOT(W38),U38=0),"",U38) | J38: =IF(OR(F38=0,F38=""),"",IF(W38,IF(X38,IF(OR(Y38,V38=3),IF(AD38,IF(OR(AE38,V38=2,V38=3),"○","要常勤"),"時間無"),"重複"),"名簿無"),"対象外")) | L38: =IF(AI38=1,"調整①→",IF(AI38=5,"調整②→",IF(AI38=2,"",IF(AI38=3,"全計上→","エラー")))) | M38: =IF(OR(AND(J38<>"",J38<>"○"),AI38=4),"×",IF(J38="",0,AJ38/$AM$2)) -> 0 | N38: =IF(Q38,"○","×") -> × | O38: =IF(Q38,IF(S38,"○","×"),"-") -> - | Q38: =AND(【様式１】総括表・個票!AI81,R38) -> FALSE | R38: ='(別紙3)休日'!$L$15<>"全て超過勤務" -> TRUE | S38: =AND(SUM(M38:M47)>0,O92>=0) -> #N/A | T38: =$BB$6 -> 保育士 | U38: =IFERROR(VLOOKUP($F38,$AU$8:$AX$107,4,FALSE),0) -> 0 | V38: 2 | W38: =AND($Q$38,$R$38) -> FALSE | X38: =COUNTIF(INDIRECT(T38),F38)>0 -> FALSE | Y38: =COUNTIF($AC$21:AC37,AC38)+COUNTIF(AC39:$AC$74,AC38)-COUNTIF(Z38:AB38,AC38)=0 -> FALSE | Z38: - | AA38: - | AB38: - | AC38: =IF(V38=3,0,IFERROR(INDEX($AT$8:$AT$107,MATCH($F38,AU$8:AU$107,0),1),0)) -> 0 | AD38: =U38>0 -> FALSE | AE38: =IFERROR(VLOOKUP($F38,$AU$8:$AX$107,2,FALSE),"")="常勤" -> FALSE | AF38: - | AG38: =M38 -> 0 | AH38: 2 | AI38: =IF(AND($W38,$J38="○"),IF($K38="-",IF($U38<IF($AH38=5,$AL$4,$AL$3),$AH38,2),IF($K38=0,IF($U38<IF($AH38=5,$AL$4,$AL$3),IF(OR($AH38=1,$AH38=5),$AH38,3),3),IF(K38<IF($AH38=5,$AL$4,$AL$3),$AH38,IF($K38>$U38,4,2)))),2) -> 2 | AJ38: =IF(AI38=1,$AL$3,IF(AI38=5,$AL$4,IF(AI38=2,IF(K38="-",U38,K38),IF(AI38=3,U38,"×")))) -> 0 | AT38: =ROW()-ROW($AT$7) -> 31 | AU38: =AT38&" "&IF(AW38<>"-",【様式2】職員名簿!B68&"/"&AV38&"/"&AW38,"") -> 31 | AV38: =【様式2】職員名簿!E68 -> 0 | AW38: =IF(【様式2】職員名簿!J68="エラー","-",【様式2】職員名簿!J68) -> - | AX38: =IF($AV38="常勤",$AM$2,IF($AV38="非常勤",【様式2】職員名簿!G68,0)) -> 0 | AY38: =IF($AW38=AY$3,COUNTIF($AW$8:$AW38,AY$3),0) -> 0 | AZ38: =IFERROR(INDEX($AU$8:$AU$107,MATCH($AT38,AY$8:AY$107,0),1),"") | BA38: =IF($AW38=BA$3,COUNTIF($AW$8:$AW38,BA$3),0) -> 0 | BB38: =IFERROR(INDEX($AU$8:$AU$107,MATCH($AT38,BA$8:BA$107,0),1),"") | BC38: =IF($AW38=BC$3,COUNTIFS($AW$8:$AW38,BC$3,$AV$8:$AV38,BC$4),0) -> 0 | BD38: =IFERROR(INDEX($AU$8:$AU$107,MATCH($AT38,BC$8:BC$107,0),1),"") | BE38: =IF($AW38=BE$3,COUNTIF($AW$8:$AW38,BE$3),0) -> 0 | BF38: =IFERROR(INDEX($AU$8:$AU$107,MATCH($AT38,BE$8:BE$107,0),1),"") | BG38: =IF(OR($AW38=BG$3,$AW38=BG$4),COUNTIF($AW$8:$AW38,BG$3)+COUNTIF($AW$8:$AW38,BG$4),0) -> 0 | BH38: =IFERROR(INDEX($AU$8:$AU$107,MATCH($AT38,BG$8:BG$107,0),1),"") | BI38: =IF($AW38=BI$3,COUNTIF($AW$8:$AW38,BI$3),0) -> 0 | BJ38: =IFERROR(INDEX($AU$8:$AU$107,MATCH($AT38,BI$8:BI$107,0),1),"") | BK38: =IF($AW38<>BK$3,COUNTIF($AW$8:$AW38,"<>"&BK$3),0) -> 0 | BL38: =IFERROR(INDEX($AU$8:$AU$107,MATCH($AT38,BK$8:BK$107,0),1),"")
D39: =IF(W39,T39,"") | I39: =IF(OR(NOT(W39),U39=0),"",U39) | J39: =IF(OR(F39=0,F39=""),"",IF(W39,IF(X39,IF(OR(Y39,V39=3),IF(AD39,IF(OR(AE39,V39=2,V39=3),"○","要常勤"),"時間無"),"重複"),"名簿無"),"対象外")) | L39: =IF(AI39=1,"調整①→",IF(AI39=5,"調整②→",IF(AI39=2,"",IF(AI39=3,"全計上→","エラー")))) | M39: =IF(OR(AND(J39<>"",J39<>"○"),AI39=4),"×",IF(J39="",0,AJ39/$AM$2)) -> 0 | N39: =IF(Q39,"○","×") -> × | O39: =IF(Q39,IF(S39,"○","×"),"-") -> - | T39: =$BB$6 -> 保育士 | U39: =IFERROR(VLOOKUP($F39,$AU$8:$AX$107,4,FALSE),0) -> 0 | V39: 2 | W39: =AND($Q$38,$R$38) -> FALSE | X39: =COUNTIF(INDIRECT(T39),F39)>0 -> FALSE | Y39: =COUNTIF($AC$21:AC38,AC39)+COUNTIF(AC40:$AC$74,AC39)-COUNTIF(Z39:AB39,AC39)=0 -> FALSE | Z39: - | AA39: - | AB39: - | AC39: =IF(V39=3,0,IFERROR(INDEX($AT$8:$AT$107,MATCH($F39,AU$8:AU$107,0),1),0)) -> 0 | AD39: =U39>0 -> FALSE | AE39: =IFERROR(VLOOKUP($F39,$AU$8:$AX$107,2,FALSE),"")="常勤" -> FALSE | AF39: - | AG39: =M39 -> 0 | AH39: 2 | AI39: =IF(AND($W39,$J39="○"),IF($K39="-",IF($U39<IF($AH39=5,$AL$4,$AL$3),$AH39,2),IF($K39=0,IF($U39<IF($AH39=5,$AL$4,$AL$3),IF(OR($AH39=1,$AH39=5),$AH39,3),3),IF(K39<IF($AH39=5,$AL$4,$AL$3),$AH39,IF($K39>$U39,4,2)))),2) -> 2 | AJ39: =IF(AI39=1,$AL$3,IF(AI39=5,$AL$4,IF(AI39=2,IF(K39="-",U39,K39),IF(AI39=3,U39,"×")))) -> 0 | AT39: =ROW()-ROW($AT$7) -> 32 | AU39: =AT39&" "&IF(AW39<>"-",【様式2】職員名簿!B69&"/"&AV39&"/"&AW39,"") -> 32 | AV39: =【様式2】職員名簿!E69 -> 0 | AW39: =IF(【様式2】職員名簿!J69="エラー","-",【様式2】職員名簿!J69) -> - | AX39: =IF($AV39="常勤",$AM$2,IF($AV39="非常勤",【様式2】職員名簿!G69,0)) -> 0 | AY39: =IF($AW39=AY$3,COUNTIF($AW$8:$AW39,AY$3),0) -> 0 | AZ39: =IFERROR(INDEX($AU$8:$AU$107,MATCH($AT39,AY$8:AY$107,0),1),"") | BA39: =IF($AW39=BA$3,COUNTIF($AW$8:$AW39,BA$3),0) -> 0 | BB39: =IFERROR(INDEX($AU$8:$AU$107,MATCH($AT39,BA$8:BA$107,0),1),"") | BC39: =IF($AW39=BC$3,COUNTIFS($AW$8:$AW39,BC$3,$AV$8:$AV39,BC$4),0) -> 0 | BD39: =IFERROR(INDEX($AU$8:$AU$107,MATCH($AT39,BC$8:BC$107,0),1),"") | BE39: =IF($AW39=BE$3,COUNTIF($AW$8:$AW39,BE$3),0) -> 0 | BF39: =IFERROR(INDEX($AU$8:$AU$107,MATCH($AT39,BE$8:BE$107,0),1),"") | BG39: =IF(OR($AW39=BG$3,$AW39=BG$4),COUNTIF($AW$8:$AW39,BG$3)+COUNTIF($AW$8:$AW39,BG$4),0) -> 0 | BH39: =IFERROR(INDEX($AU$8:$AU$107,MATCH($AT39,BG$8:BG$107,0),1),"") | BI39: =IF($AW39=BI$3,COUNTIF($AW$8:$AW39,BI$3),0) -> 0 | BJ39: =IFERROR(INDEX($AU$8:$AU$107,MATCH($AT39,BI$8:BI$107,0),1),"") | BK39: =IF($AW39<>BK$3,COUNTIF($AW$8:$AW39,"<>"&BK$3),0) -> 0 | BL39: =IFERROR(INDEX($AU$8:$AU$107,MATCH($AT39,BK$8:BK$107,0),1),"")
C40: 通常給与で対応した分を記載 | D40: =IF(W40,T40,"") | I40: =IF(OR(NOT(W40),U40=0),"",U40) | J40: =IF(OR(F40=0,F40=""),"",IF(W40,IF(X40,IF(OR(Y40,V40=3),IF(AD40,IF(OR(AE40,V40=2,V40=3),"○","要常勤"),"時間無"),"重複"),"名簿無"),"対象外")) | L40: =IF(AI40=1,"調整①→",IF(AI40=5,"調整②→",IF(AI40=2,"",IF(AI40=3,"全計上→","エラー")))) | M40: =IF(OR(AND(J40<>"",J40<>"○"),AI40=4),"×",IF(J40="",0,AJ40/$AM$2)) -> 0 | N40: =IF(Q40,"○","×") -> × | O40: =IF(Q40,IF(S40,"○","×"),"-") -> - | T40: =$BB$6 -> 保育士 | U40: =IFERROR(VLOOKUP($F40,$AU$8:$AX$107,4,FALSE),0) -> 0 | V40: 2 | W40: =AND($Q$38,$R$38) -> FALSE | X40: =COUNTIF(INDIRECT(T40),F40)>0 -> FALSE | Y40: =COUNTIF($AC$21:AC39,AC40)+COUNTIF(AC41:$AC$74,AC40)-COUNTIF(Z40:AB40,AC40)=0 -> FALSE | Z40: - | AA40: - | AB40: - | AC40: =IF(V40=3,0,IFERROR(INDEX($AT$8:$AT$107,MATCH($F40,AU$8:AU$107,0),1),0)) -> 0 | AD40: =U40>0 -> FALSE | AE40: =IFERROR(VLOOKUP($F40,$AU$8:$AX$107,2,FALSE),"")="常勤" -> FALSE | AF40: - | AG40: =M40 -> 0 | AH40: 2 | AI40: =IF(AND($W40,$J40="○"),IF($K40="-",IF($U40<IF($AH40=5,$AL$4,$AL$3),$AH40,2),IF($K40=0,IF($U40<IF($AH40=5,$AL$4,$AL$3),IF(OR($AH40=1,$AH40=5),$AH40,3),3),IF(K40<IF($AH40=5,$AL$4,$AL$3),$AH40,IF($K40>$U40,4,2)))),2) -> 2 | AJ40: =IF(AI40=1,$AL$3,IF(AI40=5,$AL$4,IF(AI40=2,IF(K40="-",U40,K40),IF(AI40=3,U40,"×")))) -> 0 | AT40: =ROW()-ROW($AT$7) -> 33 | AU40: =AT40&" "&IF(AW40<>"-",【様式2】職員名簿!B70&"/"&AV40&"/"&AW40,"") -> 33 | AV40: =【様式2】職員名簿!E70 -> 0 | AW40: =IF(【様式2】職員名簿!J70="エラー","-",【様式2】職員名簿!J70) -> - | AX40: =IF($AV40="常勤",$AM$2,IF($AV40="非常勤",【様式2】職員名簿!G70,0)) -> 0 | AY40: =IF($AW40=AY$3,COUNTIF($AW$8:$AW40,AY$3),0) -> 0 | AZ40: =IFERROR(INDEX($AU$8:$AU$107,MATCH($AT40,AY$8:AY$107,0),1),"") | BA40: =IF($AW40=BA$3,COUNTIF($AW$8:$AW40,BA$3),0) -> 0 | BB40: =IFERROR(INDEX($AU$8:$AU$107,MATCH($AT40,BA$8:BA$107,0),1),"") | BC40: =IF($AW40=BC$3,COUNTIFS($AW$8:$AW40,BC$3,$AV$8:$AV40,BC$4),0) -> 0 | BD40: =IFERROR(INDEX($AU$8:$AU$107,MATCH($AT40,BC$8:BC$107,0),1),"") | BE40: =IF($AW40=BE$3,COUNTIF($AW$8:$AW40,BE$3),0) -> 0 | BF40: =IFERROR(INDEX($AU$8:$AU$107,MATCH($AT40,BE$8:BE$107,0),1),"") | BG40: =IF(OR($AW40=BG$3,$AW40=BG$4),COUNTIF($AW$8:$AW40,BG$3)+COUNTIF($AW$8:$AW40,BG$4),0) -> 0 | BH40: =IFERROR(INDEX($AU$8:$AU$107,MATCH($AT40,BG$8:BG$107,0),1),"") | BI40: =IF($AW40=BI$3,COUNTIF($AW$8:$AW40,BI$3),0) -> 0 | BJ40: =IFERROR(INDEX($AU$8:$AU$107,MATCH($AT40,BI$8:BI$107,0),1),"") | BK40: =IF($AW40<>BK$3,COUNTIF($AW$8:$AW40,"<>"&BK$3),0) -> 0 | BL40: =IFERROR(INDEX($AU$8:$AU$107,MATCH($AT40,BK$8:BK$107,0),1),"")
D41: =IF(W41,T41,"") | I41: =IF(OR(NOT(W41),U41=0),"",U41) | J41: =IF(OR(F41=0,F41=""),"",IF(W41,IF(X41,IF(OR(Y41,V41=3),IF(AD41,IF(OR(AE41,V41=2,V41=3),"○","要常勤"),"時間無"),"重複"),"名簿無"),"対象外")) | L41: =IF(AI41=1,"調整①→",IF(AI41=5,"調整②→",IF(AI41=2,"",IF(AI41=3,"全計上→","エラー")))) | M41: =IF(OR(AND(J41<>"",J41<>"○"),AI41=4),"×",IF(J41="",0,AJ41/$AM$2)) -> 0 | N41: =IF(Q41,"○","×") -> × | O41: =IF(Q41,IF(S41,"○","×"),"-") -> - | T41: =$BB$6 -> 保育士 | U41: =IFERROR(VLOOKUP($F41,$AU$8:$AX$107,4,FALSE),0) -> 0 | V41: 2 | W41: =AND($Q$38,$R$38) -> FALSE | X41: =COUNTIF(INDIRECT(T41),F41)>0 -> FALSE | Y41: =COUNTIF($AC$21:AC40,AC41)+COUNTIF(AC42:$AC$74,AC41)-COUNTIF(Z41:AB41,AC41)=0 -> FALSE | Z41: - | AA41: - | AB41: - | AC41: =IF(V41=3,0,IFERROR(INDEX($AT$8:$AT$107,MATCH($F41,AU$8:AU$107,0),1),0)) -> 0 | AD41: =U41>0 -> FALSE | AE41: =IFERROR(VLOOKUP($F41,$AU$8:$AX$107,2,FALSE),"")="常勤" -> FALSE | AF41: - | AG41: =M41 -> 0 | AH41: 2 | AI41: =IF(AND($W41,$J41="○"),IF($K41="-",IF($U41<IF($AH41=5,$AL$4,$AL$3),$AH41,2),IF($K41=0,IF($U41<IF($AH41=5,$AL$4,$AL$3),IF(OR($AH41=1,$AH41=5),$AH41,3),3),IF(K41<IF($AH41=5,$AL$4,$AL$3),$AH41,IF($K41>$U41,4,2)))),2) -> 2 | AJ41: =IF(AI41=1,$AL$3,IF(AI41=5,$AL$4,IF(AI41=2,IF(K41="-",U41,K41),IF(AI41=3,U41,"×")))) -> 0 | AT41: =ROW()-ROW($AT$7) -> 34 | AU41: =AT41&" "&IF(AW41<>"-",【様式2】職員名簿!B71&"/"&AV41&"/"&AW41,"") -> 34 | AV41: =【様式2】職員名簿!E71 -> 0 | AW41: =IF(【様式2】職員名簿!J71="エラー","-",【様式2】職員名簿!J71) -> - | AX41: =IF($AV41="常勤",$AM$2,IF($AV41="非常勤",【様式2】職員名簿!G71,0)) -> 0 | AY41: =IF($AW41=AY$3,COUNTIF($AW$8:$AW41,AY$3),0) -> 0 | AZ41: =IFERROR(INDEX($AU$8:$AU$107,MATCH($AT41,AY$8:AY$107,0),1),"") | BA41: =IF($AW41=BA$3,COUNTIF($AW$8:$AW41,BA$3),0) -> 0 | BB41: =IFERROR(INDEX($AU$8:$AU$107,MATCH($AT41,BA$8:BA$107,0),1),"") | BC41: =IF($AW41=BC$3,COUNTIFS($AW$8:$AW41,BC$3,$AV$8:$AV41,BC$4),0) -> 0 | BD41: =IFERROR(INDEX($AU$8:$AU$107,MATCH($AT41,BC$8:BC$107,0),1),"") | BE41: =IF($AW41=BE$3,COUNTIF($AW$8:$AW41,BE$3),0) -> 0 | BF41: =IFERROR(INDEX($AU$8:$AU$107,MATCH($AT41,BE$8:BE$107,0),1),"") | BG41: =IF(OR($AW41=BG$3,$AW41=BG$4),COUNTIF($AW$8:$AW41,BG$3)+COUNTIF($AW$8:$AW41,BG$4),0) -> 0 | BH41: =IFERROR(INDEX($AU$8:$AU$107,MATCH($AT41,BG$8:BG$107,0),1),"") | BI41: =IF($AW41=BI$3,COUNTIF($AW$8:$AW41,BI$3),0) -> 0 | BJ41: =IFERROR(INDEX($AU$8:$AU$107,MATCH($AT41,BI$8:BI$107,0),1),"") | BK41: =IF($AW41<>BK$3,COUNTIF($AW$8:$AW41,"<>"&BK$3),0) -> 0 | BL41: =IFERROR(INDEX($AU$8:$AU$107,MATCH($AT41,BK$8:BK$107,0),1),"")
D42: =IF(W42,T42,"") | I42: =IF(OR(NOT(W42),U42=0),"",U42) | J42: =IF(OR(F42=0,F42=""),"",IF(W42,IF(X42,IF(OR(Y42,V42=3),IF(AD42,IF(OR(AE42,V42=2,V42=3),"○","要常勤"),"時間無"),"重複"),"名簿無"),"対象外")) | L42: =IF(AI42=1,"調整①→",IF(AI42=5,"調整②→",IF(AI42=2,"",IF(AI42=3,"全計上→","エラー")))) | M42: =IF(OR(AND(J42<>"",J42<>"○"),AI42=4),"×",IF(J42="",0,AJ42/$AM$2)) -> 0 | N42: =IF(Q42,"○","×") -> × | O42: =IF(Q42,IF(S42,"○","×"),"-") -> - | T42: =$BB$6 -> 保育士 | U42: =IFERROR(VLOOKUP($F42,$AU$8:$AX$107,4,FALSE),0) -> 0 | V42: 2 | W42: =AND($Q$38,$R$38) -> FALSE | X42: =COUNTIF(INDIRECT(T42),F42)>0 -> FALSE | Y42: =COUNTIF($AC$21:AC41,AC42)+COUNTIF(AC43:$AC$74,AC42)-COUNTIF(Z42:AB42,AC42)=0 -> FALSE | Z42: - | AA42: - | AB42: - | AC42: =IF(V42=3,0,IFERROR(INDEX($AT$8:$AT$107,MATCH($F42,AU$8:AU$107,0),1),0)) -> 0 | AD42: =U42>0 -> FALSE | AE42: =IFERROR(VLOOKUP($F42,$AU$8:$AX$107,2,FALSE),"")="常勤" -> FALSE | AF42: - | AG42: =M42 -> 0 | AH42: 2 | AI42: =IF(AND($W42,$J42="○"),IF($K42="-",IF($U42<IF($AH42=5,$AL$4,$AL$3),$AH42,2),IF($K42=0,IF($U42<IF($AH42=5,$AL$4,$AL$3),IF(OR($AH42=1,$AH42=5),$AH42,3),3),IF(K42<IF($AH42=5,$AL$4,$AL$3),$AH42,IF($K42>$U42,4,2)))),2) -> 2 | AJ42: =IF(AI42=1,$AL$3,IF(AI42=5,$AL$4,IF(AI42=2,IF(K42="-",U42,K42),IF(AI42=3,U42,"×")))) -> 0 | AT42: =ROW()-ROW($AT$7) -> 35 | AU42: =AT42&" "&IF(AW42<>"-",【様式2】職員名簿!B72&"/"&AV42&"/"&AW42,"") -> 35 | AV42: =【様式2】職員名簿!E72 -> 0 | AW42: =IF(【様式2】職員名簿!J72="エラー","-",【様式2】職員名簿!J72) -> - | AX42: =IF($AV42="常勤",$AM$2,IF($AV42="非常勤",【様式2】職員名簿!G72,0)) -> 0 | AY42: =IF($AW42=AY$3,COUNTIF($AW$8:$AW42,AY$3),0) -> 0 | AZ42: =IFERROR(INDEX($AU$8:$AU$107,MATCH($AT42,AY$8:AY$107,0),1),"") | BA42: =IF($AW42=BA$3,COUNTIF($AW$8:$AW42,BA$3),0) -> 0 | BB42: =IFERROR(INDEX($AU$8:$AU$107,MATCH($AT42,BA$8:BA$107,0),1),"") | BC42: =IF($AW42=BC$3,COUNTIFS($AW$8:$AW42,BC$3,$AV$8:$AV42,BC$4),0) -> 0 | BD42: =IFERROR(INDEX($AU$8:$AU$107,MATCH($AT42,BC$8:BC$107,0),1),"") | BE42: =IF($AW42=BE$3,COUNTIF($AW$8:$AW42,BE$3),0) -> 0 | BF42: =IFERROR(INDEX($AU$8:$AU$107,MATCH($AT42,BE$8:BE$107,0),1),"") | BG42: =IF(OR($AW42=BG$3,$AW42=BG$4),COUNTIF($AW$8:$AW42,BG$3)+COUNTIF($AW$8:$AW42,BG$4),0) -> 0 | BH42: =IFERROR(INDEX($AU$8:$AU$107,MATCH($AT42,BG$8:BG$107,0),1),"") | BI42: =IF($AW42=BI$3,COUNTIF($AW$8:$AW42,BI$3),0) -> 0 | BJ42: =IFERROR(INDEX($AU$8:$AU$107,MATCH($AT42,BI$8:BI$107,0),1),"") | BK42: =IF($AW42<>BK$3,COUNTIF($AW$8:$AW42,"<>"&BK$3),0) -> 0 | BL42: =IFERROR(INDEX($AU$8:$AU$107,MATCH($AT42,BK$8:BK$107,0),1),"")
D43: =IF(W43,T43,"") | I43: =IF(OR(NOT(W43),U43=0),"",U43) | J43: =IF(OR(F43=0,F43=""),"",IF(W43,IF(X43,IF(OR(Y43,V43=3),IF(AD43,IF(OR(AE43,V43=2,V43=3),"○","要常勤"),"時間無"),"重複"),"名簿無"),"対象外")) | L43: =IF(AI43=1,"調整①→",IF(AI43=5,"調整②→",IF(AI43=2,"",IF(AI43=3,"全計上→","エラー")))) | M43: =IF(OR(AND(J43<>"",J43<>"○"),AI43=4),"×",IF(J43="",0,AJ43/$AM$2)) -> 0 | N43: =IF(Q43,"○","×") -> × | O43: =IF(Q43,IF(S43,"○","×"),"-") -> - | T43: =$BB$6 -> 保育士 | U43: =IFERROR(VLOOKUP($F43,$AU$8:$AX$107,4,FALSE),0) -> 0 | V43: 2 | W43: =AND($Q$38,$R$38) -> FALSE | X43: =COUNTIF(INDIRECT(T43),F43)>0 -> FALSE | Y43: =COUNTIF($AC$21:AC42,AC43)+COUNTIF(AC44:$AC$74,AC43)-COUNTIF(Z43:AB43,AC43)=0 -> FALSE | Z43: - | AA43: - | AB43: - | AC43: =IF(V43=3,0,IFERROR(INDEX($AT$8:$AT$107,MATCH($F43,AU$8:AU$107,0),1),0)) -> 0 | AD43: =U43>0 -> FALSE | AE43: =IFERROR(VLOOKUP($F43,$AU$8:$AX$107,2,FALSE),"")="常勤" -> FALSE | AF43: - | AG43: =M43 -> 0 | AH43: 2 | AI43: =IF(AND($W43,$J43="○"),IF($K43="-",IF($U43<IF($AH43=5,$AL$4,$AL$3),$AH43,2),IF($K43=0,IF($U43<IF($AH43=5,$AL$4,$AL$3),IF(OR($AH43=1,$AH43=5),$AH43,3),3),IF(K43<IF($AH43=5,$AL$4,$AL$3),$AH43,IF($K43>$U43,4,2)))),2) -> 2 | AJ43: =IF(AI43=1,$AL$3,IF(AI43=5,$AL$4,IF(AI43=2,IF(K43="-",U43,K43),IF(AI43=3,U43,"×")))) -> 0 | AT43: =ROW()-ROW($AT$7) -> 36 | AU43: =AT43&" "&IF(AW43<>"-",【様式2】職員名簿!B73&"/"&AV43&"/"&AW43,"") -> 36 | AV43: =【様式2】職員名簿!E73 -> 0 | AW43: =IF(【様式2】職員名簿!J73="エラー","-",【様式2】職員名簿!J73) -> - | AX43: =IF($AV43="常勤",$AM$2,IF($AV43="非常勤",【様式2】職員名簿!G73,0)) -> 0 | AY43: =IF($AW43=AY$3,COUNTIF($AW$8:$AW43,AY$3),0) -> 0 | AZ43: =IFERROR(INDEX($AU$8:$AU$107,MATCH($AT43,AY$8:AY$107,0),1),"") | BA43: =IF($AW43=BA$3,COUNTIF($AW$8:$AW43,BA$3),0) -> 0 | BB43: =IFERROR(INDEX($AU$8:$AU$107,MATCH($AT43,BA$8:BA$107,0),1),"") | BC43: =IF($AW43=BC$3,COUNTIFS($AW$8:$AW43,BC$3,$AV$8:$AV43,BC$4),0) -> 0 | BD43: =IFERROR(INDEX($AU$8:$AU$107,MATCH($AT43,BC$8:BC$107,0),1),"") | BE43: =IF($AW43=BE$3,COUNTIF($AW$8:$AW43,BE$3),0) -> 0 | BF43: =IFERROR(INDEX($AU$8:$AU$107,MATCH($AT43,BE$8:BE$107,0),1),"") | BG43: =IF(OR($AW43=BG$3,$AW43=BG$4),COUNTIF($AW$8:$AW43,BG$3)+COUNTIF($AW$8:$AW43,BG$4),0) -> 0 | BH43: =IFERROR(INDEX($AU$8:$AU$107,MATCH($AT43,BG$8:BG$107,0),1),"") | BI43: =IF($AW43=BI$3,COUNTIF($AW$8:$AW43,BI$3),0) -> 0 | BJ43: =IFERROR(INDEX($AU$8:$AU$107,MATCH($AT43,BI$8:BI$107,0),1),"") | BK43: =IF($AW43<>BK$3,COUNTIF($AW$8:$AW43,"<>"&BK$3),0) -> 0 | BL43: =IFERROR(INDEX($AU$8:$AU$107,MATCH($AT43,BK$8:BK$107,0),1),"")
C44: 超過勤務で対応した分は別紙３に記載 | D44: =IF(W44,T44,"") | I44: =IF(OR(NOT(W44),U44=0),"",U44) | J44: =IF(OR(F44=0,F44=""),"",IF(W44,IF(X44,IF(OR(Y44,V44=3),IF(AD44,IF(OR(AE44,V44=2,V44=3),"○","要常勤"),"時間無"),"重複"),"名簿無"),"対象外")) | L44: =IF(AI44=1,"調整①→",IF(AI44=5,"調整②→",IF(AI44=2,"",IF(AI44=3,"全計上→","エラー")))) | M44: =IF(OR(AND(J44<>"",J44<>"○"),AI44=4),"×",IF(J44="",0,AJ44/$AM$2)) -> 0 | N44: =IF(Q44,"○","×") -> × | O44: =IF(Q44,IF(S44,"○","×"),"-") -> - | T44: =$BB$6 -> 保育士 | U44: =IFERROR(VLOOKUP($F44,$AU$8:$AX$107,4,FALSE),0) -> 0 | V44: 2 | W44: =AND($Q$38,$R$38) -> FALSE | X44: =COUNTIF(INDIRECT(T44),F44)>0 -> FALSE | Y44: =COUNTIF($AC$21:AC43,AC44)+COUNTIF(AC45:$AC$74,AC44)-COUNTIF(Z44:AB44,AC44)=0 -> FALSE | Z44: - | AA44: - | AB44: - | AC44: =IF(V44=3,0,IFERROR(INDEX($AT$8:$AT$107,MATCH($F44,AU$8:AU$107,0),1),0)) -> 0 | AD44: =U44>0 -> FALSE | AE44: =IFERROR(VLOOKUP($F44,$AU$8:$AX$107,2,FALSE),"")="常勤" -> FALSE | AF44: - | AG44: =M44 -> 0 | AH44: 2 | AI44: =IF(AND($W44,$J44="○"),IF($K44="-",IF($U44<IF($AH44=5,$AL$4,$AL$3),$AH44,2),IF($K44=0,IF($U44<IF($AH44=5,$AL$4,$AL$3),IF(OR($AH44=1,$AH44=5),$AH44,3),3),IF(K44<IF($AH44=5,$AL$4,$AL$3),$AH44,IF($K44>$U44,4,2)))),2) -> 2 | AJ44: =IF(AI44=1,$AL$3,IF(AI44=5,$AL$4,IF(AI44=2,IF(K44="-",U44,K44),IF(AI44=3,U44,"×")))) -> 0 | AT44: =ROW()-ROW($AT$7) -> 37 | AU44: =AT44&" "&IF(AW44<>"-",【様式2】職員名簿!B74&"/"&AV44&"/"&AW44,"") -> 37 | AV44: =【様式2】職員名簿!E74 -> 0 | AW44: =IF(【様式2】職員名簿!J74="エラー","-",【様式2】職員名簿!J74) -> - | AX44: =IF($AV44="常勤",$AM$2,IF($AV44="非常勤",【様式2】職員名簿!G74,0)) -> 0 | AY44: =IF($AW44=AY$3,COUNTIF($AW$8:$AW44,AY$3),0) -> 0 | AZ44: =IFERROR(INDEX($AU$8:$AU$107,MATCH($AT44,AY$8:AY$107,0),1),"") | BA44: =IF($AW44=BA$3,COUNTIF($AW$8:$AW44,BA$3),0) -> 0 | BB44: =IFERROR(INDEX($AU$8:$AU$107,MATCH($AT44,BA$8:BA$107,0),1),"") | BC44: =IF($AW44=BC$3,COUNTIFS($AW$8:$AW44,BC$3,$AV$8:$AV44,BC$4),0) -> 0 | BD44: =IFERROR(INDEX($AU$8:$AU$107,MATCH($AT44,BC$8:BC$107,0),1),"") | BE44: =IF($AW44=BE$3,COUNTIF($AW$8:$AW44,BE$3),0) -> 0 | BF44: =IFERROR(INDEX($AU$8:$AU$107,MATCH($AT44,BE$8:BE$107,0),1),"") | BG44: =IF(OR($AW44=BG$3,$AW44=BG$4),COUNTIF($AW$8:$AW44,BG$3)+COUNTIF($AW$8:$AW44,BG$4),0) -> 0 | BH44: =IFERROR(INDEX($AU$8:$AU$107,MATCH($AT44,BG$8:BG$107,0),1),"") | BI44: =IF($AW44=BI$3,COUNTIF($AW$8:$AW44,BI$3),0) -> 0 | BJ44: =IFERROR(INDEX($AU$8:$AU$107,MATCH($AT44,BI$8:BI$107,0),1),"") | BK44: =IF($AW44<>BK$3,COUNTIF($AW$8:$AW44,"<>"&BK$3),0) -> 0 | BL44: =IFERROR(INDEX($AU$8:$AU$107,MATCH($AT44,BK$8:BK$107,0),1),"")
D45: =IF(W45,T45,"") | I45: =IF(OR(NOT(W45),U45=0),"",U45) | J45: =IF(OR(F45=0,F45=""),"",IF(W45,IF(X45,IF(OR(Y45,V45=3),IF(AD45,IF(OR(AE45,V45=2,V45=3),"○","要常勤"),"時間無"),"重複"),"名簿無"),"対象外")) | L45: =IF(AI45=1,"調整①→",IF(AI45=5,"調整②→",IF(AI45=2,"",IF(AI45=3,"全計上→","エラー")))) | M45: =IF(OR(AND(J45<>"",J45<>"○"),AI45=4),"×",IF(J45="",0,AJ45/$AM$2)) -> 0 | N45: =IF(Q45,"○","×") -> × | O45: =IF(Q45,IF(S45,"○","×"),"-") -> - | T45: =$BB$6 -> 保育士 | U45: =IFERROR(VLOOKUP($F45,$AU$8:$AX$107,4,FALSE),0) -> 0 | V45: 2 | W45: =AND($Q$38,$R$38) -> FALSE | X45: =COUNTIF(INDIRECT(T45),F45)>0 -> FALSE | Y45: =COUNTIF($AC$21:AC44,AC45)+COUNTIF(AC46:$AC$74,AC45)-COUNTIF(Z45:AB45,AC45)=0 -> FALSE | Z45: - | AA45: - | AB45: - | AC45: =IF(V45=3,0,IFERROR(INDEX($AT$8:$AT$107,MATCH($F45,AU$8:AU$107,0),1),0)) -> 0 | AD45: =U45>0 -> FALSE | AE45: =IFERROR(VLOOKUP($F45,$AU$8:$AX$107,2,FALSE),"")="常勤" -> FALSE | AF45: - | AG45: =M45 -> 0 | AH45: 2 | AI45: =IF(AND($W45,$J45="○"),IF($K45="-",IF($U45<IF($AH45=5,$AL$4,$AL$3),$AH45,2),IF($K45=0,IF($U45<IF($AH45=5,$AL$4,$AL$3),IF(OR($AH45=1,$AH45=5),$AH45,3),3),IF(K45<IF($AH45=5,$AL$4,$AL$3),$AH45,IF($K45>$U45,4,2)))),2) -> 2 | AJ45: =IF(AI45=1,$AL$3,IF(AI45=5,$AL$4,IF(AI45=2,IF(K45="-",U45,K45),IF(AI45=3,U45,"×")))) -> 0 | AT45: =ROW()-ROW($AT$7) -> 38 | AU45: =AT45&" "&IF(AW45<>"-",【様式2】職員名簿!B75&"/"&AV45&"/"&AW45,"") -> 38 | AV45: =【様式2】職員名簿!E75 -> 0 | AW45: =IF(【様式2】職員名簿!J75="エラー","-",【様式2】職員名簿!J75) -> - | AX45: =IF($AV45="常勤",$AM$2,IF($AV45="非常勤",【様式2】職員名簿!G75,0)) -> 0 | AY45: =IF($AW45=AY$3,COUNTIF($AW$8:$AW45,AY$3),0) -> 0 | AZ45: =IFERROR(INDEX($AU$8:$AU$107,MATCH($AT45,AY$8:AY$107,0),1),"") | BA45: =IF($AW45=BA$3,COUNTIF($AW$8:$AW45,BA$3),0) -> 0 | BB45: =IFERROR(INDEX($AU$8:$AU$107,MATCH($AT45,BA$8:BA$107,0),1),"") | BC45: =IF($AW45=BC$3,COUNTIFS($AW$8:$AW45,BC$3,$AV$8:$AV45,BC$4),0) -> 0 | BD45: =IFERROR(INDEX($AU$8:$AU$107,MATCH($AT45,BC$8:BC$107,0),1),"") | BE45: =IF($AW45=BE$3,COUNTIF($AW$8:$AW45,BE$3),0) -> 0 | BF45: =IFERROR(INDEX($AU$8:$AU$107,MATCH($AT45,BE$8:BE$107,0),1),"") | BG45: =IF(OR($AW45=BG$3,$AW45=BG$4),COUNTIF($AW$8:$AW45,BG$3)+COUNTIF($AW$8:$AW45,BG$4),0) -> 0 | BH45: =IFERROR(INDEX($AU$8:$AU$107,MATCH($AT45,BG$8:BG$107,0),1),"") | BI45: =IF($AW45=BI$3,COUNTIF($AW$8:$AW45,BI$3),0) -> 0 | BJ45: =IFERROR(INDEX($AU$8:$AU$107,MATCH($AT45,BI$8:BI$107,0),1),"") | BK45: =IF($AW45<>BK$3,COUNTIF($AW$8:$AW45,"<>"&BK$3),0) -> 0 | BL45: =IFERROR(INDEX($AU$8:$AU$107,MATCH($AT45,BK$8:BK$107,0),1),"")
D46: =IF(W46,T46,"") | I46: =IF(OR(NOT(W46),U46=0),"",U46) | J46: =IF(OR(F46=0,F46=""),"",IF(W46,IF(X46,IF(OR(Y46,V46=3),IF(AD46,IF(OR(AE46,V46=2,V46=3),"○","要常勤"),"時間無"),"重複"),"名簿無"),"対象外")) | L46: =IF(AI46=1,"調整①→",IF(AI46=5,"調整②→",IF(AI46=2,"",IF(AI46=3,"全計上→","エラー")))) | M46: =IF(OR(AND(J46<>"",J46<>"○"),AI46=4),"×",IF(J46="",0,AJ46/$AM$2)) -> 0 | N46: =IF(Q46,"○","×") -> × | O46: =IF(Q46,IF(S46,"○","×"),"-") -> - | T46: =$BB$6 -> 保育士 | U46: =IFERROR(VLOOKUP($F46,$AU$8:$AX$107,4,FALSE),0) -> 0 | V46: 2 | W46: =AND($Q$38,$R$38) -> FALSE | X46: =COUNTIF(INDIRECT(T46),F46)>0 -> FALSE | Y46: =COUNTIF($AC$21:AC45,AC46)+COUNTIF(AC47:$AC$74,AC46)-COUNTIF(Z46:AB46,AC46)=0 -> FALSE | Z46: - | AA46: - | AB46: - | AC46: =IF(V46=3,0,IFERROR(INDEX($AT$8:$AT$107,MATCH($F46,AU$8:AU$107,0),1),0)) -> 0 | AD46: =U46>0 -> FALSE | AE46: =IFERROR(VLOOKUP($F46,$AU$8:$AX$107,2,FALSE),"")="常勤" -> FALSE | AF46: - | AG46: =M46 -> 0 | AH46: 2 | AI46: =IF(AND($W46,$J46="○"),IF($K46="-",IF($U46<IF($AH46=5,$AL$4,$AL$3),$AH46,2),IF($K46=0,IF($U46<IF($AH46=5,$AL$4,$AL$3),IF(OR($AH46=1,$AH46=5),$AH46,3),3),IF(K46<IF($AH46=5,$AL$4,$AL$3),$AH46,IF($K46>$U46,4,2)))),2) -> 2 | AJ46: =IF(AI46=1,$AL$3,IF(AI46=5,$AL$4,IF(AI46=2,IF(K46="-",U46,K46),IF(AI46=3,U46,"×")))) -> 0 | AT46: =ROW()-ROW($AT$7) -> 39 | AU46: =AT46&" "&IF(AW46<>"-",【様式2】職員名簿!B76&"/"&AV46&"/"&AW46,"") -> 39 | AV46: =【様式2】職員名簿!E76 -> 0 | AW46: =IF(【様式2】職員名簿!J76="エラー","-",【様式2】職員名簿!J76) -> - | AX46: =IF($AV46="常勤",$AM$2,IF($AV46="非常勤",【様式2】職員名簿!G76,0)) -> 0 | AY46: =IF($AW46=AY$3,COUNTIF($AW$8:$AW46,AY$3),0) -> 0 | AZ46: =IFERROR(INDEX($AU$8:$AU$107,MATCH($AT46,AY$8:AY$107,0),1),"") | BA46: =IF($AW46=BA$3,COUNTIF($AW$8:$AW46,BA$3),0) -> 0 | BB46: =IFERROR(INDEX($AU$8:$AU$107,MATCH($AT46,BA$8:BA$107,0),1),"") | BC46: =IF($AW46=BC$3,COUNTIFS($AW$8:$AW46,BC$3,$AV$8:$AV46,BC$4),0) -> 0 | BD46: =IFERROR(INDEX($AU$8:$AU$107,MATCH($AT46,BC$8:BC$107,0),1),"") | BE46: =IF($AW46=BE$3,COUNTIF($AW$8:$AW46,BE$3),0) -> 0 | BF46: =IFERROR(INDEX($AU$8:$AU$107,MATCH($AT46,BE$8:BE$107,0),1),"") | BG46: =IF(OR($AW46=BG$3,$AW46=BG$4),COUNTIF($AW$8:$AW46,BG$3)+COUNTIF($AW$8:$AW46,BG$4),0) -> 0 | BH46: =IFERROR(INDEX($AU$8:$AU$107,MATCH($AT46,BG$8:BG$107,0),1),"") | BI46: =IF($AW46=BI$3,COUNTIF($AW$8:$AW46,BI$3),0) -> 0 | BJ46: =IFERROR(INDEX($AU$8:$AU$107,MATCH($AT46,BI$8:BI$107,0),1),"") | BK46: =IF($AW46<>BK$3,COUNTIF($AW$8:$AW46,"<>"&BK$3),0) -> 0 | BL46: =IFERROR(INDEX($AU$8:$AU$107,MATCH($AT46,BK$8:BK$107,0),1),"")
D47: =IF(W47,T47,"") | I47: =IF(OR(NOT(W47),U47=0),"",U47) | J47: =IF(OR(F47=0,F47=""),"",IF(W47,IF(X47,IF(OR(Y47,V47=3),IF(AD47,IF(OR(AE47,V47=2,V47=3),"○","要常勤"),"時間無"),"重複"),"名簿無"),"対象外")) | L47: =IF(AI47=1,"調整①→",IF(AI47=5,"調整②→",IF(AI47=2,"",IF(AI47=3,"全計上→","エラー")))) | M47: =IF(OR(AND(J47<>"",J47<>"○"),AI47=4),"×",IF(J47="",0,AJ47/$AM$2)) -> 0 | N47: =IF(Q47,"○","×") -> × | O47: =IF(Q47,IF(S47,"○","×"),"-") -> - | T47: =$BB$6 -> 保育士 | U47: =IFERROR(VLOOKUP($F47,$AU$8:$AX$107,4,FALSE),0) -> 0 | V47: 2 | W47: =AND($Q$38,$R$38) -> FALSE | X47: =COUNTIF(INDIRECT(T47),F47)>0 -> FALSE | Y47: =COUNTIF($AC$21:AC46,AC47)+COUNTIF(AC48:$AC$74,AC47)-COUNTIF(Z47:AB47,AC47)=0 -> FALSE | Z47: - | AA47: - | AB47: - | AC47: =IF(V47=3,0,IFERROR(INDEX($AT$8:$AT$107,MATCH($F47,AU$8:AU$107,0),1),0)) -> 0 | AD47: =U47>0 -> FALSE | AE47: =IFERROR(VLOOKUP($F47,$AU$8:$AX$107,2,FALSE),"")="常勤" -> FALSE | AF47: - | AG47: =M47 -> 0 | AH47: 2 | AI47: =IF(AND($W47,$J47="○"),IF($K47="-",IF($U47<IF($AH47=5,$AL$4,$AL$3),$AH47,2),IF($K47=0,IF($U47<IF($AH47=5,$AL$4,$AL$3),IF(OR($AH47=1,$AH47=5),$AH47,3),3),IF(K47<IF($AH47=5,$AL$4,$AL$3),$AH47,IF($K47>$U47,4,2)))),2) -> 2 | AJ47: =IF(AI47=1,$AL$3,IF(AI47=5,$AL$4,IF(AI47=2,IF(K47="-",U47,K47),IF(AI47=3,U47,"×")))) -> 0 | AT47: =ROW()-ROW($AT$7) -> 40 | AU47: =AT47&" "&IF(AW47<>"-",【様式2】職員名簿!B77&"/"&AV47&"/"&AW47,"") -> 40 | AV47: =【様式2】職員名簿!E77 -> 0 | AW47: =IF(【様式2】職員名簿!J77="エラー","-",【様式2】職員名簿!J77) -> - | AX47: =IF($AV47="常勤",$AM$2,IF($AV47="非常勤",【様式2】職員名簿!G77,0)) -> 0 | AY47: =IF($AW47=AY$3,COUNTIF($AW$8:$AW47,AY$3),0) -> 0 | AZ47: =IFERROR(INDEX($AU$8:$AU$107,MATCH($AT47,AY$8:AY$107,0),1),"") | BA47: =IF($AW47=BA$3,COUNTIF($AW$8:$AW47,BA$3),0) -> 0 | BB47: =IFERROR(INDEX($AU$8:$AU$107,MATCH($AT47,BA$8:BA$107,0),1),"") | BC47: =IF($AW47=BC$3,COUNTIFS($AW$8:$AW47,BC$3,$AV$8:$AV47,BC$4),0) -> 0 | BD47: =IFERROR(INDEX($AU$8:$AU$107,MATCH($AT47,BC$8:BC$107,0),1),"") | BE47: =IF($AW47=BE$3,COUNTIF($AW$8:$AW47,BE$3),0) -> 0 | BF47: =IFERROR(INDEX($AU$8:$AU$107,MATCH($AT47,BE$8:BE$107,0),1),"") | BG47: =IF(OR($AW47=BG$3,$AW47=BG$4),COUNTIF($AW$8:$AW47,BG$3)+COUNTIF($AW$8:$AW47,BG$4),0) -> 0 | BH47: =IFERROR(INDEX($AU$8:$AU$107,MATCH($AT47,BG$8:BG$107,0),1),"") | BI47: =IF($AW47=BI$3,COUNTIF($AW$8:$AW47,BI$3),0) -> 0 | BJ47: =IFERROR(INDEX($AU$8:$AU$107,MATCH($AT47,BI$8:BI$107,0),1),"") | BK47: =IF($AW47<>BK$3,COUNTIF($AW$8:$AW47,"<>"&BK$3),0) -> 0 | BL47: =IFERROR(INDEX($AU$8:$AU$107,MATCH($AT47,BK$8:BK$107,0),1),"")
A48: 栄養士 | B48: ="栄養管理加算【"&IF(R48=1,"配置",IF(R48=2,"兼務",IF(R48=3,"嘱託","-")))&"】" -> 栄養管理加算【-】 | D48: =IF(W48,T48,"") | I48: =IF(OR(NOT(W48),U48=0),"",U48) | J48: =IF(OR(F48=0,F48=""),"",IF(W48,IF(X48,IF(OR(Y48,V48=3),IF(AD48,IF(OR(AE48,V48=2,V48=3),"○","要常勤"),"時間無"),"重複"),"名簿無"),"対象外")) | K48: - | L48: =IF(AI48=1,"調整①→",IF(AI48=5,"調整②→",IF(AI48=2,"",IF(AI48=3,"全計上→","エラー")))) | M48: =IF(OR(AND(J48<>"",J48<>"○"),AI48=4),"×",IF(J48="",0,AJ48/$AM$2)) -> 0 | N48: =IF(Q48,"○","×") -> × | O48: =IF(Q48,IF(S48,"○","×"),"-") -> - | Q48: =AND(【様式１】総括表・個票!AI228,OR(R48=1,R48=2)) -> FALSE | R48: =IF(【様式１】総括表・個票!AI233,1,IF(【様式１】総括表・個票!AI234,2,IF(【様式１】総括表・個票!AI236,3,0))) -> 0 | S48: =AND($J48="○",$O103>=0) -> FALSE | T48: =$BF$6 -> 栄養士 | U48: =IFERROR(VLOOKUP($F48,$AU$8:$AX$107,4,FALSE),0) -> 0 | V48: =IF(R48=2,3,2) -> 2 | W48: =AND(Q48,OR(R48=1,R48=2)) -> FALSE | X48: =COUNTIF(INDIRECT(T48),F48)>0 -> FALSE | Y48: =COUNTIF($AC$21:AC47,AC48)+COUNTIF(AC49:$AC$74,AC48)-COUNTIF(Z48:AB48,AC48)=0 -> FALSE | Z48: - | AA48: - | AB48: - | AC48: =IF(V48=3,0,IFERROR(INDEX($AT$8:$AT$107,MATCH($F48,AU$8:AU$107,0),1),0)) -> 0 | AD48: =U48>0 -> FALSE | AE48: =IFERROR(VLOOKUP($F48,$AU$8:$AX$107,2,FALSE),"")="常勤" -> FALSE | AF48: - | AG48: - | AH48: 2 | AI48: =IF(AND($W48,$J48="○"),IF($K48="-",IF($U48<IF($AH48=5,$AL$4,$AL$3),$AH48,2),IF($K48=0,IF($U48<IF($AH48=5,$AL$4,$AL$3),IF(OR($AH48=1,$AH48=5),$AH48,3),3),IF(K48<IF($AH48=5,$AL$4,$AL$3),$AH48,IF($K48>$U48,4,2)))),2) -> 2 | AJ48: =IF(AI48=1,$AL$3,IF(AI48=5,$AL$4,IF(AI48=2,IF(K48="-",U48,K48),IF(AI48=3,U48,"×")))) -> 0 | AT48: =ROW()-ROW($AT$7) -> 41 | AU48: =AT48&" "&IF(AW48<>"-",【様式2】職員名簿!B78&"/"&AV48&"/"&AW48,"") -> 41 | AV48: =【様式2】職員名簿!E78 -> 0 | AW48: =IF(【様式2】職員名簿!J78="エラー","-",【様式2】職員名簿!J78) -> - | AX48: =IF($AV48="常勤",$AM$2,IF($AV48="非常勤",【様式2】職員名簿!G78,0)) -> 0 | AY48: =IF($AW48=AY$3,COUNTIF($AW$8:$AW48,AY$3),0) -> 0 | AZ48: =IFERROR(INDEX($AU$8:$AU$107,MATCH($AT48,AY$8:AY$107,0),1),"") | BA48: =IF($AW48=BA$3,COUNTIF($AW$8:$AW48,BA$3),0) -> 0 | BB48: =IFERROR(INDEX($AU$8:$AU$107,MATCH($AT48,BA$8:BA$107,0),1),"") | BC48: =IF($AW48=BC$3,COUNTIFS($AW$8:$AW48,BC$3,$AV$8:$AV48,BC$4),0) -> 0 | BD48: =IFERROR(INDEX($AU$8:$AU$107,MATCH($AT48,BC$8:BC$107,0),1),"") | BE48: =IF($AW48=BE$3,COUNTIF($AW$8:$AW48,BE$3),0) -> 0 | BF48: =IFERROR(INDEX($AU$8:$AU$107,MATCH($AT48,BE$8:BE$107,0),1),"") | BG48: =IF(OR($AW48=BG$3,$AW48=BG$4),COUNTIF($AW$8:$AW48,BG$3)+COUNTIF($AW$8:$AW48,BG$4),0) -> 0 | BH48: =IFERROR(INDEX($AU$8:$AU$107,MATCH($AT48,BG$8:BG$107,0),1),"") | BI48: =IF($AW48=BI$3,COUNTIF($AW$8:$AW48,BI$3),0) -> 0 | BJ48: =IFERROR(INDEX($AU$8:$AU$107,MATCH($AT48,BI$8:BI$107,0),1),"") | BK48: =IF($AW48<>BK$3,COUNTIF($AW$8:$AW48,"<>"&BK$3),0) -> 0 | BL48: =IFERROR(INDEX($AU$8:$AU$107,MATCH($AT48,BK$8:BK$107,0),1),"")
A49: 項目 | D49: 担当（各補助金で計上する人件費相当を計上。ただし、通常給与で対応している分のみを計上し、超過勤務対応した分は除く） | N49: 合計(参考) | AT49: =ROW()-ROW($AT$7) -> 42 | AU49: =AT49&" "&IF(AW49<>"-",【様式2】職員名簿!B79&"/"&AV49&"/"&AW49,"") -> 42 | AV49: =【様式2】職員名簿!E79 -> 0 | AW49: =IF(【様式2】職員名簿!J79="エラー","-",【様式2】職員名簿!J79) -> - | AX49: =IF($AV49="常勤",$AM$2,IF($AV49="非常勤",【様式2】職員名簿!G79,0)) -> 0 | AY49: =IF($AW49=AY$3,COUNTIF($AW$8:$AW49,AY$3),0) -> 0 | AZ49: =IFERROR(INDEX($AU$8:$AU$107,MATCH($AT49,AY$8:AY$107,0),1),"") | BA49: =IF($AW49=BA$3,COUNTIF($AW$8:$AW49,BA$3),0) -> 0 | BB49: =IFERROR(INDEX($AU$8:$AU$107,MATCH($AT49,BA$8:BA$107,0),1),"") | BC49: =IF($AW49=BC$3,COUNTIFS($AW$8:$AW49,BC$3,$AV$8:$AV49,BC$4),0) -> 0 | BD49: =IFERROR(INDEX($AU$8:$AU$107,MATCH($AT49,BC$8:BC$107,0),1),"") | BE49: =IF($AW49=BE$3,COUNTIF($AW$8:$AW49,BE$3),0) -> 0 | BF49: =IFERROR(INDEX($AU$8:$AU$107,MATCH($AT49,BE$8:BE$107,0),1),"") | BG49: =IF(OR($AW49=BG$3,$AW49=BG$4),COUNTIF($AW$8:$AW49,BG$3)+COUNTIF($AW$8:$AW49,BG$4),0) -> 0 | BH49: =IFERROR(INDEX($AU$8:$AU$107,MATCH($AT49,BG$8:BG$107,0),1),"") | BI49: =IF($AW49=BI$3,COUNTIF($AW$8:$AW49,BI$3),0) -> 0 | BJ49: =IFERROR(INDEX($AU$8:$AU$107,MATCH($AT49,BI$8:BI$107,0),1),"") | BK49: =IF($AW49<>BK$3,COUNTIF($AW$8:$AW49,"<>"&BK$3),0) -> 0 | BL49: =IFERROR(INDEX($AU$8:$AU$107,MATCH($AT49,BK$8:BK$107,0),1),"")
A50: 補助金名 | D50: 職種 | F50: 配置者/条件 | L50: 常勤換算数【人/月】 | AT50: =ROW()-ROW($AT$7) -> 43 | AU50: =AT50&" "&IF(AW50<>"-",【様式2】職員名簿!B80&"/"&AV50&"/"&AW50,"") -> 43 | AV50: =【様式2】職員名簿!E80 -> 0 | AW50: =IF(【様式2】職員名簿!J80="エラー","-",【様式2】職員名簿!J80) -> - | AX50: =IF($AV50="常勤",$AM$2,IF($AV50="非常勤",【様式2】職員名簿!G80,0)) -> 0 | AY50: =IF($AW50=AY$3,COUNTIF($AW$8:$AW50,AY$3),0) -> 0 | AZ50: =IFERROR(INDEX($AU$8:$AU$107,MATCH($AT50,AY$8:AY$107,0),1),"") | BA50: =IF($AW50=BA$3,COUNTIF($AW$8:$AW50,BA$3),0) -> 0 | BB50: =IFERROR(INDEX($AU$8:$AU$107,MATCH($AT50,BA$8:BA$107,0),1),"") | BC50: =IF($AW50=BC$3,COUNTIFS($AW$8:$AW50,BC$3,$AV$8:$AV50,BC$4),0) -> 0 | BD50: =IFERROR(INDEX($AU$8:$AU$107,MATCH($AT50,BC$8:BC$107,0),1),"") | BE50: =IF($AW50=BE$3,COUNTIF($AW$8:$AW50,BE$3),0) -> 0 | BF50: =IFERROR(INDEX($AU$8:$AU$107,MATCH($AT50,BE$8:BE$107,0),1),"") | BG50: =IF(OR($AW50=BG$3,$AW50=BG$4),COUNTIF($AW$8:$AW50,BG$3)+COUNTIF($AW$8:$AW50,BG$4),0) -> 0 | BH50: =IFERROR(INDEX($AU$8:$AU$107,MATCH($AT50,BG$8:BG$107,0),1),"") | BI50: =IF($AW50=BI$3,COUNTIF($AW$8:$AW50,BI$3),0) -> 0 | BJ50: =IFERROR(INDEX($AU$8:$AU$107,MATCH($AT50,BI$8:BI$107,0),1),"") | BK50: =IF($AW50<>BK$3,COUNTIF($AW$8:$AW50,"<>"&BK$3),0) -> 0 | BL50: =IFERROR(INDEX($AU$8:$AU$107,MATCH($AT50,BK$8:BK$107,0),1),"")
F51: 担当者名 | I51: 勤務時間【時間】 | J51: 確認 | K51: 担当時間【時間】 | AT51: =ROW()-ROW($AT$7) -> 44 | AU51: =AT51&" "&IF(AW51<>"-",【様式2】職員名簿!B81&"/"&AV51&"/"&AW51,"") -> 44 | AV51: =【様式2】職員名簿!E81 -> 0 | AW51: =IF(【様式2】職員名簿!J81="エラー","-",【様式2】職員名簿!J81) -> - | AX51: =IF($AV51="常勤",$AM$2,IF($AV51="非常勤",【様式2】職員名簿!G81,0)) -> 0 | AY51: =IF($AW51=AY$3,COUNTIF($AW$8:$AW51,AY$3),0) -> 0 | AZ51: =IFERROR(INDEX($AU$8:$AU$107,MATCH($AT51,AY$8:AY$107,0),1),"") | BA51: =IF($AW51=BA$3,COUNTIF($AW$8:$AW51,BA$3),0) -> 0 | BB51: =IFERROR(INDEX($AU$8:$AU$107,MATCH($AT51,BA$8:BA$107,0),1),"") | BC51: =IF($AW51=BC$3,COUNTIFS($AW$8:$AW51,BC$3,$AV$8:$AV51,BC$4),0) -> 0 | BD51: =IFERROR(INDEX($AU$8:$AU$107,MATCH($AT51,BC$8:BC$107,0),1),"") | BE51: =IF($AW51=BE$3,COUNTIF($AW$8:$AW51,BE$3),0) -> 0 | BF51: =IFERROR(INDEX($AU$8:$AU$107,MATCH($AT51,BE$8:BE$107,0),1),"") | BG51: =IF(OR($AW51=BG$3,$AW51=BG$4),COUNTIF($AW$8:$AW51,BG$3)+COUNTIF($AW$8:$AW51,BG$4),0) -> 0 | BH51: =IFERROR(INDEX($AU$8:$AU$107,MATCH($AT51,BG$8:BG$107,0),1),"") | BI51: =IF($AW51=BI$3,COUNTIF($AW$8:$AW51,BI$3),0) -> 0 | BJ51: =IFERROR(INDEX($AU$8:$AU$107,MATCH($AT51,BI$8:BI$107,0),1),"") | BK51: =IF($AW51<>BK$3,COUNTIF($AW$8:$AW51,"<>"&BK$3),0) -> 0 | BL51: =IFERROR(INDEX($AU$8:$AU$107,MATCH($AT51,BK$8:BK$107,0),1),"")
A52: 時間外保育促進事業費等補助金 | D52: =T52 -> 保育士 | I52: =IF(OR(NOT(W52),U52=0),"",U52) | J52: =IF(OR(F52=0,F52=""),"",IF(W52,IF(X52,IF(OR(Y52,V52=3),IF(AD52,IF(OR(AE52,V52=2,V52=3),"○","要常勤"),"時間無"),"重複"),"名簿無"),"対象外")) | L52: =IF(AI52=1,"調整①→",IF(AI52=5,"調整②→",IF(AI52=2,"",IF(AI52=3,"全計上→","エラー")))) | M52: =IF(OR(AND(J52<>"",J52<>"○"),AI52=4),"×",IF(J52="",0,AJ52/$AM$2)) -> 0 | N52: =SUM(M52:M56) -> 0 | T52: =$BB$6 -> 保育士 | U52: =IFERROR(VLOOKUP($F52,$AU$8:$AX$107,4,FALSE),0) -> 0 | V52: 2 | W52: =ISTEXT(F52) -> FALSE | X52: =COUNTIF(INDIRECT(T52),F52)>0 -> FALSE | Y52: =COUNTIF($AC$21:AC51,AC52)+COUNTIF(AC53:$AC$74,AC52)-COUNTIF(Z52:AB52,AC52)=0 -> FALSE | Z52: - | AA52: - | AB52: - | AC52: =IF(V52=3,0,IFERROR(INDEX($AT$8:$AT$107,MATCH($F52,AU$8:AU$107,0),1),0)) -> 0 | AD52: =U52>0 -> FALSE | AE52: =IFERROR(VLOOKUP($F52,$AU$8:$AX$107,2,FALSE),"")="常勤" -> FALSE | AF52: =IFERROR(VLOOKUP($F52,$AU$8:$AX$107,3,FALSE),"") | AG52: =M52 -> 0 | AH52: 2 | AI52: =IF(AND($W52,$J52="○"),IF($K52="-",IF($U52<IF($AH52=5,$AL$4,$AL$3),$AH52,2),IF($K52=0,IF($U52<IF($AH52=5,$AL$4,$AL$3),IF(OR($AH52=1,$AH52=5),$AH52,3),3),IF(K52<IF($AH52=5,$AL$4,$AL$3),$AH52,IF($K52>$U52,4,2)))),2) -> 2 | AJ52: =IF(AI52=1,$AL$3,IF(AI52=5,$AL$4,IF(AI52=2,IF(K52="-",U52,K52),IF(AI52=3,U52,"×")))) -> 0 | AT52: =ROW()-ROW($AT$7) -> 45 | AU52: =AT52&" "&IF(AW52<>"-",【様式2】職員名簿!B82&"/"&AV52&"/"&AW52,"") -> 45 | AV52: =【様式2】職員名簿!E82 -> 0 | AW52: =IF(【様式2】職員名簿!J82="エラー","-",【様式2】職員名簿!J82) -> - | AX52: =IF($AV52="常勤",$AM$2,IF($AV52="非常勤",【様式2】職員名簿!G82,0)) -> 0 | AY52: =IF($AW52=AY$3,COUNTIF($AW$8:$AW52,AY$3),0) -> 0 | AZ52: =IFERROR(INDEX($AU$8:$AU$107,MATCH($AT52,AY$8:AY$107,0),1),"") | BA52: =IF($AW52=BA$3,COUNTIF($AW$8:$AW52,BA$3),0) -> 0 | BB52: =IFERROR(INDEX($AU$8:$AU$107,MATCH($AT52,BA$8:BA$107,0),1),"") | BC52: =IF($AW52=BC$3,COUNTIFS($AW$8:$AW52,BC$3,$AV$8:$AV52,BC$4),0) -> 0 | BD52: =IFERROR(INDEX($AU$8:$AU$107,MATCH($AT52,BC$8:BC$107,0),1),"") | BE52: =IF($AW52=BE$3,COUNTIF($AW$8:$AW52,BE$3),0) -> 0 | BF52: =IFERROR(INDEX($AU$8:$AU$107,MATCH($AT52,BE$8:BE$107,0),1),"") | BG52: =IF(OR($AW52=BG$3,$AW52=BG$4),COUNTIF($AW$8:$AW52,BG$3)+COUNTIF($AW$8:$AW52,BG$4),0) -> 0 | BH52: =IFERROR(INDEX($AU$8:$AU$107,MATCH($AT52,BG$8:BG$107,0),1),"") | BI52: =IF($AW52=BI$3,COUNTIF($AW$8:$AW52,BI$3),0) -> 0 | BJ52: =IFERROR(INDEX($AU$8:$AU$107,MATCH($AT52,BI$8:BI$107,0),1),"") | BK52: =IF($AW52<>BK$3,COUNTIF($AW$8:$AW52,"<>"&BK$3),0) -> 0 | BL52: =IFERROR(INDEX($AU$8:$AU$107,MATCH($AT52,BK$8:BK$107,0),1),"")
D53: =T53 -> 保育士 | I53: =IF(OR(NOT(W53),U53=0),"",U53) | J53: =IF(OR(F53=0,F53=""),"",IF(W53,IF(X53,IF(OR(Y53,V53=3),IF(AD53,IF(OR(AE53,V53=2,V53=3),"○","要常勤"),"時間無"),"重複"),"名簿無"),"対象外")) | L53: =IF(AI53=1,"調整①→",IF(AI53=5,"調整②→",IF(AI53=2,"",IF(AI53=3,"全計上→","エラー")))) | M53: =IF(OR(AND(J53<>"",J53<>"○"),AI53=4),"×",IF(J53="",0,AJ53/$AM$2)) -> 0 | T53: =$BB$6 -> 保育士 | U53: =IFERROR(VLOOKUP($F53,$AU$8:$AX$107,4,FALSE),0) -> 0 | V53: 2 | W53: =ISTEXT(F53) -> FALSE | X53: =COUNTIF(INDIRECT(T53),F53)>0 -> FALSE | Y53: =COUNTIF($AC$21:AC52,AC53)+COUNTIF(AC54:$AC$74,AC53)-COUNTIF(Z53:AB53,AC53)=0 -> FALSE | Z53: - | AA53: - | AB53: - | AC53: =IF(V53=3,0,IFERROR(INDEX($AT$8:$AT$107,MATCH($F53,AU$8:AU$107,0),1),0)) -> 0 | AD53: =U53>0 -> FALSE | AE53: =IFERROR(VLOOKUP($F53,$AU$8:$AX$107,2,FALSE),"")="常勤" -> FALSE | AF53: =IFERROR(VLOOKUP($F53,$AU$8:$AX$107,3,FALSE),"") | AG53: =M53 -> 0 | AH53: 2 | AI53: =IF(AND($W53,$J53="○"),IF($K53="-",IF($U53<IF($AH53=5,$AL$4,$AL$3),$AH53,2),IF($K53=0,IF($U53<IF($AH53=5,$AL$4,$AL$3),IF(OR($AH53=1,$AH53=5),$AH53,3),3),IF(K53<IF($AH53=5,$AL$4,$AL$3),$AH53,IF($K53>$U53,4,2)))),2) -> 2 | AJ53: =IF(AI53=1,$AL$3,IF(AI53=5,$AL$4,IF(AI53=2,IF(K53="-",U53,K53),IF(AI53=3,U53,"×")))) -> 0 | AT53: =ROW()-ROW($AT$7) -> 46 | AU53: =AT53&" "&IF(AW53<>"-",【様式2】職員名簿!B83&"/"&AV53&"/"&AW53,"") -> 46 | AV53: =【様式2】職員名簿!E83 -> 0 | AW53: =IF(【様式2】職員名簿!J83="エラー","-",【様式2】職員名簿!J83) -> - | AX53: =IF($AV53="常勤",$AM$2,IF($AV53="非常勤",【様式2】職員名簿!G83,0)) -> 0 | AY53: =IF($AW53=AY$3,COUNTIF($AW$8:$AW53,AY$3),0) -> 0 | AZ53: =IFERROR(INDEX($AU$8:$AU$107,MATCH($AT53,AY$8:AY$107,0),1),"") | BA53: =IF($AW53=BA$3,COUNTIF($AW$8:$AW53,BA$3),0) -> 0 | BB53: =IFERROR(INDEX($AU$8:$AU$107,MATCH($AT53,BA$8:BA$107,0),1),"") | BC53: =IF($AW53=BC$3,COUNTIFS($AW$8:$AW53,BC$3,$AV$8:$AV53,BC$4),0) -> 0 | BD53: =IFERROR(INDEX($AU$8:$AU$107,MATCH($AT53,BC$8:BC$107,0),1),"") | BE53: =IF($AW53=BE$3,COUNTIF($AW$8:$AW53,BE$3),0) -> 0 | BF53: =IFERROR(INDEX($AU$8:$AU$107,MATCH($AT53,BE$8:BE$107,0),1),"") | BG53: =IF(OR($AW53=BG$3,$AW53=BG$4),COUNTIF($AW$8:$AW53,BG$3)+COUNTIF($AW$8:$AW53,BG$4),0) -> 0 | BH53: =IFERROR(INDEX($AU$8:$AU$107,MATCH($AT53,BG$8:BG$107,0),1),"") | BI53: =IF($AW53=BI$3,COUNTIF($AW$8:$AW53,BI$3),0) -> 0 | BJ53: =IFERROR(INDEX($AU$8:$AU$107,MATCH($AT53,BI$8:BI$107,0),1),"") | BK53: =IF($AW53<>BK$3,COUNTIF($AW$8:$AW53,"<>"&BK$3),0) -> 0 | BL53: =IFERROR(INDEX($AU$8:$AU$107,MATCH($AT53,BK$8:BK$107,0),1),"")
